Workbook

Sheet ЛС-02-01-02
A1: =Source!B1 -> Smeta.RU (495) 974-1589
K2: Форма № 4б
A3: 25МГ-ДПР-2750 — Реконструкция газопровода низкого давления. Электрохимическая защита
A4: (наименование стройки и/или объекта)
A6: =CONCATENATE( "ЛОКАЛЬНАЯ СМЕТА № " ,IF(Source!F12<>"Новый объект", Source!F12, "")) -> ЛОКАЛЬНАЯ СМЕТА № ЛС-02-01-02
A9: (наименование работ и затрат)
A11: =CONCATENATE( "Основание: чертежи № " , Source!J12) -> Основание: чертежи № Технический отчёт АЗ (ТКР.ТО), выписка "ЭХЗ для смет" (16.09), "Объемы ОПС"
I13: В базисном уровне цен | J13: В текущем уровне цен
E14: Сметная стоимость | I14: =I15+I16+I17+I18 -> 20.25 | J14: =J15+J16+J17+J18 -> 582.76 | K14: тыс.руб.
E15: Строительные работы | I15: =ROUND((Source!F271)/1000, 2) -> 20.13 | J15: =ROUND((Source!P271)/1000, 2) -> 579.37 | K15: тыс.руб.
E16: Работы по монтажу оборудования | I16: =ROUND((Source!F272)/1000, 2) -> 0.12 | J16: =ROUND((Source!P272)/1000, 2) -> 3.39 | K16: тыс.руб.
E17: Оборудование | I17: =ROUND((Source!F263)/1000, 2) -> 0 | J17: =ROUND((Source!P263)/1000, 2) -> 0 | K17: тыс.руб.
E18: Прочие работы и затраты | I18: =ROUND((Source!F273+Source!F274)/1000, 2) -> 0 | J18: =ROUND((Source!P273+Source!P274)/1000, 2) -> 0 | K18: тыс.руб.
E19: Средства на оплату труда | I19: =(Source!F269+ Source!F268)/1000 -> 2.91717 | J19: =((Source!P269 + Source!P268)/1000) -> 168.49667 | K19: тыс.руб.
E20: Затраты труда | I20: =Source!F276 -> 247.16528 | K20: чел.-ч.
E21: Кроме того:
E22: Возврат материалов | I22: =SUM(Y1:Y288)/1000 -> 0 | J22: =SUM(Z1:Z288)/1000 -> 0 | K22: тыс.руб.
A24: Составлен(а) по ТСН-2001 с учетом Дополнения №: 82
A25: № и период сборника коэффициентов (индексов) пересчета: Текущий уровень цен, III квартал 2026, выпуск 221 | AP25: № и период сборника коэффициентов (индексов) пересчета: Текущий уровень цен, III квартал 2026, выпуск 221
A26: № п/п | B26: Шифр расценки и коды ресурсов | C26: Наименование работ и затрат | D26: Ед. изм. | E26: Кол-во единиц | F26: Цена на ед. изм., руб. | G26: Попра- вочные коэффи- циенты | H26: Коэффи- циенты зимних удорожа- ний | I26: Всего в ценах на Январь 2000 года, руб. | J26: Коэффи- циенты (индек- сы) пере- счета, нормы НР и СП | K26: ВСЕГО затрат в текущем уровне цен, руб.
A27: 1 | B27: 2 | C27: 3 | D27: 4 | E27: 5 | F27: 6 | G27: 7 | H27: 8 | I27: 9 | J27: 10 | K27: 11
A29: =CONCATENATE("Локальная смета: ",IF(Source!G20<>"Новая локальная смета", Source!G20, "")) -> Локальная смета: Электрохимическая защита
A31: =CONCATENATE("Раздел: ",IF(Source!G24<>"Новый раздел", Source!G24, "")) -> Раздел: Демонтаж колодцев КУ и Гл.А.З (сборный железобетон)
A32: 1 | B32: =Source!F28 -> 3.22-36-1 | C32: Устройство круглых колодцев из сборного железобетона в грунтах сухих | D32: =Source!H28 -> 10 м3 железобетонных и бетонных конструкций колодцев | E32: =Source!I28 -> 0.15 | Q32: =Source!X28 -> 171.15 | R32: =Source!X29 -> 9885.63 | S32: =Source!Y28 -> 102.69 | T32: =Source!Y29 -> 5931.38 | U32: =ROUND((175/100)*ROUND(Source!R28, 2), 2) -> 34.77 | V32: =ROUND((0/100)*ROUND(Source!R29, 2), 2) -> 0 | AC32: 0
C33: ="Объем: "&Source!I28&"=1,5/"&"10" -> Объем: 0,15=1,5/10
C34: ЗП | F34: =Source!AO28 -> 1016.24 | G34: 1,1*0,8 | H34: =Source!AV29 -> 1.067 | I34: =Source!S28 -> 143.13 | J34: =IF(Source!BA29<> 0, Source!BA29, 1) -> 57.76 | K34: =Source!S29 -> 8267.26
C35: ЭМ | F35: =Source!AM28 -> 1135.97 | G35: 1,1*0,8 | H35: =Source!AV29 -> 1.067 | I35: =Source!Q28 -> 159.99 | J35: =IF(Source!BB29<> 0, Source!BB29, 1) -> 16.84 | K35: =Source!Q29 -> 2694.31
C36: в т.ч. ЗПМ | F36: =Source!AN28 -> 141.07 | G36: 1,1*0,8 | H36: =Source!AV29 -> 1.067 | I36: =Source!R28 -> 19.87 | J36: =IF(Source!BS29<> 0, Source!BS29, 1) -> 57.76 | K36: =Source!R29 -> 1147.63
C37: НР от ФОТ | D37: % | E37: =Source!DN29 -> 105 | I37: =SUM(Q32:Q36) -> 171.15 | J37: =Source!BZ29 -> 105 | K37: =SUM(R32:R36) -> 9885.63
C38: СП от ФОТ | D38: % | E38: =Source!DO29 -> 63 | I38: =SUM(S32:S37) -> 102.69 | J38: =Source!CA29 -> 63 | K38: =SUM(T32:T37) -> 5931.38
C39: ЗТР | D39: чел-ч | E39: =Source!AQ28 -> 88.6 | G39: 1,1*0,8 | H39: =Source!AV29 -> 1.067 | I39: =Source!U28 -> 12.478778
C40: ВСЕГО работ по позиции: | H40: =I34+I35+I37+I38+0-0-0 -> 576.96 | J40: =K34+K35+K37+K38+0-0-0 -> 26778.58
C41: ВСЕГО оборудование по позиции: | H41: =0+0 -> 0 | J41: =0+0 -> 0
C42: ВСЕГО по позиции: | H42: =I34+I35+I37+I38+0 -> 576.96 | J42: =K34+K35+K37+K38+0 -> 26778.58 | O42: =I34+I35+I37+I38+0 -> 576.96 | P42: =K34+K35+K37+K38+0 -> 26778.58
A44: 2 | B44: =Source!F30 -> 3.22-36-1 | C44: Устройство круглых колодцев из сборного железобетона в грунтах сухих | D44: =Source!H30 -> 10 м3 железобетонных и бетонных конструкций колодцев | E44: =Source!I30 -> 0.11 | Q44: =Source!X30 -> 125.51 | R44: =Source!X31 -> 7249.46 | S44: =Source!Y30 -> 75.3 | T44: =Source!Y31 -> 4349.68 | U44: =ROUND((175/100)*ROUND(Source!R30, 2), 2) -> 25.5 | V44: =ROUND((0/100)*ROUND(Source!R31, 2), 2) -> 0 | AC44: 0
C45: ЗП | F45: =Source!AO30 -> 1016.24 | G45: 1,1*0,8 | H45: =Source!AV31 -> 1.067 | I45: =Source!S30 -> 104.96 | J45: =IF(Source!BA31<> 0, Source!BA31, 1) -> 57.76 | K45: =Source!S31 -> 6062.66
C46: ЭМ | F46: =Source!AM30 -> 1135.97 | G46: 1,1*0,8 | H46: =Source!AV31 -> 1.067 | I46: =Source!Q30 -> 117.33 | J46: =IF(Source!BB31<> 0, Source!BB31, 1) -> 16.84 | K46: =Source!Q31 -> 1975.83
C47: в т.ч. ЗПМ | F47: =Source!AN30 -> 141.07 | G47: 1,1*0,8 | H47: =Source!AV31 -> 1.067 | I47: =Source!R30 -> 14.57 | J47: =IF(Source!BS31<> 0, Source!BS31, 1) -> 57.76 | K47: =Source!R31 -> 841.59
C48: НР от ФОТ | D48: % | E48: =Source!DN31 -> 105 | I48: =SUM(Q44:Q47) -> 125.51 | J48: =Source!BZ31 -> 105 | K48: =SUM(R44:R47) -> 7249.46
C49: СП от ФОТ | D49: % | E49: =Source!DO31 -> 63 | I49: =SUM(S44:S48) -> 75.3 | J49: =Source!CA31 -> 63 | K49: =SUM(T44:T48) -> 4349.68
C50: ЗТР | D50: чел-ч | E50: =Source!AQ30 -> 88.6 | G50: 1,1*0,8 | H50: =Source!AV31 -> 1.067 | I50: =Source!U30 -> 9.1511042
C51: ВСЕГО работ по позиции: | H51: =I45+I46+I48+I49+0-0-0 -> 423.1 | J51: =K45+K46+K48+K49+0-0-0 -> 19637.63
C52: ВСЕГО оборудование по позиции: | H52: =0+0 -> 0 | J52: =0+0 -> 0
C53: ВСЕГО по позиции: | H53: =I45+I46+I48+I49+0 -> 423.1 | J53: =K45+K46+K48+K49+0 -> 19637.63 | O53: =I45+I46+I48+I49+0 -> 423.1 | P53: =K45+K46+K48+K49+0 -> 19637.63
A55: 3 | B55: =Source!F32 -> 3.22-36-1 | C55: Устройство круглых колодцев из сборного железобетона в грунтах сухих | D55: =Source!H32 -> 10 м3 железобетонных и бетонных конструкций колодцев | E55: =Source!I32 -> 0.022 | Q55: =Source!X32 -> 25.1 | R55: =Source!X33 -> 1449.89 | S55: =Source!Y32 -> 15.06 | T55: =Source!Y33 -> 869.94 | U55: =ROUND((175/100)*ROUND(Source!R32, 2), 2) -> 5.09 | V55: =ROUND((0/100)*ROUND(Source!R33, 2), 2) -> 0 | AC55: 0
C56: ="Объем: "&Source!I32&"=0,22/"&"10" -> Объем: 0,022=0,22/10
C57: ЗП | F57: =Source!AO32 -> 1016.24 | G57: 1,1*0,8 | H57: =Source!AV33 -> 1.067 | I57: =Source!S32 -> 20.99 | J57: =IF(Source!BA33<> 0, Source!BA33, 1) -> 57.76 | K57: =Source!S33 -> 1212.53
C58: ЭМ | F58: =Source!AM32 -> 1135.97 | G58: 1,1*0,8 | H58: =Source!AV33 -> 1.067 | I58: =Source!Q32 -> 23.47 | J58: =IF(Source!BB33<> 0, Source!BB33, 1) -> 16.84 | K58: =Source!Q33 -> 395.17
C59: в т.ч. ЗПМ | F59: =Source!AN32 -> 141.07 | G59: 1,1*0,8 | H59: =Source!AV33 -> 1.067 | I59: =Source!R32 -> 2.91 | J59: =IF(Source!BS33<> 0, Source!BS33, 1) -> 57.76 | K59: =Source!R33 -> 168.32
C60: НР от ФОТ | D60: % | E60: =Source!DN33 -> 105 | I60: =SUM(Q55:Q59) -> 25.1 | J60: =Source!BZ33 -> 105 | K60: =SUM(R55:R59) -> 1449.89
C61: СП от ФОТ | D61: % | E61: =Source!DO33 -> 63 | I61: =SUM(S55:S60) -> 15.06 | J61: =Source!CA33 -> 63 | K61: =SUM(T55:T60) -> 869.94
C62: ЗТР | D62: чел-ч | E62: =Source!AQ32 -> 88.6 | G62: 1,1*0,8 | H62: =Source!AV33 -> 1.067 | I62: =Source!U32 -> 1.8302208
C63: ВСЕГО работ по позиции: | H63: =I57+I58+I60+I61+0-0-0 -> 84.62 | J63: =K57+K58+K60+K61+0-0-0 -> 3927.53
C64: ВСЕГО оборудование по позиции: | H64: =0+0 -> 0 | J64: =0+0 -> 0
C65: ВСЕГО по позиции: | H65: =I57+I58+I60+I61+0 -> 84.62 | J65: =K57+K58+K60+K61+0 -> 3927.53 | O65: =I57+I58+I60+I61+0 -> 84.62 | P65: =K57+K58+K60+K61+0 -> 3927.53
A68: =CONCATENATE("Итого по разделу: ",IF(Source!G35<>"Новый раздел", Source!G35, "")) -> Итого по разделу: Демонтаж колодцев КУ и Гл.А.З (сборный железобетон) | I68: =SUM(O31:O67) -> 1084.68 | J68: =SUM(P31:P67) -> 50343.74 | AQ68: =CONCATENATE("Итого по разделу: ",IF(Source!G35<>"Новый раздел", Source!G35, "")) -> Итого по разделу: Демонтаж колодцев КУ и Гл.А.З (сборный железобетон)
A69: Итого по ТСН-2001.16 | I69: =SUM(W31:W68) -> 0 | J69: =SUM(X31:X68) -> 0
A70: Итого возвратных сумм | I70: =SUM(Y31:Y69) -> 0 | J70: =SUM(Z31:Z69) -> 0
A72: =CONCATENATE("Раздел: ",IF(Source!G65<>"Новый раздел", Source!G65, "")) -> Раздел: Демонтаж станций катодной защиты
A73: 4 | B73: =Source!F69 -> 3.24-28-1 | C73: Установка станций катодно-сетевых КСС-1200 на фундаменте (без стоимости станции и сборного железобетона) | D73: =Source!H69 -> 1 станция | E73: =Source!I69 -> 2 | Q73: =Source!X69 -> 1862.77 | R73: =Source!X70 -> 107593.86 | S73: =Source!Y69 -> 1117.66 | T73: =Source!Y70 -> 64556.31 | U73: =ROUND((175/100)*ROUND(Source!R69, 2), 2) -> 203.6 | V73: =ROUND((0/100)*ROUND(Source!R70, 2), 2) -> 0 | AC73: 0
C74: ЗП | F74: =Source!AO69 -> 1177 | G74: 1,1*0,6 | H74: =Source!AV70 -> 1.067 | I74: =Source!S69 -> 1657.73 | J74: =IF(Source!BA70<> 0, Source!BA70, 1) -> 57.76 | K74: =Source!S70 -> 95750.71
C75: ЭМ | F75: =Source!AM69 -> 1007.56 | G75: 1,1*0,6 | H75: =Source!AV70 -> 1.067 | I75: =Source!Q69 -> 1419.09 | J75: =IF(Source!BB70<> 0, Source!BB70, 1) -> 14.84 | K75: =Source!Q70 -> 21059.26
C76: в т.ч. ЗПМ | F76: =Source!AN69 -> 82.6 | G76: 1,1*0,6 | H76: =Source!AV70 -> 1.067 | I76: =Source!R69 -> 116.34 | J76: =IF(Source!BS70<> 0, Source!BS70, 1) -> 57.76 | K76: =Source!R70 -> 6719.63
C77: НР от ФОТ | D77: % | E77: =Source!DN70 -> 105 | I77: =SUM(Q73:Q76) -> 1862.77 | J77: =Source!BZ70 -> 105 | K77: =SUM(R73:R76) -> 107593.86
C78: СП от ФОТ | D78: % | E78: =Source!DO70 -> 63 | I78: =SUM(S73:S77) -> 1117.66 | J78: =Source!CA70 -> 63 | K78: =SUM(T73:T77) -> 64556.31
C79: ЗТР | D79: чел-ч | E79: =Source!AQ69 -> 110 | G79: 1,1*0,6 | H79: =Source!AV70 -> 1.067 | I79: =Source!U69 -> 154.9284
C80: ВСЕГО работ по позиции: | H80: =I74+I75+I77+I78+0-0-0 -> 6057.25 | J80: =K74+K75+K77+K78+0-0-0 -> 288960.14
C81: ВСЕГО оборудование по позиции: | H81: =0+0 -> 0 | J81: =0+0 -> 0
C82: ВСЕГО по позиции: | H82: =I74+I75+I77+I78+0 -> 6057.25 | J82: =K74+K75+K77+K78+0 -> 288960.14 | O82: =I74+I75+I77+I78+0 -> 6057.25 | P82: =K74+K75+K77+K78+0 -> 288960.14
A85: =CONCATENATE("Итого по разделу: ",IF(Source!G72<>"Новый раздел", Source!G72, "")) -> Итого по разделу: Демонтаж станций катодной защиты | I85: =SUM(O72:O84) -> 6057.25 | J85: =SUM(P72:P84) -> 288960.14
A86: Итого по ТСН-2001.16 | I86: =SUM(W72:W85) -> 0 | J86: =SUM(X72:X85) -> 0
A87: Итого возвратных сумм | I87: =SUM(Y72:Y86) -> 0 | J87: =SUM(Z72:Z86) -> 0
A89: =CONCATENATE("Раздел: ",IF(Source!G102<>"Новый раздел", Source!G102, "")) -> Раздел: Протекторная защита - новые участки
A90: 5 | B90: =Source!F106 -> 3.24-30-1 | C90: Установка протектора одиночного, упакованного в порошкообразном активаторе, с земляными работами, разборкой и восстановлением изоляции (без стоимости протектора) | D90: =Source!H106 -> 1 протектор | E90: =Source!I106 -> 4 | Q90: =Source!X106 -> 808.83 | R90: =Source!X107 -> 46718.12 | S90: =Source!Y106 -> 511.57 | T90: =Source!Y107 -> 29548.21 | U90: =ROUND((175/100)*ROUND(Source!R106, 2), 2) -> 168.6 | V90: =ROUND((0/100)*ROUND(Source!R107, 2), 2) -> 0 | AC90: 0
C91: ЗП | F91: =Source!AO106 -> 126.73 | G91: 1,1 | H91: =Source!AV107 -> 1.067 | I91: =Source!S106 -> 594.97 | J91: =IF(Source!BA107<> 0, Source!BA107, 1) -> 57.76 | K91: =Source!S107 -> 34365.58
C92: ЭМ | F92: =Source!AM106 -> 197.63 | G92: 1,1 | H92: =Source!AV107 -> 1.067 | I92: =Source!Q106 -> 927.83 | J92: =IF(Source!BB107<> 0, Source!BB107, 1) -> 14.7 | K92: =Source!Q107 -> 13639.15
C93: в т.ч. ЗПМ | F93: =Source!AN106 -> 20.52 | G93: 1,1 | H93: =Source!AV107 -> 1.067 | I93: =Source!R106 -> 96.34 | J93: =IF(Source!BS107<> 0, Source!BS107, 1) -> 57.76 | K93: =Source!R107 -> 5564.44
C94: МР | F94: =Source!AL106 -> 37.04 | H94: =Source!AW107 -> 1.003 | I94: =Source!P106 -> 148.6 | J94: =IF(Source!BC107<> 0, Source!BC107, 1) -> 9.78 | K94: =Source!P107 -> 1453.35
C95: НР от ФОТ | D95: % | E95: =Source!DN107 -> 117 | I95: =SUM(Q90:Q94) -> 808.83 | J95: =Source!BZ107 -> 117 | K95: =SUM(R90:R94) -> 46718.12
C96: СП от ФОТ | D96: % | E96: =Source!DO107 -> 74 | I96: =SUM(S90:S95) -> 511.57 | J96: =Source!CA107 -> 74 | K96: =SUM(T90:T95) -> 29548.21
C97: ЗТР | D97: чел-ч | E97: =Source!AQ106 -> 12.4 | G97: 1,1 | H97: =Source!AV107 -> 1.067 | I97: =Source!U106 -> 58.21552
C98: ВСЕГО работ по позиции: | H98: =I91+I92+I94+I95+I96+0-0-0 -> 2991.8 | J98: =K91+K92+K94+K95+K96+0-0-0 -> 125724.41
C99: ВСЕГО оборудование по позиции: | H99: =0+0 -> 0 | J99: =0+0 -> 0
C100: ВСЕГО по позиции: | H100: =I91+I92+I94+I95+I96+0 -> 2991.8 | J100: =K91+K92+K94+K95+K96+0 -> 125724.41 | O100: =I91+I92+I94+I95+I96+0 -> 2991.8 | P100: =K91+K92+K94+K95+K96+0 -> 125724.41
A102: 6 | B102: =Source!F108 -> 1.1-1-8117 | C102: Патрон термитный типа ПАС-16 | D102: =Source!H108 -> 10 шт. | E102: =Source!I108 -> 0.4 | Q102: =Source!X108 -> 0 | R102: =Source!X109 -> 0 | S102: =Source!Y108 -> 0 | T102: =Source!Y109 -> 0 | U102: =ROUND((175/100)*ROUND(Source!R108, 2), 2) -> 0 | V102: =ROUND((0/100)*ROUND(Source!R109, 2), 2) -> 0 | AC102: 0
C103: ="Объем: "&Source!I108&"=4/"&"10" -> Объем: 0,4=4/10
C104: МР | F104: =Source!AL108 -> 261.11 | H104: =Source!AW109 -> 1 | I104: =Source!P108 -> 104.44 | J104: =IF(Source!BC109<> 0, Source!BC109, 1) -> 9.55 | K104: =Source!P109 -> 997.44
C105: ВСЕГО работ по позиции: | H105: =I104+0-0-0 -> 104.44 | J105: =K104+0-0-0 -> 997.44
C106: ВСЕГО оборудование по позиции: | H106: =0+0 -> 0 | J106: =0+0 -> 0
C107: ВСЕГО по позиции: | H107: =I104+0 -> 104.44 | J107: =K104+0 -> 997.44 | O107: =I104+0 -> 104.44 | P107: =K104+0 -> 997.44
A109: 7 | B109: =Source!F110 -> 1.1-1-8131 | C109: Спичка термитная | D109: =Source!H110 -> 100 шт. | E109: =Source!I110 -> 0.04 | Q109: =Source!X110 -> 0 | R109: =Source!X111 -> 0 | S109: =Source!Y110 -> 0 | T109: =Source!Y111 -> 0 | U109: =ROUND((175/100)*ROUND(Source!R110, 2), 2) -> 0 | V109: =ROUND((0/100)*ROUND(Source!R111, 2), 2) -> 0 | AC109: 0
C110: ="Объем: "&Source!I110&"=4/"&"100" -> Объем: 0,04=4/100
C111: МР | F111: =Source!AL110 -> 382.16 | H111: =Source!AW111 -> 1 | I111: =Source!P110 -> 15.29 | J111: =IF(Source!BC111<> 0, Source!BC111, 1) -> 6.94 | K111: =Source!P111 -> 106.09
C112: ВСЕГО работ по позиции: | H112: =I111+0-0-0 -> 15.29 | J112: =K111+0-0-0 -> 106.09
C113: ВСЕГО оборудование по позиции: | H113: =0+0 -> 0 | J113: =0+0 -> 0
C114: ВСЕГО по позиции: | H114: =I111+0 -> 15.29 | J114: =K111+0 -> 106.09 | O114: =I111+0 -> 15.29 | P114: =K111+0 -> 106.09
A116: 8 | B116: =Source!F112 -> 3.24-23-2 | C116: Устройство контрольного пункта (применительно) | D116: =Source!H112 -> 1 ШТ. | E116: =Source!I112 -> 2 | Q116: =Source!X112 -> 79.15 | R116: =Source!X113 -> 4571.88 | S116: =Source!Y112 -> 50.06 | T116: =Source!Y113 -> 2891.62 | U116: =ROUND((175/100)*ROUND(Source!R112, 2), 2) -> 7.26 | V116: =ROUND((0/100)*ROUND(Source!R113, 2), 2) -> 0 | AC116: 0
C117: ЗП | F117: =Source!AO112 -> 27.05 | G117: 1,1 | H117: =Source!AV113 -> 1.067 | I117: =Source!S112 -> 63.5 | J117: =IF(Source!BA113<> 0, Source!BA113, 1) -> 57.76 | K117: =Source!S113 -> 3667.6
C118: ЭМ | F118: =Source!AM112 -> 11.65 | G118: 1,1 | H118: =Source!AV113 -> 1.067 | I118: =Source!Q112 -> 27.35 | J118: =IF(Source!BB113<> 0, Source!BB113, 1) -> 18.01 | K118: =Source!Q113 -> 492.52
C119: в т.ч. ЗПМ | F119: =Source!AN112 -> 1.77 | G119: 1,1 | H119: =Source!AV113 -> 1.067 | I119: =Source!R112 -> 4.15 | J119: =IF(Source!BS113<> 0, Source!BS113, 1) -> 57.76 | K119: =Source!R113 -> 239.99
...

Sheet Source
A1: 0 | B1: Smeta.RU (495) 974-1589 | D1: _PS_ | F1: 0 | G1: 0 | H1: 0 | I1: Smeta.RU | K1: 1 | L1: 76812 | M1: 10 | N1: 12 | O1: 2 | P1: 0 | Q1: 1
A4: 8 | B4: 1 | C4: -1 | F4: 25МГ-ДПР-2750 | G4: 25МГ-ДПР-2750 — Реконструкция газопровода низкого давления | EC4: 0
A12: 1 | B12: 289 | C12: 0 | D12: =ROW(A254) -> 254 | E12: 0 | F12: ЛС-02-01-02 | G12: Электрохимическая защита | I12: 0 | J12: Технический отчёт АЗ (ТКР.ТО), выписка "ЭХЗ для смет" (16.09), "Объемы ОПС" | K12: 0 | L12: 0 | M12: 2 | O12: 2026 | P12: 7 | Q12: 0 | R12: 0 | S12: 0 | T12: 1 | U12: Основание:Технический отчёт АЗ (ТКР.ТО), выписка "ЭХЗ для смет" (16.09), "Объемы ОПС" Уровень цен:3 кв 2026 Нормативные индексы ТСН:№ 221 III квартал 2026 Регион:ТСН-2001 г. Москвы (с доп.1-82) | V12: 2 | BB12: 0 | BH12: Сметные нормы списания | BI12: Коды ОКП для ТСН-2001 МГЭ | BJ12: 1 | BK12: 1 | BL12: 0 | BM12: 0 | BN12: 1 | BO12: 0 | BP12: -1 | BQ12: 2 | BR12: 1 | BS12: 0 | BT12: 0 | BU12: 0 | BV12: 0 | BW12: 0 | BX12: 0 | BZ12: Типовой расчет для ТСН-2001 МГЭ, Новая методика с выпуска доп. 43 (Строительство), Доп 64 | CA12: Территориальные сметные нормативы для Москвы ТСН-2001 (МГЭ) | CB12: Территориальные сметные нормативы для Москвы ТСН-2001 (МГЭ) | CC12: Территориальные сметные нормативы для Москвы ТСН-2001 (МГЭ) | CD12: Территориальные сметные нормативы для Москвы ТСН-2001 (МГЭ) | CE12: Поправки для ТСН-2001 от 15.07.2022 г. доп.65 | CF12: 0 | CG12: 0 | CH12: 524296 | CK12: 82 | CQ12: Территориальные сметные нормативы для Москвы (ТСН-2001) | CR12: ТЕР | CS12: 41660 | CT12: 1 | CU12: 72 | CY12: 0 | EC12: 0
A15: 15 | B15: 1
A18: 52 | B18: =B254 -> 289 | C18: =C254 -> 1 | D18: =D254 -> 12 | E18: =E254 -> 0 | F18: =F254 -> ЛС-02-01-02 | G18: =G254 -> Электрохимическая защита | O18: =O254 -> 15157.06 | P18: =P254 -> 9673 | Q18: =Q254 -> 2839.14 | R18: =R254 -> 272.25 | S18: =S254 -> 2644.92 | T18: =T254 -> 0 | U18: =U254 -> 247.16528 | V18: =V254 -> 0 | ... GX18: =GX254 -> 0
A20: 3 | B20: 1 | D20: =ROW(A224) -> 224 | F20: ЛС-02-01-02 | G20: Электрохимическая защита | I20: 0 | K20: 0 | L20: ЛС-02-01-02 | S20: 0 | T20: 0 | U20: Электрохимическая защита | V20: 2 | BX20: 0 | CF20: 0 | CG20: 0
A22: 52 | B22: =B224 -> 1 | C22: =C224 -> 3 | D22: =D224 -> 20 | E22: =E224 -> 0 | F22: =F224 -> ЛС-02-01-02 | G22: =G224 -> Электрохимическая защита | O22: =O224 -> 15157.06 | P22: =P224 -> 9673 | Q22: =Q224 -> 2839.14 | R22: =R224 -> 272.25 | S22: =S224 -> 2644.92 | T22: =T224 -> 0 | U22: =U224 -> 247.16528 | V22: =V224 -> 0 | ... GX22: =GX224 -> 0
A24: 4 | B24: 1 | D24: =ROW(A35) -> 35 | F24: 1 | G24: Демонтаж колодцев КУ и Гл.А.З (сборный железобетон) | I24: 0 | K24: -1 | S24: 0 | T24: 0 | V24: 2 | BX24: 0 | CJ24: 0
A26: 52 | B26: =B35 -> 1 | C26: =C35 -> 4 | D26: =D35 -> 24 | E26: =E35 -> 0 | F26: =F35 -> 1 | G26: =G35 -> Демонтаж колодцев КУ и Гл.А.З (сборный железобетон) | O26: =O35 -> 569.87 | P26: =P35 -> 0 | Q26: =Q35 -> 300.79 | R26: =R35 -> 37.35 | S26: =S35 -> 269.08 | T26: =T35 -> 0 | U26: =U35 -> 23.460103 | V26: =V35 -> 0 | ... GX26: =GX35 -> 0
A28: 17 | B28: 1 | C28: =ROW(SmtRes!A13) -> 13 | D28: =ROW(EtalonRes!A13) -> 13 | E28: 1 | F28: 3.22-36-1 | G28: Устройство круглых колодцев из сборного железобетона в грунтах сухих | H28: 10 м3 железобетонных и бетонных конструкций колодцев | I28: =ROUND(1.5/10,9) -> 0.15 | J28: 0 | K28: =ROUND(1.5/10,9) -> 0.15 | O28: =ROUND(CP28,2) -> 303.12 | P28: =ROUND(CQ28*I28,2) -> 0 | Q28: =ROUND(CR28*I28,2) -> 159.99 | R28: =ROUND(CS28*I28,2) -> 19.87 | S28: =ROUND(CT28*I28,2) -> 143.13 | T28: =ROUND(CU28*I28,2) -> 0 | U28: =CV28*I28 -> 12.478778 | V28: =CW28*I28 -> 0 | W28: =ROUND(CX28*I28,2) -> 0 | X28: =ROUND(CY28,2) -> 171.15 | Y28: =ROUND(CZ28,2) -> 102.69 | AA28: 86497921 | AB28: =(AC28+AD28+AF28) -> 1893.9448 | AC28: =((ES28*0)) -> 0 | AD28: =((ET28*1.1*0.8)) -> 999.6536 | AE28: =((EU28*1.1*0.8)) -> 124.1416 | AF28: =((EV28*1.1*0.8)) -> 894.2912 | AG28: =(AP28) -> 0 | AH28: =((EW28*1.1*0.8)) -> 77.968 | AI28: =((EX28*1.1*0.8)) -> 0 | AJ28: =(AS28) -> 0 | AK28: 0 | AL28: 4172.77 | AM28: 1135.97 | AN28: 141.07 | AO28: 1016.24 | AP28: 0 | AQ28: 88.6 | AR28: 0 | AS28: 0 | AT28: 105 | AU28: 63 | AV28: 1.067 | AW28: 1.003 | AZ28: 1 | BA28: 1 | BB28: 1 | BC28: 1 | BH28: 0 | BI28: 1 | BJ28: 3.22-36-1 | BM28: 140 | BN28: 0 | BO28: 3.22-36-1 | BP28: 1 | BQ28: 30 | BR28: 0 | BS28: 1 | BT28: 1 | BU28: 1 | BV28: 1 | BW28: 1 | BX28: 1 | BZ28: 105 | CA28: 63 | CE28: 0 | CF28: 0 | CG28: 0 | CM28: 0 | CN28: Поправка:стеснённые условия, пп. "в" Поправка:При демонтаже сборных железобетонных и бетонных конструкций | CO28: 0 | CP28: =(P28+Q28+S28) -> 303.12 | CQ28: =(AC28*BC28*AW28) -> 0 | CR28: =(((ET28*1.1*0.8))*BB28*AV28) -> 1066.6304 | CS28: =(AE28*BS28*AV28) -> 132.45909 | CT28: =(AF28*BA28*AV28) -> 954.20871 | CU28: =AG28 -> 0 | CV28: =(AH28*AV28) -> 83.191856 | CW28: =AI28 -> 0 | CX28: =AJ28 -> 0 | CY28: =(((S28+R28)*BZ28)/100) -> 171.15 | CZ28: =(((S28+R28)*CA28)/100) -> 102.69 | DD28: *0 | DE28: *1,1*0,8 | DF28: *1,1*0,8 | DG28: *1,1*0,8 | DI28: *1,1*0,8 | DJ28: *1,1*0,8 | DN28: 0 | DO28: 0 | DP28: 1 | DQ28: 1 | DU28: 1013 | DV28: 10 м3 железобетонных и бетонных конструкций колодцев | DW28: 10 м3 железобетонных и бетонных конструкций колодцев | DX28: 1 | EE28: 86330768 | EF28: 30 | EG28: Строительные работы | EH28: 0 | EJ28: 1 | EK28: 140 | EL28: ТСН-2001.3-22. 22-7...22-61 | EM28: ТСН-2001.3-22-1 | EO28: Попр.12.00.01.11.003 Попр.06.00.01.35.001 | EQ28: 0 | ER28: 0 | ES28: 4172.77 | ET28: 1135.97 | EU28: 141.07 | EV28: 1016.24 | EW28: 88.6 | EX28: 0 | EY28: 0 | FQ28: 0 | FR28: 0 | FS28: 0 | FX28: 105 | FY28: 63 | GD28: 1 | GF28: 1531655653 | GG28: 2 | GH28: 0 | GI28: -2 | GJ28: 0 | GK28: 0 | GL28: =ROUND(IF(AND(BH28=3,BI28=3,FS28<>0),P28,0),2) -> 0 | GM28: =ROUND(O28+X28+Y28,2)+GX28 -> 576.96 | GN28: =IF(OR(BI28=0,BI28=1),GM28-GX28,0) -> 576.96 | GO28: =IF(BI28=2,GM28-GX28,0) -> 0 | GP28: =IF(BI28=4,GM28-GX28,0) -> 0 | GR28: 0 | GS28: 3 | GT28: 0 | GV28: =(GT28) -> 0 | GW28: 1 | GX28: =ROUND(HC28*I28,2) -> 0 | HA28: 0 | HB28: 0 | HC28: =GV28*GW28 -> 0 | HS28: 0 | IK28: 0
A29: 17 | B29: 1 | C29: =ROW(SmtRes!A26) -> 26 | D29: =ROW(EtalonRes!A26) -> 26 | E29: 1 | F29: 3.22-36-1 | G29: Устройство круглых колодцев из сборного железобетона в грунтах сухих | H29: 10 м3 железобетонных и бетонных конструкций колодцев | I29: =ROUND(1.5/10,9) -> 0.15 | J29: 0 | K29: =ROUND(1.5/10,9) -> 0.15 | O29: =ROUND(CP29,2) -> 10961.57 | P29: =ROUND(CQ29*I29,2) -> 0 | Q29: =ROUND(CR29*I29,2) -> 2694.31 | R29: =ROUND(CS29*I29,2) -> 1147.63 | S29: =ROUND(CT29*I29,2) -> 8267.26 | T29: =ROUND(CU29*I29,2) -> 0 | U29: =CV29*I29 -> 12.478778 | V29: =CW29*I29 -> 0 | W29: =ROUND(CX29*I29,2) -> 0 | X29: =ROUND(CY29,2) -> 9885.63 | Y29: =ROUND(CZ29,2) -> 5931.38 | AA29: 86497922 | AB29: =(AC29+AD29+AF29) -> 1893.9448 | AC29: =((ES29*0)) -> 0 | AD29: =((ET29*1.1*0.8)) -> 999.6536 | AE29: =((EU29*1.1*0.8)) -> 124.1416 | AF29: =((EV29*1.1*0.8)) -> 894.2912 | AG29: =(AP29) -> 0 | AH29: =((EW29*1.1*0.8)) -> 77.968 | AI29: =((EX29*1.1*0.8)) -> 0 | AJ29: =(AS29) -> 0 | AK29: 0 | AL29: 4172.77 | AM29: 1135.97 | AN29: 141.07 | AO29: 1016.24 | AP29: 0 | AQ29: 88.6 | AR29: 0 | AS29: 0 | AT29: 105 | AU29: 63 | AV29: 1.067 | AW29: 1.003 | AZ29: 1 | BA29: 57.76 | BB29: 16.84 | BC29: 13.35 | BH29: 0 | BI29: 1 | BJ29: 3.22-36-1 | BM29: 140 | BN29: 0 | BO29: 3.22-36-1 | BP29: 1 | BQ29: 30 | BR29: 0 | BS29: 57.76 | BT29: 1 | BU29: 1 | BV29: 1 | BW29: 1 | BX29: 1 | BZ29: 105 | CA29: 63 | CE29: 0 | CF29: 0 | CG29: 0 | CM29: 0 | CN29: Поправка:стеснённые условия, пп. "в" Поправка:При демонтаже сборных железобетонных и бетонных конструкций | CO29: 0 | CP29: =(P29+Q29+S29) -> 10961.57 | CQ29: =(AC29*BC29*AW29) -> 0 | CR29: =(((ET29*1.1*0.8))*BB29*AV29) -> 17962.056 | CS29: =(AE29*BS29*AV29) -> 7650.8369 | CT29: =(AF29*BA29*AV29) -> 55115.095 | CU29: =AG29 -> 0 | CV29: =(AH29*AV29) -> 83.191856 | CW29: =AI29 -> 0 | CX29: =AJ29 -> 0 | CY29: =(S29+R29)*(BZ29/100) -> 9885.6345 | CZ29: =(S29+R29)*(CA29/100) -> 5931.3807 | DD29: *0 | DE29: *1,1*0,8 | DF29: *1,1*0,8 | DG29: *1,1*0,8 | DI29: *1,1*0,8 | DJ29: *1,1*0,8 | DN29: 105 | DO29: 63 | DP29: 1 | DQ29: 1 | DU29: 1013 | DV29: 10 м3 железобетонных и бетонных конструкций колодцев | DW29: 10 м3 железобетонных и бетонных конструкций колодцев | DX29: 1 | EE29: 86330768 | EF29: 30 | EG29: Строительные работы | EH29: 0 | EJ29: 1 | EK29: 140 | EL29: ТСН-2001.3-22. 22-7...22-61 | EM29: ТСН-2001.3-22-1 | EO29: Попр.12.00.01.11.003 Попр.06.00.01.35.001 | EQ29: 0 | ER29: 0 | ES29: 4172.77 | ET29: 1135.97 | EU29: 141.07 | EV29: 1016.24 | EW29: 88.6 | EX29: 0 | EY29: 0 | FQ29: 0 | FR29: 0 | FS29: 0 | FX29: 105 | FY29: 63 | GD29: 1 | GF29: 1531655653 | GG29: 2 | GH29: 0 | GI29: -2 | GJ29: 0 | GK29: 0 | GL29: =ROUND(IF(AND(BH29=3,BI29=3,FS29<>0),P29,0),2) -> 0 | GM29: =ROUND(O29+X29+Y29,2)+GX29 -> 26778.58 | GN29: =IF(OR(BI29=0,BI29=1),GM29-GX29,0) -> 26778.58 | GO29: =IF(BI29=2,GM29-GX29,0) -> 0 | GP29: =IF(BI29=4,GM29-GX29,0) -> 0 | GR29: 0 | GS29: 3 | GT29: 0 | GV29: =(GT29) -> 0 | GW29: 13.35 | GX29: =ROUND(HC29*I29,2) -> 0 | HA29: 0 | HB29: 0 | HC29: =GV29*GW29 -> 0 | HS29: 0 | IK29: 0
A30: 17 | B30: 1 | C30: =ROW(SmtRes!A39) -> 39 | D30: =ROW(EtalonRes!A39) -> 39 | E30: 2 | F30: 3.22-36-1 | G30: Устройство круглых колодцев из сборного железобетона в грунтах сухих | H30: 10 м3 железобетонных и бетонных конструкций колодцев | I30: =ROUND(0.11,9) -> 0.11 | J30: 0 | K30: =ROUND(0.11,9) -> 0.11 | O30: =ROUND(CP30,2) -> 222.29 | P30: =ROUND(CQ30*I30,2) -> 0 | Q30: =ROUND(CR30*I30,2) -> 117.33 | R30: =ROUND(CS30*I30,2) -> 14.57 | S30: =ROUND(CT30*I30,2) -> 104.96 | T30: =ROUND(CU30*I30,2) -> 0 | U30: =CV30*I30 -> 9.1511042 | V30: =CW30*I30 -> 0 | W30: =ROUND(CX30*I30,2) -> 0 | X30: =ROUND(CY30,2) -> 125.51 | Y30: =ROUND(CZ30,2) -> 75.3 | AA30: 86497921 | AB30: =(AC30+AD30+AF30) -> 1893.9448 | AC30: =((ES30*0)) -> 0 | AD30: =((ET30*1.1*0.8)) -> 999.6536 | AE30: =((EU30*1.1*0.8)) -> 124.1416 | AF30: =((EV30*1.1*0.8)) -> 894.2912 | AG30: =(AP30) -> 0 | AH30: =((EW30*1.1*0.8)) -> 77.968 | AI30: =((EX30*1.1*0.8)) -> 0 | AJ30: =(AS30) -> 0 | AK30: 0 | AL30: 4172.77 | AM30: 1135.97 | AN30: 141.07 | AO30: 1016.24 | AP30: 0 | AQ30: 88.6 | AR30: 0 | AS30: 0 | AT30: 105 | AU30: 63 | AV30: 1.067 | AW30: 1.003 | AZ30: 1 | BA30: 1 | BB30: 1 | BC30: 1 | BH30: 0 | BI30: 1 | BJ30: 3.22-36-1 | BM30: 140 | BN30: 0 | BO30: 3.22-36-1 | BP30: 1 | BQ30: 30 | BR30: 0 | BS30: 1 | BT30: 1 | BU30: 1 | BV30: 1 | BW30: 1 | BX30: 1 | BZ30: 105 | CA30: 63 | CE30: 0 | CF30: 0 | CG30: 0 | CM30: 0 | CN30: Поправка:стеснённые условия, пп. "в" Поправка:При демонтаже сборных железобетонных и бетонных конструкций | CO30: 0 | CP30: =(P30+Q30+S30) -> 222.29 | CQ30: =(AC30*BC30*AW30) -> 0 | CR30: =(((ET30*1.1*0.8))*BB30*AV30) -> 1066.6304 | CS30: =(AE30*BS30*AV30) -> 132.45909 | CT30: =(AF30*BA30*AV30) -> 954.20871 | CU30: =AG30 -> 0 | CV30: =(AH30*AV30) -> 83.191856 | CW30: =AI30 -> 0 | CX30: =AJ30 -> 0 | CY30: =(((S30+R30)*BZ30)/100) -> 125.5065 | CZ30: =(((S30+R30)*CA30)/100) -> 75.3039 | DD30: *0 | DE30: *1,1*0,8 | DF30: *1,1*0,8 | DG30: *1,1*0,8 | DI30: *1,1*0,8 | DJ30: *1,1*0,8 | DN30: 0 | DO30: 0 | DP30: 1 | DQ30: 1 | DU30: 1013 | DV30: 10 м3 железобетонных и бетонных конструкций колодцев | DW30: 10 м3 железобетонных и бетонных конструкций колодцев | DX30: 1 | EE30: 86330768 | EF30: 30 | EG30: Строительные работы | EH30: 0 | EJ30: 1 | EK30: 140 | EL30: ТСН-2001.3-22. 22-7...22-61 | EM30: ТСН-2001.3-22-1 | EO30: Попр.12.00.01.11.003 Попр.06.00.01.35.001 | EQ30: 0 | ER30: 0 | ES30: 4172.77 | ET30: 1135.97 | EU30: 141.07 | EV30: 1016.24 | EW30: 88.6 | EX30: 0 | EY30: 0 | FQ30: 0 | FR30: 0 | FS30: 0 | FX30: 105 | FY30: 63 | GD30: 1 | GF30: 1693447855 | GG30: 2 | GH30: 0 | GI30: -2 | GJ30: 0 | GK30: 0 | GL30: =ROUND(IF(AND(BH30=3,BI30=3,FS30<>0),P30,0),2) -> 0 | GM30: =ROUND(O30+X30+Y30,2)+GX30 -> 423.1 | GN30: =IF(OR(BI30=0,BI30=1),GM30-GX30,0) -> 423.1 | GO30: =IF(BI30=2,GM30-GX30,0) -> 0 | GP30: =IF(BI30=4,GM30-GX30,0) -> 0 | GR30: 0 | GS30: 3 | GT30: 0 | GV30: =(GT30) -> 0 | GW30: 1 | GX30: =ROUND(HC30*I30,2) -> 0 | HA30: 0 | HB30: 0 | HC30: =GV30*GW30 -> 0 | HS30: 0 | IK30: 0
A31: 17 | B31: 1 | C31: =ROW(SmtRes!A52) -> 52 | D31: =ROW(EtalonRes!A52) -> 52 | E31: 2 | F31: 3.22-36-1 | G31: Устройство круглых колодцев из сборного железобетона в грунтах сухих | H31: 10 м3 железобетонных и бетонных конструкций колодцев | I31: =ROUND(0.11,9) -> 0.11 | J31: 0 | K31: =ROUND(0.11,9) -> 0.11 | O31: =ROUND(CP31,2) -> 8038.49 | P31: =ROUND(CQ31*I31,2) -> 0 | Q31: =ROUND(CR31*I31,2) -> 1975.83 | R31: =ROUND(CS31*I31,2) -> 841.59 | S31: =ROUND(CT31*I31,2) -> 6062.66 | T31: =ROUND(CU31*I31,2) -> 0 | U31: =CV31*I31 -> 9.1511042 | V31: =CW31*I31 -> 0 | W31: =ROUND(CX31*I31,2) -> 0 | X31: =ROUND(CY31,2) -> 7249.46 | Y31: =ROUND(CZ31,2) -> 4349.68 | AA31: 86497922 | AB31: =(AC31+AD31+AF31) -> 1893.9448 | AC31: =((ES31*0)) -> 0 | AD31: =((ET31*1.1*0.8)) -> 999.6536 | AE31: =((EU31*1.1*0.8)) -> 124.1416 | AF31: =((EV31*1.1*0.8)) -> 894.2912 | AG31: =(AP31) -> 0 | AH31: =((EW31*1.1*0.8)) -> 77.968 | AI31: =((EX31*1.1*0.8)) -> 0 | AJ31: =(AS31) -> 0 | AK31: 0 | AL31: 4172.77 | AM31: 1135.97 | AN31: 141.07 | AO31: 1016.24 | AP31: 0 | AQ31: 88.6 | AR31: 0 | AS31: 0 | AT31: 105 | AU31: 63 | AV31: 1.067 | AW31: 1.003 | AZ31: 1 | BA31: 57.76 | BB31: 16.84 | BC31: 13.35 | BH31: 0 | BI31: 1 | BJ31: 3.22-36-1 | BM31: 140 | BN31: 0 | BO31: 3.22-36-1 | BP31: 1 | BQ31: 30 | BR31: 0 | BS31: 57.76 | BT31: 1 | BU31: 1 | BV31: 1 | BW31: 1 | BX31: 1 | BZ31: 105 | CA31: 63 | CE31: 0 | CF31: 0 | CG31: 0 | CM31: 0 | CN31: Поправка:стеснённые условия, пп. "в" Поправка:При демонтаже сборных железобетонных и бетонных конструкций | CO31: 0 | CP31: =(P31+Q31+S31) -> 8038.49 | CQ31: =(AC31*BC31*AW31) -> 0 | CR31: =(((ET31*1.1*0.8))*BB31*AV31) -> 17962.056 | CS31: =(AE31*BS31*AV31) -> 7650.8369 | CT31: =(AF31*BA31*AV31) -> 55115.095 | CU31: =AG31 -> 0 | CV31: =(AH31*AV31) -> 83.191856 | CW31: =AI31 -> 0 | CX31: =AJ31 -> 0 | CY31: =(S31+R31)*(BZ31/100) -> 7249.4625 | CZ31: =(S31+R31)*(CA31/100) -> 4349.6775 | DD31: *0 | DE31: *1,1*0,8 | DF31: *1,1*0,8 | DG31: *1,1*0,8 | DI31: *1,1*0,8 | DJ31: *1,1*0,8 | DN31: 105 | DO31: 63 | DP31: 1 | DQ31: 1 | DU31: 1013 | DV31: 10 м3 железобетонных и бетонных конструкций колодцев | DW31: 10 м3 железобетонных и бетонных конструкций колодцев | DX31: 1 | EE31: 86330768 | EF31: 30 | EG31: Строительные работы | EH31: 0 | EJ31: 1 | EK31: 140 | EL31: ТСН-2001.3-22. 22-7...22-61 | EM31: ТСН-2001.3-22-1 | EO31: Попр.12.00.01.11.003 Попр.06.00.01.35.001 | EQ31: 0 | ER31: 0 | ES31: 4172.77 | ET31: 1135.97 | EU31: 141.07 | EV31: 1016.24 | EW31: 88.6 | EX31: 0 | EY31: 0 | FQ31: 0 | FR31: 0 | FS31: 0 | FX31: 105 | FY31: 63 | GD31: 1 | GF31: 1693447855 | GG31: 2 | GH31: 0 | GI31: -2 | GJ31: 0 | GK31: 0 | GL31: =ROUND(IF(AND(BH31=3,BI31=3,FS31<>0),P31,0),2) -> 0 | GM31: =ROUND(O31+X31+Y31,2)+GX31 -> 19637.63 | GN31: =IF(OR(BI31=0,BI31=1),GM31-GX31,0) -> 19637.63 | GO31: =IF(BI31=2,GM31-GX31,0) -> 0 | GP31: =IF(BI31=4,GM31-GX31,0) -> 0 | GR31: 0 | GS31: 3 | GT31: 0 | GV31: =(GT31) -> 0 | GW31: 13.35 | GX31: =ROUND(HC31*I31,2) -> 0 | HA31: 0 | HB31: 0 | HC31: =GV31*GW31 -> 0 | HS31: 0 | IK31: 0
A32: 17 | B32: 1 | C32: =ROW(SmtRes!A65) -> 65 | D32: =ROW(EtalonRes!A65) -> 65 | E32: 3 | F32: 3.22-36-1 | G32: Устройство круглых колодцев из сборного железобетона в грунтах сухих | H32: 10 м3 железобетонных и бетонных конструкций колодцев | I32: =ROUND(0.22/10,9) -> 0.022 | J32: 0 | K32: =ROUND(0.22/10,9) -> 0.022 | O32: =ROUND(CP32,2) -> 44.46 | P32: =ROUND(CQ32*I32,2) -> 0 | Q32: =ROUND(CR32*I32,2) -> 23.47 | R32: =ROUND(CS32*I32,2) -> 2.91 | S32: =ROUND(CT32*I32,2) -> 20.99 | T32: =ROUND(CU32*I32,2) -> 0 | U32: =CV32*I32 -> 1.8302208 | V32: =CW32*I32 -> 0 | W32: =ROUND(CX32*I32,2) -> 0 | X32: =ROUND(CY32,2) -> 25.1 | Y32: =ROUND(CZ32,2) -> 15.06 | AA32: 86497921 | AB32: =(AC32+AD32+AF32) -> 1893.9448 | AC32: =((ES32*0)) -> 0 | AD32: =((ET32*1.1*0.8)) -> 999.6536 | AE32: =((EU32*1.1*0.8)) -> 124.1416 | AF32: =((EV32*1.1*0.8)) -> 894.2912 | AG32: =(AP32) -> 0 | AH32: =((EW32*1.1*0.8)) -> 77.968 | AI32: =((EX32*1.1*0.8)) -> 0 | AJ32: =(AS32) -> 0 | AK32: 0 | AL32: 4172.77 | AM32: 1135.97 | AN32: 141.07 | AO32: 1016.24 | AP32: 0 | AQ32: 88.6 | AR32: 0 | AS32: 0 | AT32: 105 | AU32: 63 | AV32: 1.067 | AW32: 1.003 | AZ32: 1 | BA32: 1 | BB32: 1 | BC32: 1 | BH32: 0 | BI32: 1 | BJ32: 3.22-36-1 | BM32: 140 | BN32: 0 | BO32: 3.22-36-1 | BP32: 1 | BQ32: 30 | BR32: 0 | BS32: 1 | BT32: 1 | BU32: 1 | BV32: 1 | BW32: 1 | BX32: 1 | BZ32: 105 | CA32: 63 | CE32: 0 | CF32: 0 | CG32: 0 | CM32: 0 | CN32: Поправка:стеснённые условия, пп. "в" Поправка:При демонтаже сборных железобетонных и бетонных конструкций | CO32: 0 | CP32: =(P32+Q32+S32) -> 44.46 | CQ32: =(AC32*BC32*AW32) -> 0 | CR32: =(((ET32*1.1*0.8))*BB32*AV32) -> 1066.6304 | CS32: =(AE32*BS32*AV32) -> 132.45909 | CT32: =(AF32*BA32*AV32) -> 954.20871 | CU32: =AG32 -> 0 | CV32: =(AH32*AV32) -> 83.191856 | CW32: =AI32 -> 0 | CX32: =AJ32 -> 0 | CY32: =(((S32+R32)*BZ32)/100) -> 25.095 | CZ32: =(((S32+R32)*CA32)/100) -> 15.057 | DD32: *0 | DE32: *1,1*0,8 | DF32: *1,1*0,8 | DG32: *1,1*0,8 | DI32: *1,1*0,8 | DJ32: *1,1*0,8 | DN32: 0 | DO32: 0 | DP32: 1 | DQ32: 1 | DU32: 1013 | DV32: 10 м3 железобетонных и бетонных конструкций колодцев | DW32: 10 м3 железобетонных и бетонных конструкций колодцев | DX32: 1 | EE32: 86330768 | EF32: 30 | EG32: Строительные работы | EH32: 0 | EJ32: 1 | EK32: 140 | EL32: ТСН-2001.3-22. 22-7...22-61 | EM32: ТСН-2001.3-22-1 | EO32: Попр.12.00.01.11.003 Попр.06.00.01.35.001 | EQ32: 0 | ER32: 0 | ES32: 4172.77 | ET32: 1135.97 | EU32: 141.07 | EV32: 1016.24 | EW32: 88.6 | EX32: 0 | EY32: 0 | FQ32: 0 | FR32: 0 | FS32: 0 | FX32: 105 | FY32: 63 | GD32: 1 | GF32: 2028648746 | GG32: 2 | GH32: 0 | GI32: -2 | GJ32: 0 | GK32: 0 | GL32: =ROUND(IF(AND(BH32=3,BI32=3,FS32<>0),P32,0),2) -> 0 | GM32: =ROUND(O32+X32+Y32,2)+GX32 -> 84.62 | GN32: =IF(OR(BI32=0,BI32=1),GM32-GX32,0) -> 84.62 | GO32: =IF(BI32=2,GM32-GX32,0) -> 0 | GP32: =IF(BI32=4,GM32-GX32,0) -> 0 | GR32: 0 | GS32: 3 | GT32: 0 | GV32: =(GT32) -> 0 | GW32: 1 | GX32: =ROUND(HC32*I32,2) -> 0 | HA32: 0 | HB32: 0 | HC32: =GV32*GW32 -> 0 | HS32: 0 | IK32: 0
A33: 17 | B33: 1 | C33: =ROW(SmtRes!A78) -> 78 | D33: =ROW(EtalonRes!A78) -> 78 | E33: 3 | F33: 3.22-36-1 | G33: Устройство круглых колодцев из сборного железобетона в грунтах сухих | H33: 10 м3 железобетонных и бетонных конструкций колодцев | I33: =ROUND(0.22/10,9) -> 0.022 | J33: 0 | K33: =ROUND(0.22/10,9) -> 0.022 | O33: =ROUND(CP33,2) -> 1607.7 | P33: =ROUND(CQ33*I33,2) -> 0 | Q33: =ROUND(CR33*I33,2) -> 395.17 | R33: =ROUND(CS33*I33,2) -> 168.32 | S33: =ROUND(CT33*I33,2) -> 1212.53 | T33: =ROUND(CU33*I33,2) -> 0 | U33: =CV33*I33 -> 1.8302208 | V33: =CW33*I33 -> 0 | W33: =ROUND(CX33*I33,2) -> 0 | X33: =ROUND(CY33,2) -> 1449.89 | Y33: =ROUND(CZ33,2) -> 869.94 | AA33: 86497922 | AB33: =(AC33+AD33+AF33) -> 1893.9448 | AC33: =((ES33*0)) -> 0 | AD33: =((ET33*1.1*0.8)) -> 999.6536 | AE33: =((EU33*1.1*0.8)) -> 124.1416 | AF33: =((EV33*1.1*0.8)) -> 894.2912 | AG33: =(AP33) -> 0 | AH33: =((EW33*1.1*0.8)) -> 77.968 | AI33: =((EX33*1.1*0.8)) -> 0 | AJ33: =(AS33) -> 0 | AK33: 0 | AL33: 4172.77 | AM33: 1135.97 | AN33: 141.07 | AO33: 1016.24 | AP33: 0 | AQ33: 88.6 | AR33: 0 | AS33: 0 | AT33: 105 | AU33: 63 | AV33: 1.067 | AW33: 1.003 | AZ33: 1 | BA33: 57.76 | BB33: 16.84 | BC33: 13.35 | BH33: 0 | BI33: 1 | BJ33: 3.22-36-1 | BM33: 140 | BN33: 0 | BO33: 3.22-36-1 | BP33: 1 | BQ33: 30 | BR33: 0 | BS33: 57.76 | BT33: 1 | BU33: 1 | BV33: 1 | BW33: 1 | BX33: 1 | BZ33: 105 | CA33: 63 | CE33: 0 | CF33: 0 | CG33: 0 | CM33: 0 | CN33: Поправка:стеснённые условия, пп. "в" Поправка:При демонтаже сборных железобетонных и бетонных конструкций | CO33: 0 | CP33: =(P33+Q33+S33) -> 1607.7 | CQ33: =(AC33*BC33*AW33) -> 0 | CR33: =(((ET33*1.1*0.8))*BB33*AV33) -> 17962.056 | CS33: =(AE33*BS33*AV33) -> 7650.8369 | CT33: =(AF33*BA33*AV33) -> 55115.095 | CU33: =AG33 -> 0 | CV33: =(AH33*AV33) -> 83.191856 | CW33: =AI33 -> 0 | CX33: =AJ33 -> 0 | CY33: =(S33+R33)*(BZ33/100) -> 1449.8925 | CZ33: =(S33+R33)*(CA33/100) -> 869.9355 | DD33: *0 | DE33: *1,1*0,8 | DF33: *1,1*0,8 | DG33: *1,1*0,8 | DI33: *1,1*0,8 | DJ33: *1,1*0,8 | DN33: 105 | DO33: 63 | DP33: 1 | DQ33: 1 | DU33: 1013 | DV33: 10 м3 железобетонных и бетонных конструкций колодцев | DW33: 10 м3 железобетонных и бетонных конструкций колодцев | DX33: 1 | EE33: 86330768 | EF33: 30 | EG33: Строительные работы | EH33: 0 | EJ33: 1 | EK33: 140 | EL33: ТСН-2001.3-22. 22-7...22-61 | EM33: ТСН-2001.3-22-1 | EO33: Попр.12.00.01.11.003 Попр.06.00.01.35.001 | EQ33: 0 | ER33: 0 | ES33: 4172.77 | ET33: 1135.97 | EU33: 141.07 | EV33: 1016.24 | EW33: 88.6 | EX33: 0 | EY33: 0 | FQ33: 0 | FR33: 0 | FS33: 0 | FX33: 105 | FY33: 63 | GD33: 1 | GF33: 2028648746 | GG33: 2 | GH33: 0 | GI33: -2 | GJ33: 0 | GK33: 0 | GL33: =ROUND(IF(AND(BH33=3,BI33=3,FS33<>0),P33,0),2) -> 0 | GM33: =ROUND(O33+X33+Y33,2)+GX33 -> 3927.53 | GN33: =IF(OR(BI33=0,BI33=1),GM33-GX33,0) -> 3927.53 | GO33: =IF(BI33=2,GM33-GX33,0) -> 0 | GP33: =IF(BI33=4,GM33-GX33,0) -> 0 | GR33: 0 | GS33: 3 | GT33: 0 | GV33: =(GT33) -> 0 | GW33: 13.35 | GX33: =ROUND(HC33*I33,2) -> 0 | HA33: 0 | HB33: 0 | HC33: =GV33*GW33 -> 0 | HS33: 0 | IK33: 0
A35: 51 | B35: =B24 -> 1 | C35: =A24 -> 4 | D35: =ROW(A24) -> 24 | F35: =IF(F24<>"",F24,"") -> 1 | G35: =IF(G24<>"",G24,"") -> Демонтаж колодцев КУ и Гл.А.З (сборный железобетон) | H35: 0 | O35: =ROUND(AB35,2) -> 569.87 | P35: =ROUND(AC35,2) -> 0 | Q35: =ROUND(AD35,2) -> 300.79 | R35: =ROUND(AE35,2) -> 37.35 | S35: =ROUND(AF35,2) -> 269.08 | T35: =ROUND(AG35,2) -> 0 | U35: =AH35 -> 23.460103 | V35: =AI35 -> 0 | W35: =ROUND(AJ35,2) -> 0 | X35: =ROUND(AK35,2) -> 321.76 | Y35: =ROUND(AL35,2) -> 193.05 | AB35: =ROUND(SUMIF(AA28:AA33,"=86497921",O28:O33),2) -> 569.87 | AC35: =ROUND(SUMIF(AA28:AA33,"=86497921",P28:P33),2) -> 0 | AD35: =ROUND(SUMIF(AA28:AA33,"=86497921",Q28:Q33),2) -> 300.79 | AE35: =ROUND(SUMIF(AA28:AA33,"=86497921",R28:R33),2) -> 37.35 | AF35: =ROUND(SUMIF(AA28:AA33,"=86497921",S28:S33),2) -> 269.08 | AG35: =ROUND(SUMIF(AA28:AA33,"=86497921",T28:T33),2) -> 0 | AH35: =SUMIF(AA28:AA33,"=86497921",U28:U33) -> 23.460103 | AI35: =SUMIF(AA28:AA33,"=86497921",V28:V33) -> 0 | AJ35: =ROUND(SUMIF(AA28:AA33,"=86497921",W28:W33),2) -> 0 | AK35: =ROUND(SUMIF(AA28:AA33,"=86497921",X28:X33),2) -> 321.76 | AL35: =ROUND(SUMIF(AA28:AA33,"=86497921",Y28:Y33),2) -> 193.05 | AO35: =ROUND(BX35,2) -> 0 | AP35: =ROUND(BY35,2) -> 0 | AQ35: =ROUND(BZ35,2) -> 0 | AR35: =ROUND(CA35,2) -> 1084.68 | AS35: =ROUND(CB35,2) -> 1084.68 | AT35: =ROUND(CC35,2) -> 0 | AU35: =ROUND(CD35,2) -> 0 | AV35: =ROUND(CE35,2) -> 0 | ... BD35: =ROUND(CM35,2) -> 0 | BX35: =ROUND(SUMIF(AA28:AA33,"=86497921",FQ28:FQ33),2) -> 0 | BY35: =ROUND(SUMIF(AA28:AA33,"=86497921",FR28:FR33),2) -> 0 | BZ35: =ROUND(SUMIF(AA28:AA33,"=86497921",GL28:GL33),2) -> 0 | CA35: =ROUND(SUMIF(AA28:AA33,"=86497921",GM28:GM33),2) -> 1084.68 | CB35: =ROUND(SUMIF(AA28:AA33,"=86497921",GN28:GN33),2) -> 1084.68 | CC35: =ROUND(SUMIF(AA28:AA33,"=86497921",GO28:GO33),2) -> 0 | CD35: =ROUND(SUMIF(AA28:AA33,"=86497921",GP28:GP33),2) -> 0 | CE35: =AC35-BX35 -> 0 | CF35: =AC35-BY35 -> 0 | CG35: =BX35-BZ35 -> 0 | CH35: =AC35-BX35-BY35+BZ35 -> 0 | CI35: =BY35-BZ35 -> 0 | CJ35: =ROUND(SUMIF(AA28:AA33,"=86497921",GX28:GX33),2) -> 0 | CK35: =ROUND(SUMIF(AA28:AA33,"=86497921",GY28:GY33),2) -> 0 | CL35: =ROUND(SUMIF(AA28:AA33,"=86497921",GZ28:GZ33),2) -> 0 | CM35: =ROUND(SUMIF(AA28:AA33,"=86497921",HD28:HD33),2) -> 0 | DG35: =ROUND(DT35,2) -> 20607.76 | DH35: =ROUND(DU35,2) -> 0 | DI35: =ROUND(DV35,2) -> 5065.31 | DJ35: =ROUND(DW35,2) -> 2157.54 | DK35: =ROUND(DX35,2) -> 15542.45 | DL35: =ROUND(DY35,2) -> 0 | DM35: =DZ35 -> 23.460103 | DN35: =EA35 -> 0 | DO35: =ROUND(EB35,2) -> 0 | DP35: =ROUND(EC35,2) -> 18584.98 | DQ35: =ROUND(ED35,2) -> 11151 | DT35: =ROUND(SUMIF(AA28:AA33,"=86497922",O28:O33),2) -> 20607.76 | DU35: =ROUND(SUMIF(AA28:AA33,"=86497922",P28:P33),2) -> 0 | DV35: =ROUND(SUMIF(AA28:AA33,"=86497922",Q28:Q33),2) -> 5065.31 | DW35: =ROUND(SUMIF(AA28:AA33,"=86497922",R28:R33),2) -> 2157.54 | DX35: =ROUND(SUMIF(AA28:AA33,"=86497922",S28:S33),2) -> 15542.45 | DY35: =ROUND(SUMIF(AA28:AA33,"=86497922",T28:T33),2) -> 0 | DZ35: =SUMIF(AA28:AA33,"=86497922",U28:U33) -> 23.460103 | EA35: =SUMIF(AA28:AA33,"=86497922",V28:V33) -> 0 | EB35: =ROUND(SUMIF(AA28:AA33,"=86497922",W28:W33),2) -> 0 | EC35: =ROUND(SUMIF(AA28:AA33,"=86497922",X28:X33),2) -> 18584.98 | ED35: =ROUND(SUMIF(AA28:AA33,"=86497922",Y28:Y33),2) -> 11151 | EG35: =ROUND(FP35,2) -> 0 | EH35: =ROUND(FQ35,2) -> 0 | EI35: =ROUND(FR35,2) -> 0 | EJ35: =ROUND(FS35,2) -> 50343.74 | EK35: =ROUND(FT35,2) -> 50343.74 | EL35: =ROUND(FU35,2) -> 0 | EM35: =ROUND(FV35,2) -> 0 | EN35: =ROUND(FW35,2) -> 0 | ... EV35: =ROUND(GE35,2) -> 0 | FP35: =ROUND(SUMIF(AA28:AA33,"=86497922",FQ28:FQ33),2) -> 0 | FQ35: =ROUND(SUMIF(AA28:AA33,"=86497922",FR28:FR33),2) -> 0 | FR35: =ROUND(SUMIF(AA28:AA33,"=86497922",GL28:GL33),2) -> 0 | FS35: =ROUND(SUMIF(AA28:AA33,"=86497922",GM28:GM33),2) -> 50343.74 | FT35: =ROUND(SUMIF(AA28:AA33,"=86497922",GN28:GN33),2) -> 50343.74 | FU35: =ROUND(SUMIF(AA28:AA33,"=86497922",GO28:GO33),2) -> 0 | FV35: =ROUND(SUMIF(AA28:AA33,"=86497922",GP28:GP33),2) -> 0 | FW35: =DU35-FP35 -> 0 | FX35: =DU35-FQ35 -> 0 | FY35: =FP35-FR35 -> 0 | FZ35: =DU35-FP35-FQ35+FR35 -> 0 | GA35: =FQ35-FR35 -> 0 | GB35: =ROUND(SUMIF(AA28:AA33,"=86497922",GX28:GX33),2) -> 0 | GC35: =ROUND(SUMIF(AA28:AA33,"=86497922",GY28:GY33),2) -> 0 | GD35: =ROUND(SUMIF(AA28:AA33,"=86497922",GZ28:GZ33),2) -> 0 | GE35: =ROUND(SUMIF(AA28:AA33,"=86497922",HD28:HD33),2) -> 0 | GX35: 0
A37: 50 | B37: 0 | C37: 0 | D37: 1 | E37: 201 | F37: =ROUND(Source!O35,O37) -> 569.87 | G37: ПЗ | H37: Прямые затраты | K37: 201 | L37: 1 | M37: 3 | O37: 2 | P37: =ROUND(Source!DG35,O37) -> 20607.76 | W37: 569.87 | X37: 1 | Y37: 569.87 | Z37: 20607.76 | AA37: 1 | AB37: 20607.76
A38: 50 | B38: 0 | C38: 0 | D38: 1 | E38: 202 | F38: =ROUND(Source!P35,O38) -> 0 | G38: СтМатОб | H38: Стоимость материальных ресурсов (всего) | K38: 202 | L38: 2 | M38: 3 | O38: 2 | P38: =ROUND(Source!DH35,O38) -> 0 | W38: 0 | X38: 1 | Y38: 0 | Z38: 0 | AA38: 1 | AB38: 0
A39: 50 | B39: 0 | C39: 0 | D39: 1 | E39: 222 | F39: =ROUND(Source!AO35,O39) -> 0 | G39: СтМатОбЗак | H39: Стоимость материалов и оборудования заказчика | K39: 222 | L39: 3 | M39: 3 | O39: 2 | P39: =ROUND(Source!EG35,O39) -> 0 | W39: 0 | X39: 1 | Y39: 0 | Z39: 0 | AA39: 1 | AB39: 0
A40: 50 | B40: 0 | C40: 0 | D40: 1 | E40: 225 | F40: =ROUND(Source!AV35,O40) -> 0 | G40: СтМатОбПод | H40: Стоимость материалов и оборудования подрядчика | K40: 225 | L40: 4 | M40: 3 | O40: 2 | P40: =ROUND(Source!EN35,O40) -> 0 | W40: 0 | X40: 1 | Y40: 0 | Z40: 0 | AA40: 1 | AB40: 0
A41: 50 | B41: 0 | C41: 0 | D41: 1 | E41: 226 | F41: =ROUND(Source!AW35,O41) -> 0 | G41: СтМат | H41: Стоимость материалов (всего) | K41: 226 | L41: 5 | M41: 3 | O41: 2 | P41: =ROUND(Source!EO35,O41) -> 0 | W41: 0 | X41: 1 | Y41: 0 | Z41: 0 | AA41: 1 | AB41: 0
A42: 50 | B42: 0 | C42: 0 | D42: 1 | E42: 227 | F42: =ROUND(Source!AX35,O42) -> 0 | G42: СтМатЗак | H42: Стоимость материалов заказчика | K42: 227 | L42: 6 | M42: 3 | O42: 2 | P42: =ROUND(Source!EP35,O42) -> 0 | W42: 0 | X42: 1 | Y42: 0 | Z42: 0 | AA42: 1 | AB42: 0
A43: 50 | B43: 0 | C43: 0 | D43: 1 | E43: 228 | F43: =ROUND(Source!AY35,O43) -> 0 | G43: СтМатПод | H43: Стоимость материалов подрядчика | K43: 228 | L43: 7 | M43: 3 | O43: 2 | P43: =ROUND(Source!EQ35,O43) -> 0 | W43: 0 | X43: 1 | Y43: 0 | Z43: 0 | AA43: 1 | AB43: 0
A44: 50 | B44: 0 | C44: 0 | D44: 1 | E44: 216 | F44: =ROUND(Source!AP35,O44) -> 0 | G44: Оборуд | H44: Стоимость оборудования (всего) | K44: 216 | L44: 8 | M44: 3 | O44: 2 | P44: =ROUND(Source!EH35,O44) -> 0 | W44: 0 | X44: 1 | Y44: 0 | Z44: 0 | AA44: 1 | AB44: 0
A45: 50 | B45: 0 | C45: 0 | D45: 1 | E45: 223 | F45: =ROUND(Source!AQ35,O45) -> 0 | G45: ОборудЗак | H45: Стоимость оборудования заказчика | K45: 223 | L45: 9 | M45: 3 | O45: 2 | P45: =ROUND(Source!EI35,O45) -> 0 | W45: 0 | X45: 1 | Y45: 0 | Z45: 0 | AA45: 1 | AB45: 0
A46: 50 | B46: 0 | C46: 0 | D46: 1 | E46: 229 | F46: =ROUND(Source!AZ35,O46) -> 0 | G46: ОборудПод | H46: Стоимость оборудования подрядчика | K46: 229 | L46: 10 | M46: 3 | O46: 2 | P46: =ROUND(Source!ER35,O46) -> 0 | W46: 0 | X46: 1 | Y46: 0 | Z46: 0 | AA46: 1 | AB46: 0
A47: 50 | B47: 0 | C47: 0 | D47: 1 | E47: 203 | F47: =ROUND(Source!Q35,O47) -> 300.79 | G47: ЭММ | H47: Эксплуатация машин | K47: 203 | L47: 11 | M47: 3 | O47: 2 | P47: =ROUND(Source!DI35,O47) -> 5065.31 | W47: 300.79 | X47: 1 | Y47: 300.79 | Z47: 5065.31 | AA47: 1 | AB47: 5065.31
A48: 50 | B48: 0 | C48: 0 | D48: 1 | E48: 231 | F48: =ROUND(Source!BB35,O48) -> 0 | G48: ЭММсНРиСП | H48: Эксплуатация машин по ТСН-2001.16 | K48: 231 | L48: 12 | M48: 3 | O48: 2 | P48: =ROUND(Source!ET35,O48) -> 0 | W48: 0 | X48: 1 | Y48: 0 | Z48: 0 | AA48: 1 | AB48: 0
A49: 50 | B49: 0 | C49: 0 | D49: 1 | E49: 204 | F49: =ROUND(Source!R35,O49) -> 37.35 | G49: ЗПМ | H49: ЗП машинистов | K49: 204 | L49: 13 | M49: 3 | O49: 2 | P49: =ROUND(Source!DJ35,O49) -> 2157.54 | W49: 37.35 | X49: 1 | Y49: 37.35 | Z49: 2157.54 | AA49: 1 | AB49: 2157.54
A50: 50 | B50: 0 | C50: 0 | D50: 1 | E50: 205 | F50: =ROUND(Source!S35,O50) -> 269.08 | G50: ОЗП | H50: Основная ЗП рабочих | K50: 205 | L50: 14 | M50: 3 | O50: 2 | P50: =ROUND(Source!DK35,O50) -> 15542.45 | W50: 269.08 | X50: 1 | Y50: 269.08 | Z50: 15542.45 | AA50: 1 | AB50: 15542.45
A51: 50 | B51: 0 | C51: 0 | D51: 1 | E51: 232 | F51: =ROUND(Source!BC35,O51) -> 0 | G51: ОЗПсНРиСП | H51: Основная ЗП рабочих по ТСН-2001.16 | K51: 232 | L51: 15 | M51: 3 | O51: 2 | P51: =ROUND(Source!EU35,O51) -> 0 | W51: 0 | X51: 1 | Y51: 0 | Z51: 0 | AA51: 1 | AB51: 0
A52: 50 | B52: 0 | C52: 0 | D52: 1 | E52: 214 | F52: =ROUND(Source!AS35,O52) -> 1084.68 | G52: Строит | H52: Строительные работы с НР и СП | K52: 214 | L52: 16 | M52: 3 | O52: 2 | P52: =ROUND(Source!EK35,O52) -> 50343.74 | W52: 1084.68 | X52: 1 | Y52: 1084.68 | Z52: 50343.74 | AA52: 1 | AB52: 50343.74
A53: 50 | B53: 0 | C53: 0 | D53: 1 | E53: 215 | F53: =ROUND(Source!AT35,O53) -> 0 | G53: Монтаж | H53: Монтажные работы с НР и СП | K53: 215 | L53: 17 | M53: 3 | O53: 2 | P53: =ROUND(Source!EL35,O53) -> 0 | W53: 0 | X53: 1 | Y53: 0 | Z53: 0 | AA53: 1 | AB53: 0
A54: 50 | B54: 0 | C54: 0 | D54: 1 | E54: 217 | F54: =ROUND(Source!AU35,O54) -> 0 | G54: Прочие | H54: Прочие работы с НР и СП | K54: 217 | L54: 18 | M54: 3 | O54: 2 | P54: =ROUND(Source!EM35,O54) -> 0 | W54: 0 | X54: 1 | Y54: 0 | Z54: 0 | AA54: 1 | AB54: 0
A55: 50 | B55: 0 | C55: 0 | D55: 1 | E55: 230 | F55: =ROUND(Source!BA35,O55) -> 0 | G55: ПрочиеЗатр | H55: Прочие затраты по ТСН-2001.16 | K55: 230 | L55: 19 | M55: 3 | O55: 2 | P55: =ROUND(Source!ES35,O55) -> 0 | W55: 0 | X55: 1 | Y55: 0 | Z55: 0 | AA55: 1 | AB55: 0
A56: 50 | B56: 0 | C56: 0 | D56: 1 | E56: 206 | F56: =ROUND(Source!T35,O56) -> 0 | G56: ВозврМат | H56: Возврат материалов | K56: 206 | L56: 20 | M56: 3 | O56: 2 | P56: =ROUND(Source!DL35,O56) -> 0 | W56: 0 | X56: 1 | Y56: 0 | Z56: 0 | AA56: 1 | AB56: 0
A57: 50 | B57: 0 | C57: 0 | D57: 1 | E57: 207 | F57: =Source!U35 -> 23.460103 | G57: ТрудСтр | H57: Трудозатраты строителей | K57: 207 | L57: 21 | M57: 3 | O57: -1 | P57: =Source!DM35 -> 23.460103 | W57: 23.460103 | X57: 1 | Y57: 23.460103 | Z57: 23.460103 | AA57: 1 | AB57: 23.460103
A58: 50 | B58: 0 | C58: 0 | D58: 1 | E58: 208 | F58: =Source!V35 -> 0 | G58: ТрудМаш | H58: Трудозатраты машинистов | K58: 208 | L58: 22 | M58: 3 | O58: -1 | P58: =Source!DN35 -> 0 | W58: 0 | X58: 1 | Y58: 0 | Z58: 0 | AA58: 1 | AB58: 0
A59: 50 | B59: 0 | C59: 0 | D59: 1 | E59: 209 | F59: =ROUND(Source!W35,O59) -> 0 | G59: ТранспМат | H59: Транспорт материалов | K59: 209 | L59: 23 | M59: 3 | O59: 2 | P59: =ROUND(Source!DO35,O59) -> 0 | W59: 0 | X59: 1 | Y59: 0 | Z59: 0 | AA59: 1 | AB59: 0
A60: 50 | B60: 0 | C60: 0 | D60: 1 | E60: 233 | F60: =ROUND(Source!BD35,O60) -> 0 | G60: Перевозка | H60: Перевозка грузов | K60: 233 | L60: 24 | M60: 3 | O60: 2 | P60: =ROUND(Source!EV35,O60) -> 0 | W60: 0 | X60: 1 | Y60: 0 | Z60: 0 | AA60: 1 | AB60: 0
A61: 50 | B61: 0 | C61: 0 | D61: 1 | E61: 210 | F61: =ROUND(Source!X35,O61) -> 321.76 | G61: НР | H61: Накладные расходы | K61: 210 | L61: 25 | M61: 3 | O61: 2 | P61: =ROUND(Source!DP35,O61) -> 18584.98 | W61: 321.76 | X61: 1 | Y61: 321.76 | Z61: 18584.98 | AA61: 1 | AB61: 18584.98
A62: 50 | B62: 0 | C62: 0 | D62: 1 | E62: 211 | F62: =ROUND(Source!Y35,O62) -> 193.05 | G62: СмПриб | H62: Сметная прибыль | K62: 211 | L62: 26 | M62: 3 | O62: 2 | P62: =ROUND(Source!DQ35,O62) -> 11151 | W62: 193.05 | X62: 1 | Y62: 193.05 | Z62: 11151 | AA62: 1 | AB62: 11151
A63: 50 | B63: 0 | C63: 0 | D63: 1 | E63: 224 | F63: =ROUND(Source!AR35,O63) -> 1084.68 | G63: Всего | H63: Всего с НР и СП | K63: 224 | L63: 27 | M63: 3 | O63: 2 | P63: =ROUND(Source!EJ35,O63) -> 50343.74 | W63: 1084.68 | X63: 1 | Y63: 1084.68 | Z63: 50343.74 | AA63: 1 | AB63: 50343.74
A65: 4 | B65: 1 | D65: =ROW(A72) -> 72 | F65: 5 | G65: Демонтаж станций катодной защиты | I65: 0 | K65: -1 | S65: 0 | T65: 0 | V65: 2 | BX65: 0 | CJ65: 0
A67: 52 | B67: =B72 -> 1 | C67: =C72 -> 4 | D67: =D72 -> 65 | E67: =E72 -> 0 | F67: =F72 -> 5 | G67: =G72 -> Демонтаж станций катодной защиты | O67: =O72 -> 3076.82 | P67: =P72 -> 0 | Q67: =Q72 -> 1419.09 | R67: =R72 -> 116.34 | S67: =S72 -> 1657.73 | T67: =T72 -> 0 | U67: =U72 -> 154.9284 | V67: =V72 -> 0 | ... GX67: =GX72 -> 0
A69: 17 | B69: 1 | C69: =ROW(SmtRes!A97) -> 97 | D69: =ROW(EtalonRes!A97) -> 97 | E69: 4 | F69: 3.24-28-1 | G69: Установка станций катодно-сетевых КСС-1200 на фундаменте (без стоимости станции и сборного железобетона) | H69: 1 станция | I69: =ROUND(2,9) -> 2 | J69: 0 | K69: =ROUND(2,9) -> 2 | O69: =ROUND(CP69,2) -> 3076.82 | P69: =ROUND(CQ69*I69,2) -> 0 | Q69: =ROUND(CR69*I69,2) -> 1419.09 | R69: =ROUND(CS69*I69,2) -> 116.34 | S69: =ROUND(CT69*I69,2) -> 1657.73 | T69: =ROUND(CU69*I69,2) -> 0 | U69: =CV69*I69 -> 154.9284 | V69: =CW69*I69 -> 0 | W69: =ROUND(CX69*I69,2) -> 0 | X69: =ROUND(CY69,2) -> 1862.77 | Y69: =ROUND(CZ69,2) -> 1117.66 | AA69: 86497921 | AB69: =(AC69+AD69+AF69) -> 1441.8096 | AC69: =((ES69*0)) -> 0 | AD69: =((ET69*1.1*0.6)) -> 664.9896 | AE69: =((EU69*1.1*0.6)) -> 54.516 | AF69: =((EV69*1.1*0.6)) -> 776.82 | AG69: =(AP69) -> 0 | AH69: =((EW69*1.1*0.6)) -> 72.6 | AI69: =((EX69*1.1*0.6)) -> 0 | AJ69: =(AS69) -> 0 | AK69: 0 | AL69: 4248.42 | AM69: 1007.56 | AN69: 82.6 | AO69: 1177 | AP69: 0 | AQ69: 110 | AR69: 0 | AS69: 0 | AT69: 105 | AU69: 63 | AV69: 1.067 | AW69: 1.003 | AZ69: 1 | BA69: 1 | BB69: 1 | BC69: 1 | BH69: 0 | BI69: 1 | BJ69: 3.24-28-1 | BM69: 142 | BN69: 0 | BO69: 3.24-28-1 | BP69: 1 | BQ69: 30 | BR69: 0 | BS69: 1 | BT69: 1 | BU69: 1 | BV69: 1 | BW69: 1 | BX69: 1 | BZ69: 105 | CA69: 63 | CE69: 0 | CF69: 0 | CG69: 0 | CM69: 0 | CN69: Поправка:стеснённые условия, пп. "в" Поправка:При демонтаже наружных сетей водопровода, канализации, теплоснабжения и газоснабжения | CO69: 0 | CP69: =(P69+Q69+S69) -> 3076.82 | CQ69: =(AC69*BC69*AW69) -> 0 | CR69: =(((ET69*1.1*0.6))*BB69*AV69) -> 709.5439 | CS69: =(AE69*BS69*AV69) -> 58.168572 | CT69: =(AF69*BA69*AV69) -> 828.86694 | CU69: =AG69 -> 0 | CV69: =(AH69*AV69) -> 77.4642 | CW69: =AI69 -> 0 | CX69: =AJ69 -> 0 | CY69: =(((S69+R69)*BZ69)/100) -> 1862.7735 | CZ69: =(((S69+R69)*CA69)/100) -> 1117.6641 | DD69: *0 | DE69: *1,1*0,6 | DF69: *1,1*0,6 | DG69: *1,1*0,6 | DI69: *1,1*0,6 | DJ69: *1,1*0,6 | DN69: 0 | DO69: 0 | DP69: 1 | DQ69: 1 | DU69: 1013 | DV69: 1 станция | DW69: 1 станция | DX69: 1 | EE69: 86330770 | EF69: 30 | EG69: Строительные работы | EH69: 0 | EJ69: 1 | EK69: 142 | EL69: ТСН-2001.3-24. 24-1...24-60 | EM69: ТСН-2001.3-24-1 | EO69: Попр.12.00.01.11.003 Попр.06.00.01.35.005 | EQ69: 0 | ER69: 0 | ES69: 4248.42 | ET69: 1007.56 | EU69: 82.6 | EV69: 1177 | EW69: 110 | EX69: 0 | EY69: 0 | FQ69: 0 | FR69: 0 | FS69: 0 | FX69: 105 | FY69: 63 | GD69: 1 | GF69: 217909885 | GG69: 2 | GH69: 0 | GI69: -2 | GJ69: 0 | GK69: 0 | GL69: =ROUND(IF(AND(BH69=3,BI69=3,FS69<>0),P69,0),2) -> 0 | GM69: =ROUND(O69+X69+Y69,2)+GX69 -> 6057.25 | GN69: =IF(OR(BI69=0,BI69=1),GM69-GX69,0) -> 6057.25 | GO69: =IF(BI69=2,GM69-GX69,0) -> 0 | GP69: =IF(BI69=4,GM69-GX69,0) -> 0 | GR69: 0 | GS69: 3 | GT69: 0 | GV69: =(GT69) -> 0 | GW69: 1 | GX69: =ROUND(HC69*I69,2) -> 0 | HA69: 0 | HB69: 0 | HC69: =GV69*GW69 -> 0 | HS69: 0 | IK69: 0
A70: 17 | B70: 1 | C70: =ROW(SmtRes!A116) -> 116 | D70: =ROW(EtalonRes!A116) -> 116 | E70: 4 | F70: 3.24-28-1 | G70: Установка станций катодно-сетевых КСС-1200 на фундаменте (без стоимости станции и сборного железобетона) | H70: 1 станция | I70: =ROUND(2,9) -> 2 | J70: 0 | K70: =ROUND(2,9) -> 2 | O70: =ROUND(CP70,2) -> 116809.97 | P70: =ROUND(CQ70*I70,2) -> 0 | Q70: =ROUND(CR70*I70,2) -> 21059.26 | R70: =ROUND(CS70*I70,2) -> 6719.63 | S70: =ROUND(CT70*I70,2) -> 95750.71 | T70: =ROUND(CU70*I70,2) -> 0 | U70: =CV70*I70 -> 154.9284 | V70: =CW70*I70 -> 0 | W70: =ROUND(CX70*I70,2) -> 0 | X70: =ROUND(CY70,2) -> 107593.86 | Y70: =ROUND(CZ70,2) -> 64556.31 | AA70: 86497922 | AB70: =(AC70+AD70+AF70) -> 1441.8096 | AC70: =((ES70*0)) -> 0 | AD70: =((ET70*1.1*0.6)) -> 664.9896 | AE70: =((EU70*1.1*0.6)) -> 54.516 | AF70: =((EV70*1.1*0.6)) -> 776.82 | AG70: =(AP70) -> 0 | AH70: =((EW70*1.1*0.6)) -> 72.6 | AI70: =((EX70*1.1*0.6)) -> 0 | AJ70: =(AS70) -> 0 | AK70: 0 | AL70: 4248.42 | AM70: 1007.56 | AN70: 82.6 | AO70: 1177 | AP70: 0 | AQ70: 110 | AR70: 0 | AS70: 0 | AT70: 105 | AU70: 63 | AV70: 1.067 | AW70: 1.003 | AZ70: 1 | BA70: 57.76 | BB70: 14.84 | BC70: 11.33 | BH70: 0 | BI70: 1 | BJ70: 3.24-28-1 | BM70: 142 | BN70: 0 | BO70: 3.24-28-1 | BP70: 1 | BQ70: 30 | BR70: 0 | BS70: 57.76 | BT70: 1 | BU70: 1 | BV70: 1 | BW70: 1 | BX70: 1 | BZ70: 105 | CA70: 63 | CE70: 0 | CF70: 0 | CG70: 0 | CM70: 0 | CN70: Поправка:стеснённые условия, пп. "в" Поправка:При демонтаже наружных сетей водопровода, канализации, теплоснабжения и газоснабжения | CO70: 0 | CP70: =(P70+Q70+S70) -> 116809.97 | CQ70: =(AC70*BC70*AW70) -> 0 | CR70: =(((ET70*1.1*0.6))*BB70*AV70) -> 10529.632 | CS70: =(AE70*BS70*AV70) -> 3359.8167 | CT70: =(AF70*BA70*AV70) -> 47875.354 | CU70: =AG70 -> 0 | CV70: =(AH70*AV70) -> 77.4642 | CW70: =AI70 -> 0 | CX70: =AJ70 -> 0 | CY70: =(S70+R70)*(BZ70/100) -> 107593.86 | CZ70: =(S70+R70)*(CA70/100) -> 64556.314 | DD70: *0 | DE70: *1,1*0,6 | DF70: *1,1*0,6 | DG70: *1,1*0,6 | DI70: *1,1*0,6 | DJ70: *1,1*0,6 | DN70: 105 | DO70: 63 | DP70: 1 | DQ70: 1 | DU70: 1013 | DV70: 1 станция | DW70: 1 станция | DX70: 1 | EE70: 86330770 | EF70: 30 | EG70: Строительные работы | EH70: 0 | EJ70: 1 | EK70: 142 | EL70: ТСН-2001.3-24. 24-1...24-60 | EM70: ТСН-2001.3-24-1 | EO70: Попр.12.00.01.11.003 Попр.06.00.01.35.005 | EQ70: 0 | ER70: 0 | ES70: 4248.42 | ET70: 1007.56 | EU70: 82.6 | EV70: 1177 | EW70: 110 | EX70: 0 | EY70: 0 | FQ70: 0 | FR70: 0 | FS70: 0 | FX70: 105 | FY70: 63 | GD70: 1 | GF70: 217909885 | GG70: 2 | GH70: 0 | GI70: -2 | GJ70: 0 | GK70: 0 | GL70: =ROUND(IF(AND(BH70=3,BI70=3,FS70<>0),P70,0),2) -> 0 | GM70: =ROUND(O70+X70+Y70,2)+GX70 -> 288960.14 | GN70: =IF(OR(BI70=0,BI70=1),GM70-GX70,0) -> 288960.14 | GO70: =IF(BI70=2,GM70-GX70,0) -> 0 | GP70: =IF(BI70=4,GM70-GX70,0) -> 0 | GR70: 0 | GS70: 3 | GT70: 0 | GV70: =(GT70) -> 0 | GW70: 11.33 | GX70: =ROUND(HC70*I70,2) -> 0 | HA70: 0 | HB70: 0 | HC70: =GV70*GW70 -> 0 | HS70: 0 | IK70: 0
A72: 51 | B72: =B65 -> 1 | C72: =A65 -> 4 | D72: =ROW(A65) -> 65 | F72: =IF(F65<>"",F65,"") -> 5 | G72: =IF(G65<>"",G65,"") -> Демонтаж станций катодной защиты | H72: 0 | O72: =ROUND(AB72,2) -> 3076.82 | P72: =ROUND(AC72,2) -> 0 | Q72: =ROUND(AD72,2) -> 1419.09 | R72: =ROUND(AE72,2) -> 116.34 | S72: =ROUND(AF72,2) -> 1657.73 | T72: =ROUND(AG72,2) -> 0 | U72: =AH72 -> 154.9284 | V72: =AI72 -> 0 | W72: =ROUND(AJ72,2) -> 0 | X72: =ROUND(AK72,2) -> 1862.77 | Y72: =ROUND(AL72,2) -> 1117.66 | AB72: =ROUND(SUMIF(AA69:AA70,"=86497921",O69:O70),2) -> 3076.82 | AC72: =ROUND(SUMIF(AA69:AA70,"=86497921",P69:P70),2) -> 0 | AD72: =ROUND(SUMIF(AA69:AA70,"=86497921",Q69:Q70),2) -> 1419.09 | AE72: =ROUND(SUMIF(AA69:AA70,"=86497921",R69:R70),2) -> 116.34 | AF72: =ROUND(SUMIF(AA69:AA70,"=86497921",S69:S70),2) -> 1657.73 | AG72: =ROUND(SUMIF(AA69:AA70,"=86497921",T69:T70),2) -> 0 | AH72: =SUMIF(AA69:AA70,"=86497921",U69:U70) -> 154.9284 | AI72: =SUMIF(AA69:AA70,"=86497921",V69:V70) -> 0 | AJ72: =ROUND(SUMIF(AA69:AA70,"=86497921",W69:W70),2) -> 0 | AK72: =ROUND(SUMIF(AA69:AA70,"=86497921",X69:X70),2) -> 1862.77 | AL72: =ROUND(SUMIF(AA69:AA70,"=86497921",Y69:Y70),2) -> 1117.66 | AO72: =ROUND(BX72,2) -> 0 | AP72: =ROUND(BY72,2) -> 0 | AQ72: =ROUND(BZ72,2) -> 0 | AR72: =ROUND(CA72,2) -> 6057.25 | AS72: =ROUND(CB72,2) -> 6057.25 | AT72: =ROUND(CC72,2) -> 0 | AU72: =ROUND(CD72,2) -> 0 | AV72: =ROUND(CE72,2) -> 0 | ... BD72: =ROUND(CM72,2) -> 0 | BX72: =ROUND(SUMIF(AA69:AA70,"=86497921",FQ69:FQ70),2) -> 0 | BY72: =ROUND(SUMIF(AA69:AA70,"=86497921",FR69:FR70),2) -> 0 | BZ72: =ROUND(SUMIF(AA69:AA70,"=86497921",GL69:GL70),2) -> 0 | CA72: =ROUND(SUMIF(AA69:AA70,"=86497921",GM69:GM70),2) -> 6057.25 | CB72: =ROUND(SUMIF(AA69:AA70,"=86497921",GN69:GN70),2) -> 6057.25 | CC72: =ROUND(SUMIF(AA69:AA70,"=86497921",GO69:GO70),2) -> 0 | CD72: =ROUND(SUMIF(AA69:AA70,"=86497921",GP69:GP70),2) -> 0 | CE72: =AC72-BX72 -> 0 | CF72: =AC72-BY72 -> 0 | CG72: =BX72-BZ72 -> 0 | CH72: =AC72-BX72-BY72+BZ72 -> 0 | CI72: =BY72-BZ72 -> 0 | CJ72: =ROUND(SUMIF(AA69:AA70,"=86497921",GX69:GX70),2) -> 0 | CK72: =ROUND(SUMIF(AA69:AA70,"=86497921",GY69:GY70),2) -> 0 | CL72: =ROUND(SUMIF(AA69:AA70,"=86497921",GZ69:GZ70),2) -> 0 | CM72: =ROUND(SUMIF(AA69:AA70,"=86497921",HD69:HD70),2) -> 0 | DG72: =ROUND(DT72,2) -> 116809.97 | DH72: =ROUND(DU72,2) -> 0 | DI72: =ROUND(DV72,2) -> 21059.26 | DJ72: =ROUND(DW72,2) -> 6719.63 | DK72: =ROUND(DX72,2) -> 95750.71 | DL72: =ROUND(DY72,2) -> 0 | DM72: =DZ72 -> 154.9284 | DN72: =EA72 -> 0 | DO72: =ROUND(EB72,2) -> 0 | DP72: =ROUND(EC72,2) -> 107593.86 | DQ72: =ROUND(ED72,2) -> 64556.31 | DT72: =ROUND(SUMIF(AA69:AA70,"=86497922",O69:O70),2) -> 116809.97 | DU72: =ROUND(SUMIF(AA69:AA70,"=86497922",P69:P70),2) -> 0 | DV72: =ROUND(SUMIF(AA69:AA70,"=86497922",Q69:Q70),2) -> 21059.26 | DW72: =ROUND(SUMIF(AA69:AA70,"=86497922",R69:R70),2) -> 6719.63 | DX72: =ROUND(SUMIF(AA69:AA70,"=86497922",S69:S70),2) -> 95750.71 | DY72: =ROUND(SUMIF(AA69:AA70,"=86497922",T69:T70),2) -> 0 | DZ72: =SUMIF(AA69:AA70,"=86497922",U69:U70) -> 154.9284 | EA72: =SUMIF(AA69:AA70,"=86497922",V69:V70) -> 0 | EB72: =ROUND(SUMIF(AA69:AA70,"=86497922",W69:W70),2) -> 0 | EC72: =ROUND(SUMIF(AA69:AA70,"=86497922",X69:X70),2) -> 107593.86 | ED72: =ROUND(SUMIF(AA69:AA70,"=86497922",Y69:Y70),2) -> 64556.31 | EG72: =ROUND(FP72,2) -> 0 | EH72: =ROUND(FQ72,2) -> 0 | EI72: =ROUND(FR72,2) -> 0 | EJ72: =ROUND(FS72,2) -> 288960.14 | EK72: =ROUND(FT72,2) -> 288960.14 | EL72: =ROUND(FU72,2) -> 0 | EM72: =ROUND(FV72,2) -> 0 | EN72: =ROUND(FW72,2) -> 0 | ... EV72: =ROUND(GE72,2) -> 0 | FP72: =ROUND(SUMIF(AA69:AA70,"=86497922",FQ69:FQ70),2) -> 0 | FQ72: =ROUND(SUMIF(AA69:AA70,"=86497922",FR69:FR70),2) -> 0 | FR72: =ROUND(SUMIF(AA69:AA70,"=86497922",GL69:GL70),2) -> 0 | FS72: =ROUND(SUMIF(AA69:AA70,"=86497922",GM69:GM70),2) -> 288960.14 | FT72: =ROUND(SUMIF(AA69:AA70,"=86497922",GN69:GN70),2) -> 288960.14 | FU72: =ROUND(SUMIF(AA69:AA70,"=86497922",GO69:GO70),2) -> 0 | FV72: =ROUND(SUMIF(AA69:AA70,"=86497922",GP69:GP70),2) -> 0 | FW72: =DU72-FP72 -> 0 | FX72: =DU72-FQ72 -> 0 | FY72: =FP72-FR72 -> 0 | FZ72: =DU72-FP72-FQ72+FR72 -> 0 | GA72: =FQ72-FR72 -> 0 | GB72: =ROUND(SUMIF(AA69:AA70,"=86497922",GX69:GX70),2) -> 0 | GC72: =ROUND(SUMIF(AA69:AA70,"=86497922",GY69:GY70),2) -> 0 | GD72: =ROUND(SUMIF(AA69:AA70,"=86497922",GZ69:GZ70),2) -> 0 | GE72: =ROUND(SUMIF(AA69:AA70,"=86497922",HD69:HD70),2) -> 0 | GX72: 0
A74: 50 | B74: 0 | C74: 0 | D74: 1 | E74: 201 | F74: =ROUND(Source!O72,O74) -> 3076.82 | G74: ПЗ | H74: Прямые затраты | K74: 201 | L74: 1 | M74: 3 | O74: 2 | P74: =ROUND(Source!DG72,O74) -> 116809.97 | W74: 3076.82 | X74: 1 | Y74: 3076.82 | Z74: 116809.97 | AA74: 1 | AB74: 116809.97
A75: 50 | B75: 0 | C75: 0 | D75: 1 | E75: 202 | F75: =ROUND(Source!P72,O75) -> 0 | G75: СтМатОб | H75: Стоимость материальных ресурсов (всего) | K75: 202 | L75: 2 | M75: 3 | O75: 2 | P75: =ROUND(Source!DH72,O75) -> 0 | W75: 0 | X75: 1 | Y75: 0 | Z75: 0 | AA75: 1 | AB75: 0
A76: 50 | B76: 0 | C76: 0 | D76: 1 | E76: 222 | F76: =ROUND(Source!AO72,O76) -> 0 | G76: СтМатОбЗак | H76: Стоимость материалов и оборудования заказчика | K76: 222 | L76: 3 | M76: 3 | O76: 2 | P76: =ROUND(Source!EG72,O76) -> 0 | W76: 0 | X76: 1 | Y76: 0 | Z76: 0 | AA76: 1 | AB76: 0
A77: 50 | B77: 0 | C77: 0 | D77: 1 | E77: 225 | F77: =ROUND(Source!AV72,O77) -> 0 | G77: СтМатОбПод | H77: Стоимость материалов и оборудования подрядчика | K77: 225 | L77: 4 | M77: 3 | O77: 2 | P77: =ROUND(Source!EN72,O77) -> 0 | W77: 0 | X77: 1 | Y77: 0 | Z77: 0 | AA77: 1 | AB77: 0
A78: 50 | B78: 0 | C78: 0 | D78: 1 | E78: 226 | F78: =ROUND(Source!AW72,O78) -> 0 | G78: СтМат | H78: Стоимость материалов (всего) | K78: 226 | L78: 5 | M78: 3 | O78: 2 | P78: =ROUND(Source!EO72,O78) -> 0 | W78: 0 | X78: 1 | Y78: 0 | Z78: 0 | AA78: 1 | AB78: 0
A79: 50 | B79: 0 | C79: 0 | D79: 1 | E79: 227 | F79: =ROUND(Source!AX72,O79) -> 0 | G79: СтМатЗак | H79: Стоимость материалов заказчика | K79: 227 | L79: 6 | M79: 3 | O79: 2 | P79: =ROUND(Source!EP72,O79) -> 0 | W79: 0 | X79: 1 | Y79: 0 | Z79: 0 | AA79: 1 | AB79: 0
A80: 50 | B80: 0 | C80: 0 | D80: 1 | E80: 228 | F80: =ROUND(Source!AY72,O80) -> 0 | G80: СтМатПод | H80: Стоимость материалов подрядчика | K80: 228 | L80: 7 | M80: 3 | O80: 2 | P80: =ROUND(Source!EQ72,O80) -> 0 | W80: 0 | X80: 1 | Y80: 0 | Z80: 0 | AA80: 1 | AB80: 0
A81: 50 | B81: 0 | C81: 0 | D81: 1 | E81: 216 | F81: =ROUND(Source!AP72,O81) -> 0 | G81: Оборуд | H81: Стоимость оборудования (всего) | K81: 216 | L81: 8 | M81: 3 | O81: 2 | P81: =ROUND(Source!EH72,O81) -> 0 | W81: 0 | X81: 1 | Y81: 0 | Z81: 0 | AA81: 1 | AB81: 0
A82: 50 | B82: 0 | C82: 0 | D82: 1 | E82: 223 | F82: =ROUND(Source!AQ72,O82) -> 0 | G82: ОборудЗак | H82: Стоимость оборудования заказчика | K82: 223 | L82: 9 | M82: 3 | O82: 2 | P82: =ROUND(Source!EI72,O82) -> 0 | W82: 0 | X82: 1 | Y82: 0 | Z82: 0 | AA82: 1 | AB82: 0
A83: 50 | B83: 0 | C83: 0 | D83: 1 | E83: 229 | F83: =ROUND(Source!AZ72,O83) -> 0 | G83: ОборудПод | H83: Стоимость оборудования подрядчика | K83: 229 | L83: 10 | M83: 3 | O83: 2 | P83: =ROUND(Source!ER72,O83) -> 0 | W83: 0 | X83: 1 | Y83: 0 | Z83: 0 | AA83: 1 | AB83: 0
A84: 50 | B84: 0 | C84: 0 | D84: 1 | E84: 203 | F84: =ROUND(Source!Q72,O84) -> 1419.09 | G84: ЭММ | H84: Эксплуатация машин | K84: 203 | L84: 11 | M84: 3 | O84: 2 | P84: =ROUND(Source!DI72,O84) -> 21059.26 | W84: 1419.09 | X84: 1 | Y84: 1419.09 | Z84: 21059.26 | AA84: 1 | AB84: 21059.26
A85: 50 | B85: 0 | C85: 0 | D85: 1 | E85: 231 | F85: =ROUND(Source!BB72,O85) -> 0 | G85: ЭММсНРиСП | H85: Эксплуатация машин по ТСН-2001.16 | K85: 231 | L85: 12 | M85: 3 | O85: 2 | P85: =ROUND(Source!ET72,O85) -> 0 | W85: 0 | X85: 1 | Y85: 0 | Z85: 0 | AA85: 1 | AB85: 0
A86: 50 | B86: 0 | C86: 0 | D86: 1 | E86: 204 | F86: =ROUND(Source!R72,O86) -> 116.34 | G86: ЗПМ | H86: ЗП машинистов | K86: 204 | L86: 13 | M86: 3 | O86: 2 | P86: =ROUND(Source!DJ72,O86) -> 6719.63 | W86: 116.34 | X86: 1 | Y86: 116.34 | Z86: 6719.63 | AA86: 1 | AB86: 6719.63
A87: 50 | B87: 0 | C87: 0 | D87: 1 | E87: 205 | F87: =ROUND(Source!S72,O87) -> 1657.73 | G87: ОЗП | H87: Основная ЗП рабочих | K87: 205 | L87: 14 | M87: 3 | O87: 2 | P87: =ROUND(Source!DK72,O87) -> 95750.71 | W87: 1657.73 | X87: 1 | Y87: 1657.73 | Z87: 95750.71 | AA87: 1 | AB87: 95750.71
A88: 50 | B88: 0 | C88: 0 | D88: 1 | E88: 232 | F88: =ROUND(Source!BC72,O88) -> 0 | G88: ОЗПсНРиСП | H88: Основная ЗП рабочих по ТСН-2001.16 | K88: 232 | L88: 15 | M88: 3 | O88: 2 | P88: =ROUND(Source!EU72,O88) -> 0 | W88: 0 | X88: 1 | Y88: 0 | Z88: 0 | AA88: 1 | AB88: 0
A89: 50 | B89: 0 | C89: 0 | D89: 1 | E89: 214 | F89: =ROUND(Source!AS72,O89) -> 6057.25 | G89: Строит | H89: Строительные работы с НР и СП | K89: 214 | L89: 16 | M89: 3 | O89: 2 | P89: =ROUND(Source!EK72,O89) -> 288960.14 | W89: 6057.25 | X89: 1 | Y89: 6057.25 | Z89: 288960.14 | AA89: 1 | AB89: 288960.14
A90: 50 | B90: 0 | C90: 0 | D90: 1 | E90: 215 | F90: =ROUND(Source!AT72,O90) -> 0 | G90: Монтаж | H90: Монтажные работы с НР и СП | K90: 215 | L90: 17 | M90: 3 | O90: 2 | P90: =ROUND(Source!EL72,O90) -> 0 | W90: 0 | X90: 1 | Y90: 0 | Z90: 0 | AA90: 1 | AB90: 0
A91: 50 | B91: 0 | C91: 0 | D91: 1 | E91: 217 | F91: =ROUND(Source!AU72,O91) -> 0 | G91: Прочие | H91: Прочие работы с НР и СП | K91: 217 | L91: 18 | M91: 3 | O91: 2 | P91: =ROUND(Source!EM72,O91) -> 0 | W91: 0 | X91: 1 | Y91: 0 | Z91: 0 | AA91: 1 | AB91: 0
A92: 50 | B92: 0 | C92: 0 | D92: 1 | E92: 230 | F92: =ROUND(Source!BA72,O92) -> 0 | G92: ПрочиеЗатр | H92: Прочие затраты по ТСН-2001.16 | K92: 230 | L92: 19 | M92: 3 | O92: 2 | P92: =ROUND(Source!ES72,O92) -> 0 | W92: 0 | X92: 1 | Y92: 0 | Z92: 0 | AA92: 1 | AB92: 0
A93: 50 | B93: 0 | C93: 0 | D93: 1 | E93: 206 | F93: =ROUND(Source!T72,O93) -> 0 | G93: ВозврМат | H93: Возврат материалов | K93: 206 | L93: 20 | M93: 3 | O93: 2 | P93: =ROUND(Source!DL72,O93) -> 0 | W93: 0 | X93: 1 | Y93: 0 | Z93: 0 | AA93: 1 | AB93: 0
A94: 50 | B94: 0 | C94: 0 | D94: 1 | E94: 207 | F94: =Source!U72 -> 154.9284 | G94: ТрудСтр | H94: Трудозатраты строителей | K94: 207 | L94: 21 | M94: 3 | O94: -1 | P94: =Source!DM72 -> 154.9284 | W94: 154.9284 | X94: 1 | Y94: 154.9284 | Z94: 154.9284 | AA94: 1 | AB94: 154.9284
A95: 50 | B95: 0 | C95: 0 | D95: 1 | E95: 208 | F95: =Source!V72 -> 0 | G95: ТрудМаш | H95: Трудозатраты машинистов | K95: 208 | L95: 22 | M95: 3 | O95: -1 | P95: =Source!DN72 -> 0 | W95: 0 | X95: 1 | Y95: 0 | Z95: 0 | AA95: 1 | AB95: 0
A96: 50 | B96: 0 | C96: 0 | D96: 1 | E96: 209 | F96: =ROUND(Source!W72,O96) -> 0 | G96: ТранспМат | H96: Транспорт материалов | K96: 209 | L96: 23 | M96: 3 | O96: 2 | P96: =ROUND(Source!DO72,O96) -> 0 | W96: 0 | X96: 1 | Y96: 0 | Z96: 0 | AA96: 1 | AB96: 0
A97: 50 | B97: 0 | C97: 0 | D97: 1 | E97: 233 | F97: =ROUND(Source!BD72,O97) -> 0 | G97: Перевозка | H97: Перевозка грузов | K97: 233 | L97: 24 | M97: 3 | O97: 2 | P97: =ROUND(Source!EV72,O97) -> 0 | W97: 0 | X97: 1 | Y97: 0 | Z97: 0 | AA97: 1 | AB97: 0
A98: 50 | B98: 0 | C98: 0 | D98: 1 | E98: 210 | F98: =ROUND(Source!X72,O98) -> 1862.77 | G98: НР | H98: Накладные расходы | K98: 210 | L98: 25 | M98: 3 | O98: 2 | P98: =ROUND(Source!DP72,O98) -> 107593.86 | W98: 1862.77 | X98: 1 | Y98: 1862.77 | Z98: 107593.86 | AA98: 1 | AB98: 107593.86
A99: 50 | B99: 0 | C99: 0 | D99: 1 | E99: 211 | F99: =ROUND(Source!Y72,O99) -> 1117.66 | G99: СмПриб | H99: Сметная прибыль | K99: 211 | L99: 26 | M99: 3 | O99: 2 | P99: =ROUND(Source!DQ72,O99) -> 64556.31 | W99: 1117.66 | X99: 1 | Y99: 1117.66 | Z99: 64556.31 | AA99: 1 | AB99: 64556.31
A100: 50 | B100: 0 | C100: 0 | D100: 1 | E100: 224 | F100: =ROUND(Source!AR72,O100) -> 6057.25 | G100: Всего | H100: Всего с НР и СП | K100: 224 | L100: 27 | M100: 3 | O100: 2 | P100: =ROUND(Source!EJ72,O100) -> 288960.14 | W100: 6057.25 | X100: 1 | Y100: 6057.25 | Z100: 288960.14 | AA100: 1 | AB100: 288960.14
A102: 4 | B102: 1 | D102: =ROW(A125) -> 125 | F102: 7 | G102: Протекторная защита - новые участки | I102: 0 | K102: -1 | S102: 0 | T102: 0 | V102: 2 | BX102: 0 | CJ102: 0
A104: 52 | B104: =B125 -> 1 | C104: =C125 -> 4 | D104: =D125 -> 102 | E104: =E125 -> 0 | F104: =F125 -> 7 | G104: =G125 -> Протекторная защита - новые участки | O104: =O125 -> 3031.04 | P104: =P125 -> 1193.67 | Q104: =Q125 -> 1119.26 | R104: =R125 -> 118.56 | S104: =S125 -> 718.11 | T104: =T125 -> 0 | U104: =U125 -> 68.776774 | V104: =V125 -> 0 | ... GX104: =GX125 -> 0
A106: 17 | B106: 1 | C106: =ROW(SmtRes!A127) -> 127 | D106: =ROW(EtalonRes!A127) -> 127 | E106: 5 | F106: 3.24-30-1 | G106: Установка протектора одиночного, упакованного в порошкообразном активаторе, с земляными работами, разборкой и восстановлением изоляции (без стоимости протектора) | H106: 1 протектор | I106: =ROUND(4,9) -> 4 | J106: 0 | K106: =ROUND(4,9) -> 4 | O106: =ROUND(CP106,2) -> 1671.4 | P106: =ROUND(CQ106*I106,2) -> 148.6 | Q106: =ROUND(CR106*I106,2) -> 927.83 | R106: =ROUND(CS106*I106,2) -> 96.34 | S106: =ROUND(CT106*I106,2) -> 594.97 | T106: =ROUND(CU106*I106,2) -> 0 | U106: =CV106*I106 -> 58.21552 | V106: =CW106*I106 -> 0 | W106: =ROUND(CX106*I106,2) -> 0 | X106: =ROUND(CY106,2) -> 808.83 | Y106: =ROUND(CZ106,2) -> 511.57 | AA106: 86497921 | AB106: =(AC106+AD106+AF106) -> 393.836 | AC106: =(ES106) -> 37.04 | AD106: =((ET106*1.1)) -> 217.393 | AE106: =((EU106*1.1)) -> 22.572 | AF106: =((EV106*1.1)) -> 139.403 | AG106: =(AP106) -> 0 | AH106: =((EW106*1.1)) -> 13.64 | AI106: =((EX106*1.1)) -> 0 | AJ106: =(AS106) -> 0 | AK106: 0 | AL106: 37.04 | AM106: 197.63 | AN106: 20.52 | AO106: 126.73 | AP106: 0 | AQ106: 12.4 | AR106: 0 | AS106: 0 | AT106: 117 | AU106: 74 | AV106: 1.067 | AW106: 1.003 | AZ106: 1 | BA106: 1 | BB106: 1 | BC106: 1 | BH106: 0 | BI106: 1 | BJ106: 3.24-30-1 | BM106: 142 | BN106: 0 | BO106: 3.24-30-1 | BP106: 1 | BQ106: 30 | BR106: 0 | BS106: 1 | BT106: 1 | BU106: 1 | BV106: 1 | BW106: 1 | BX106: 1 | BZ106: 117 | CA106: 74 | CE106: 0 | CF106: 0 | CG106: 0 | CM106: 0 | CN106: Поправка:стеснённые условия, пп. "в" | CO106: 0 | CP106: =(P106+Q106+S106) -> 1671.4 | CQ106: =(AC106*BC106*AW106) -> 37.15112 | CR106: =(((ET106*1.1))*BB106*AV106) -> 231.95833 | CS106: =(AE106*BS106*AV106) -> 24.084324 | CT106: =(AF106*BA106*AV106) -> 148.743 | CU106: =AG106 -> 0 | CV106: =(AH106*AV106) -> 14.55388 | CW106: =AI106 -> 0 | CX106: =AJ106 -> 0 | CY106: =(((S106+R106)*BZ106)/100) -> 808.8327 | CZ106: =(((S106+R106)*CA106)/100) -> 511.5694 | DE106: *1,1 | DF106: *1,1 | DG106: *1,1 | DI106: *1,1 | DJ106: *1,1 | DN106: 0 | DO106: 0 | DP106: 1 | DQ106: 1 | DU106: 1013 | DV106: 1 протектор | DW106: 1 протектор | DX106: 1 | EE106: 86330770 | EF106: 30 | EG106: Строительные работы | EH106: 0 | EJ106: 1 | EK106: 142 | EL106: ТСН-2001.3-24. 24-1...24-60 | EM106: ТСН-2001.3-24-1 | EO106: Попр.12.00.01.11.003 | EQ106: 0 | ER106: 0 | ES106: 37.04 | ET106: 197.63 | EU106: 20.52 | EV106: 126.73 | EW106: 12.4 | EX106: 0 | EY106: 0 | FQ106: 0 | FR106: 0 | FS106: 0 | FX106: 117 | FY106: 74 | GD106: 1 | GF106: 999935177 | GG106: 2 | GH106: 0 | GI106: -2 | GJ106: 0 | GK106: 0 | GL106: =ROUND(IF(AND(BH106=3,BI106=3,FS106<>0),P106,0),2) -> 0 | GM106: =ROUND(O106+X106+Y106,2)+GX106 -> 2991.8 | GN106: =IF(OR(BI106=0,BI106=1),GM106-GX106,0) -> 2991.8 | GO106: =IF(BI106=2,GM106-GX106,0) -> 0 | GP106: =IF(BI106=4,GM106-GX106,0) -> 0 | GR106: 0 | GS106: 3 | GT106: 0 | GV106: =(GT106) -> 0 | GW106: 1 | GX106: =ROUND(HC106*I106,2) -> 0 | HA106: 0 | HB106: 0 | HC106: =GV106*GW106 -> 0 | HS106: 0 | IK106: 0
A107: 17 | B107: 1 | C107: =ROW(SmtRes!A138) -> 138 | D107: =ROW(EtalonRes!A138) -> 138 | E107: 5 | F107: 3.24-30-1 | G107: Установка протектора одиночного, упакованного в порошкообразном активаторе, с земляными работами, разборкой и восстановлением изоляции (без стоимости протектора) | H107: 1 протектор | I107: =ROUND(4,9) -> 4 | J107: 0 | K107: =ROUND(4,9) -> 4 | O107: =ROUND(CP107,2) -> 49458.08 | P107: =ROUND(CQ107*I107,2) -> 1453.35 | Q107: =ROUND(CR107*I107,2) -> 13639.15 | R107: =ROUND(CS107*I107,2) -> 5564.44 | S107: =ROUND(CT107*I107,2) -> 34365.58 | T107: =ROUND(CU107*I107,2) -> 0 | U107: =CV107*I107 -> 58.21552 | V107: =CW107*I107 -> 0 | W107: =ROUND(CX107*I107,2) -> 0 | X107: =ROUND(CY107,2) -> 46718.12 | Y107: =ROUND(CZ107,2) -> 29548.21 | AA107: 86497922 | AB107: =(AC107+AD107+AF107) -> 393.836 | AC107: =(ES107) -> 37.04 | AD107: =((ET107*1.1)) -> 217.393 | AE107: =((EU107*1.1)) -> 22.572 | AF107: =((EV107*1.1)) -> 139.403 | AG107: =(AP107) -> 0 | AH107: =((EW107*1.1)) -> 13.64 | AI107: =((EX107*1.1)) -> 0 | AJ107: =(AS107) -> 0 | AK107: 0 | AL107: 37.04 | AM107: 197.63 | AN107: 20.52 | AO107: 126.73 | AP107: 0 | AQ107: 12.4 | AR107: 0 | AS107: 0 | AT107: 117 | AU107: 74 | AV107: 1.067 | AW107: 1.003 | AZ107: 1 | BA107: 57.76 | BB107: 14.7 | BC107: 9.78 | BH107: 0 | BI107: 1 | BJ107: 3.24-30-1 | BM107: 142 | BN107: 0 | BO107: 3.24-30-1 | BP107: 1 | BQ107: 30 | BR107: 0 | BS107: 57.76 | BT107: 1 | BU107: 1 | BV107: 1 | BW107: 1 | BX107: 1 | BZ107: 117 | CA107: 74 | CE107: 0 | CF107: 0 | CG107: 0 | CM107: 0 | CN107: Поправка:стеснённые условия, пп. "в" | CO107: 0 | CP107: =(P107+Q107+S107) -> 49458.08 | CQ107: =(AC107*BC107*AW107) -> 363.33795 | CR107: =(((ET107*1.1))*BB107*AV107) -> 3409.7875 | CS107: =(AE107*BS107*AV107) -> 1391.1106 | CT107: =(AF107*BA107*AV107) -> 8591.3957 | CU107: =AG107 -> 0 | CV107: =(AH107*AV107) -> 14.55388 | CW107: =AI107 -> 0 | CX107: =AJ107 -> 0 | CY107: =(S107+R107)*(BZ107/100) -> 46718.123 | CZ107: =(S107+R107)*(CA107/100) -> 29548.215 | DE107: *1,1 | DF107: *1,1 | DG107: *1,1 | DI107: *1,1 | DJ107: *1,1 | DN107: 117 | DO107: 74 | DP107: 1 | DQ107: 1 | DU107: 1013 | DV107: 1 протектор | DW107: 1 протектор | DX107: 1 | EE107: 86330770 | EF107: 30 | EG107: Строительные работы | EH107: 0 | EJ107: 1 | EK107: 142 | EL107: ТСН-2001.3-24. 24-1...24-60 | EM107: ТСН-2001.3-24-1 | EO107: Попр.12.00.01.11.003 | EQ107: 0 | ER107: 0 | ES107: 37.04 | ET107: 197.63 | EU107: 20.52 | EV107: 126.73 | EW107: 12.4 | EX107: 0 | EY107: 0 | FQ107: 0 | FR107: 0 | FS107: 0 | FX107: 117 | FY107: 74 | GD107: 1 | GF107: 999935177 | GG107: 2 | GH107: 0 | GI107: -2 | GJ107: 0 | GK107: 0 | GL107: =ROUND(IF(AND(BH107=3,BI107=3,FS107<>0),P107,0),2) -> 0 | GM107: =ROUND(O107+X107+Y107,2)+GX107 -> 125724.41 | GN107: =IF(OR(BI107=0,BI107=1),GM107-GX107,0) -> 125724.41 | GO107: =IF(BI107=2,GM107-GX107,0) -> 0 | GP107: =IF(BI107=4,GM107-GX107,0) -> 0 | GR107: 0 | GS107: 3 | GT107: 0 | GV107: =(GT107) -> 0 | GW107: 9.78 | GX107: =ROUND(HC107*I107,2) -> 0 | HA107: 0 | HB107: 0 | HC107: =GV107*GW107 -> 0 | HS107: 0 | IK107: 0
A108: 17 | B108: 1 | E108: 6 | F108: 1.1-1-8117 | G108: Патрон термитный типа ПАС-16 | H108: 10 шт. | I108: =ROUND(4/10,9) -> 0.4 | J108: 0 | K108: =ROUND(4/10,9) -> 0.4 | O108: =ROUND(CP108,2) -> 104.44 | P108: =ROUND(CQ108*I108,2) -> 104.44 | Q108: =ROUND(CR108*I108,2) -> 0 | R108: =ROUND(CS108*I108,2) -> 0 | S108: =ROUND(CT108*I108,2) -> 0 | T108: =ROUND(CU108*I108,2) -> 0 | U108: =CV108*I108 -> 0 | V108: =CW108*I108 -> 0 | W108: =ROUND(CX108*I108,2) -> 0 | X108: =ROUND(CY108,2) -> 0 | Y108: =ROUND(CZ108,2) -> 0 | AA108: 86497921 | AB108: =(AC108+AD108+AF108) -> 261.11 | AC108: =(ES108) -> 261.11 | AD108: =(ET108) -> 0 | AE108: =(EU108) -> 0 | AF108: =(EV108) -> 0 | AG108: =(AP108) -> 0 | AH108: =(EW108) -> 0 | AI108: =(EX108) -> 0 | AJ108: =(AS108) -> 0 | AK108: 0 | AL108: 261.11 | AM108: 0 | AN108: 0 | AO108: 0 | AP108: 0 | AQ108: 0 | AR108: 0 | AS108: 0 | AT108: 117 | AU108: 74 | AV108: 1 | AW108: 1 | AZ108: 1 | BA108: 1 | BB108: 1 | BC108: 1 | BH108: 0 | BI108: 1 | BJ108: 1.1-1-8117 | BM108: 1617 | BN108: 0 | BO108: 1.1-1-8117 | BP108: 1 | BQ108: 200 | BR108: 0 | BS108: 1 | BT108: 1 | BU108: 1 | BV108: 1 | BW108: 1 | BX108: 1 | BZ108: 117 | CA108: 74 | CE108: 0 | CF108: 0 | CG108: 0 | CM108: 0 | CO108: 0 | CP108: =(P108+Q108+S108) -> 104.44 | CQ108: =(AC108*BC108*AW108) -> 261.11 | CR108: =((ET108)*BB108*AV108) -> 0 | CS108: =(AE108*BS108*AV108) -> 0 | CT108: =(AF108*BA108*AV108) -> 0 | CU108: =AG108 -> 0 | CV108: =(AH108*AV108) -> 0 | CW108: =AI108 -> 0 | CX108: =AJ108 -> 0 | CY108: =(((S108+R108)*BZ108)/100) -> 0 | CZ108: =(((S108+R108)*CA108)/100) -> 0 | DN108: 0 | DO108: 0 | DP108: 1 | DQ108: 1 | DU108: 1010 | DV108: 10 шт. | DW108: 10 шт. | DX108: 10 | EE108: 86332245 | EF108: 200 | EG108: Материалы строительные | EH108: 0 | EJ108: 1 | EK108: 1617 | EL108: ТСН-2001.1 Материалы строительные | EM108: ТСН-2001.1-1 | EQ108: 0 | ER108: 0 | ES108: 261.11 | ET108: 0 | EU108: 0 | EV108: 0 | EW108: 0 | EX108: 0 | EY108: 0 | FQ108: 0 | FR108: 0 | FS108: 0 | FX108: 117 | FY108: 74 | GD108: 1 | GF108: 754348959 | GG108: 2 | GH108: 0 | GI108: -2 | GJ108: 0 | GK108: 0 | GL108: =ROUND(IF(AND(BH108=3,BI108=3,FS108<>0),P108,0),2) -> 0 | GM108: =ROUND(O108+X108+Y108,2)+GX108 -> 104.44 | GN108: =IF(OR(BI108=0,BI108=1),GM108-GX108,0) -> 104.44 | GO108: =IF(BI108=2,GM108-GX108,0) -> 0 | GP108: =IF(BI108=4,GM108-GX108,0) -> 0 | GR108: 0 | GS108: 3 | GT108: 0 | GV108: =(GT108) -> 0 | GW108: 1 | GX108: =ROUND(HC108*I108,2) -> 0 | HA108: 0 | HB108: 0 | HC108: =GV108*GW108 -> 0 | HS108: 0 | IK108: 0
A109: 17 | B109: 1 | E109: 6 | F109: 1.1-1-8117 | G109: Патрон термитный типа ПАС-16 | H109: 10 шт. | I109: =ROUND(4/10,9) -> 0.4 | J109: 0 | K109: =ROUND(4/10,9) -> 0.4 | O109: =ROUND(CP109,2) -> 997.44 | P109: =ROUND(CQ109*I109,2) -> 997.44 | Q109: =ROUND(CR109*I109,2) -> 0 | R109: =ROUND(CS109*I109,2) -> 0 | S109: =ROUND(CT109*I109,2) -> 0 | T109: =ROUND(CU109*I109,2) -> 0 | U109: =CV109*I109 -> 0 | V109: =CW109*I109 -> 0 | W109: =ROUND(CX109*I109,2) -> 0 | X109: =ROUND(CY109,2) -> 0 | Y109: =ROUND(CZ109,2) -> 0 | AA109: 86497922 | AB109: =(AC109+AD109+AF109) -> 261.11 | AC109: =(ES109) -> 261.11 | AD109: =(ET109) -> 0 | AE109: =(EU109) -> 0 | AF109: =(EV109) -> 0 | AG109: =(AP109) -> 0 | AH109: =(EW109) -> 0 | AI109: =(EX109) -> 0 | AJ109: =(AS109) -> 0 | AK109: 0 | AL109: 261.11 | AM109: 0 | AN109: 0 | AO109: 0 | AP109: 0 | AQ109: 0 | AR109: 0 | AS109: 0 | AT109: 117 | AU109: 74 | AV109: 1 | AW109: 1 | AZ109: 1 | BA109: 1 | BB109: 1 | BC109: 9.55 | BH109: 0 | BI109: 1 | BJ109: 1.1-1-8117 | BM109: 1617 | BN109: 0 | BO109: 1.1-1-8117 | BP109: 1 | BQ109: 200 | BR109: 0 | BS109: 1 | BT109: 1 | BU109: 1 | BV109: 1 | BW109: 1 | BX109: 1 | BZ109: 117 | CA109: 74 | CE109: 0 | CF109: 0 | CG109: 0 | CM109: 0 | CO109: 0 | CP109: =(P109+Q109+S109) -> 997.44 | CQ109: =(AC109*BC109*AW109) -> 2493.6005 | CR109: =((ET109)*BB109*AV109) -> 0 | CS109: =(AE109*BS109*AV109) -> 0 | CT109: =(AF109*BA109*AV109) -> 0 | CU109: =AG109 -> 0 | CV109: =(AH109*AV109) -> 0 | CW109: =AI109 -> 0 | CX109: =AJ109 -> 0 | CY109: =(S109+R109)*(BZ109/100) -> 0 | CZ109: =(S109+R109)*(CA109/100) -> 0 | DN109: 117 | DO109: 74 | DP109: 1 | DQ109: 1 | DU109: 1010 | DV109: 10 шт. | DW109: 10 шт. | DX109: 10 | EE109: 86332245 | EF109: 200 | EG109: Материалы строительные | EH109: 0 | EJ109: 1 | EK109: 1617 | EL109: ТСН-2001.1 Материалы строительные | EM109: ТСН-2001.1-1 | EQ109: 0 | ER109: 0 | ES109: 261.11 | ET109: 0 | EU109: 0 | EV109: 0 | EW109: 0 | EX109: 0 | EY109: 0 | FQ109: 0 | FR109: 0 | FS109: 0 | FX109: 117 | FY109: 74 | GD109: 1 | GF109: 754348959 | GG109: 2 | GH109: 0 | GI109: -2 | GJ109: 0 | GK109: 0 | GL109: =ROUND(IF(AND(BH109=3,BI109=3,FS109<>0),P109,0),2) -> 0 | GM109: =ROUND(O109+X109+Y109,2)+GX109 -> 997.44 | GN109: =IF(OR(BI109=0,BI109=1),GM109-GX109,0) -> 997.44 | GO109: =IF(BI109=2,GM109-GX109,0) -> 0 | GP109: =IF(BI109=4,GM109-GX109,0) -> 0 | GR109: 0 | GS109: 3 | GT109: 0 | GV109: =(GT109) -> 0 | GW109: 9.55 | GX109: =ROUND(HC109*I109,2) -> 0 | HA109: 0 | HB109: 0 | HC109: =GV109*GW109 -> 0 | HS109: 0 | IK109: 0
A110: 17 | B110: 1 | E110: 7 | F110: 1.1-1-8131 | G110: Спичка термитная | H110: 100 шт. | I110: =ROUND(4/100,9) -> 0.04 | J110: 0 | K110: =ROUND(4/100,9) -> 0.04 | O110: =ROUND(CP110,2) -> 15.29 | P110: =ROUND(CQ110*I110,2) -> 15.29 | Q110: =ROUND(CR110*I110,2) -> 0 | R110: =ROUND(CS110*I110,2) -> 0 | S110: =ROUND(CT110*I110,2) -> 0 | T110: =ROUND(CU110*I110,2) -> 0 | U110: =CV110*I110 -> 0 | V110: =CW110*I110 -> 0 | W110: =ROUND(CX110*I110,2) -> 0 | X110: =ROUND(CY110,2) -> 0 | Y110: =ROUND(CZ110,2) -> 0 | AA110: 86497921 | AB110: =(AC110+AD110+AF110) -> 382.16 | AC110: =(ES110) -> 382.16 | AD110: =(ET110) -> 0 | AE110: =(EU110) -> 0 | AF110: =(EV110) -> 0 | AG110: =(AP110) -> 0 | AH110: =(EW110) -> 0 | AI110: =(EX110) -> 0 | AJ110: =(AS110) -> 0 | AK110: 0 | AL110: 382.16 | AM110: 0 | AN110: 0 | AO110: 0 | AP110: 0 | AQ110: 0 | AR110: 0 | AS110: 0 | AT110: 117 | AU110: 74 | AV110: 1 | AW110: 1 | AZ110: 1 | BA110: 1 | BB110: 1 | BC110: 1 | BH110: 0 | BI110: 1 | BJ110: 1.1-1-8131 | BM110: 1617 | BN110: 0 | BO110: 1.1-1-8131 | BP110: 1 | BQ110: 200 | BR110: 0 | BS110: 1 | BT110: 1 | BU110: 1 | BV110: 1 | BW110: 1 | BX110: 1 | BZ110: 117 | CA110: 74 | CE110: 0 | CF110: 0 | CG110: 0 | CM110: 0 | CO110: 0 | CP110: =(P110+Q110+S110) -> 15.29 | CQ110: =(AC110*BC110*AW110) -> 382.16 | CR110: =((ET110)*BB110*AV110) -> 0 | CS110: =(AE110*BS110*AV110) -> 0 | CT110: =(AF110*BA110*AV110) -> 0 | CU110: =AG110 -> 0 | CV110: =(AH110*AV110) -> 0 | CW110: =AI110 -> 0 | CX110: =AJ110 -> 0 | CY110: =(((S110+R110)*BZ110)/100) -> 0 | CZ110: =(((S110+R110)*CA110)/100) -> 0 | DN110: 0 | DO110: 0 | DP110: 1 | DQ110: 1 | DU110: 1010 | DV110: 100 шт. | DW110: 100 шт. | DX110: 100 | EE110: 86332245 | EF110: 200 | EG110: Материалы строительные | EH110: 0 | EJ110: 1 | EK110: 1617 | EL110: ТСН-2001.1 Материалы строительные | EM110: ТСН-2001.1-1 | EQ110: 0 | ER110: 0 | ES110: 382.16 | ET110: 0 | EU110: 0 | EV110: 0 | EW110: 0 | EX110: 0 | EY110: 0 | FQ110: 0 | FR110: 0 | FS110: 0 | FX110: 117 | FY110: 74 | GD110: 1 | GF110: -792799278 | GG110: 2 | GH110: 0 | GI110: -2 | GJ110: 0 | GK110: 0 | GL110: =ROUND(IF(AND(BH110=3,BI110=3,FS110<>0),P110,0),2) -> 0 | GM110: =ROUND(O110+X110+Y110,2)+GX110 -> 15.29 | GN110: =IF(OR(BI110=0,BI110=1),GM110-GX110,0) -> 15.29 | GO110: =IF(BI110=2,GM110-GX110,0) -> 0 | GP110: =IF(BI110=4,GM110-GX110,0) -> 0 | GR110: 0 | GS110: 3 | GT110: 0 | GV110: =(GT110) -> 0 | GW110: 1 | GX110: =ROUND(HC110*I110,2) -> 0 | HA110: 0 | HB110: 0 | HC110: =GV110*GW110 -> 0 | HS110: 0 | IK110: 0
A111: 17 | B111: 1 | E111: 7 | F111: 1.1-1-8131 | G111: Спичка термитная | H111: 100 шт. | I111: =ROUND(4/100,9) -> 0.04 | J111: 0 | K111: =ROUND(4/100,9) -> 0.04 | O111: =ROUND(CP111,2) -> 106.09 | P111: =ROUND(CQ111*I111,2) -> 106.09 | Q111: =ROUND(CR111*I111,2) -> 0 | R111: =ROUND(CS111*I111,2) -> 0 | S111: =ROUND(CT111*I111,2) -> 0 | T111: =ROUND(CU111*I111,2) -> 0 | U111: =CV111*I111 -> 0 | V111: =CW111*I111 -> 0 | W111: =ROUND(CX111*I111,2) -> 0 | X111: =ROUND(CY111,2) -> 0 | Y111: =ROUND(CZ111,2) -> 0 | AA111: 86497922 | AB111: =(AC111+AD111+AF111) -> 382.16 | AC111: =(ES111) -> 382.16 | AD111: =(ET111) -> 0 | AE111: =(EU111) -> 0 | AF111: =(EV111) -> 0 | AG111: =(AP111) -> 0 | AH111: =(EW111) -> 0 | AI111: =(EX111) -> 0 | AJ111: =(AS111) -> 0 | AK111: 0 | AL111: 382.16 | AM111: 0 | AN111: 0 | AO111: 0 | AP111: 0 | AQ111: 0 | AR111: 0 | AS111: 0 | AT111: 117 | AU111: 74 | AV111: 1 | AW111: 1 | AZ111: 1 | BA111: 1 | BB111: 1 | BC111: 6.94 | BH111: 0 | BI111: 1 | BJ111: 1.1-1-8131 | BM111: 1617 | BN111: 0 | BO111: 1.1-1-8131 | BP111: 1 | BQ111: 200 | BR111: 0 | BS111: 1 | BT111: 1 | BU111: 1 | BV111: 1 | BW111: 1 | BX111: 1 | BZ111: 117 | CA111: 74 | CE111: 0 | CF111: 0 | CG111: 0 | CM111: 0 | CO111: 0 | CP111: =(P111+Q111+S111) -> 106.09 | CQ111: =(AC111*BC111*AW111) -> 2652.1904 | CR111: =((ET111)*BB111*AV111) -> 0 | CS111: =(AE111*BS111*AV111) -> 0 | CT111: =(AF111*BA111*AV111) -> 0 | CU111: =AG111 -> 0 | CV111: =(AH111*AV111) -> 0 | CW111: =AI111 -> 0 | CX111: =AJ111 -> 0 | CY111: =(S111+R111)*(BZ111/100) -> 0 | CZ111: =(S111+R111)*(CA111/100) -> 0 | DN111: 117 | DO111: 74 | DP111: 1 | DQ111: 1 | DU111: 1010 | DV111: 100 шт. | DW111: 100 шт. | DX111: 100 | EE111: 86332245 | EF111: 200 | EG111: Материалы строительные | EH111: 0 | EJ111: 1 | EK111: 1617 | EL111: ТСН-2001.1 Материалы строительные | EM111: ТСН-2001.1-1 | EQ111: 0 | ER111: 0 | ES111: 382.16 | ET111: 0 | EU111: 0 | EV111: 0 | EW111: 0 | EX111: 0 | EY111: 0 | FQ111: 0 | FR111: 0 | FS111: 0 | FX111: 117 | FY111: 74 | GD111: 1 | GF111: -792799278 | GG111: 2 | GH111: 0 | GI111: -2 | GJ111: 0 | GK111: 0 | GL111: =ROUND(IF(AND(BH111=3,BI111=3,FS111<>0),P111,0),2) -> 0 | GM111: =ROUND(O111+X111+Y111,2)+GX111 -> 106.09 | GN111: =IF(OR(BI111=0,BI111=1),GM111-GX111,0) -> 106.09 | GO111: =IF(BI111=2,GM111-GX111,0) -> 0 | GP111: =IF(BI111=4,GM111-GX111,0) -> 0 | GR111: 0 | GS111: 3 | GT111: 0 | GV111: =(GT111) -> 0 | GW111: 6.94 | GX111: =ROUND(HC111*I111,2) -> 0 | HA111: 0 | HB111: 0 | HC111: =GV111*GW111 -> 0 | HS111: 0 | IK111: 0
A112: 17 | B112: 1 | C112: =ROW(SmtRes!A150) -> 150 | D112: =ROW(EtalonRes!A150) -> 150 | E112: 8 | F112: 3.24-23-2 | G112: Устройство контрольного пункта (применительно) | H112: 1 ШТ. | I112: =ROUND(2,9) -> 2 | J112: 0 | K112: =ROUND(2,9) -> 2 | O112: =ROUND(CP112,2) -> 147.72 | P112: =ROUND(CQ112*I112,2) -> 56.87 | Q112: =ROUND(CR112*I112,2) -> 27.35 | R112: =ROUND(CS112*I112,2) -> 4.15 | S112: =ROUND(CT112*I112,2) -> 63.5 | T112: =ROUND(CU112*I112,2) -> 0 | U112: =CV112*I112 -> 5.469442 | V112: =CW112*I112 -> 0 | W112: =ROUND(CX112*I112,2) -> 0 | X112: =ROUND(CY112,2) -> 79.15 | Y112: =ROUND(CZ112,2) -> 50.06 | AA112: 86497921 | AB112: =(AC112+AD112+AF112) -> 70.92 | AC112: =(ES112) -> 28.35 | AD112: =((ET112*1.1)) -> 12.815 | AE112: =((EU112*1.1)) -> 1.947 | AF112: =((EV112*1.1)) -> 29.755 | AG112: =(AP112) -> 0 | AH112: =((EW112*1.1)) -> 2.563 | AI112: =((EX112*1.1)) -> 0 | AJ112: =(AS112) -> 0 | AK112: 0 | AL112: 28.35 | AM112: 11.65 | AN112: 1.77 | AO112: 27.05 | AP112: 0 | AQ112: 2.33 | AR112: 0 | AS112: 0 | AT112: 117 | AU112: 74 | AV112: 1.067 | AW112: 1.003 | AZ112: 1 | BA112: 1 | BB112: 1 | BC112: 1 | BH112: 0 | BI112: 1 | BJ112: 3.24-23-2 Применительно | BM112: 142 | BN112: 0 | BO112: 3.24-23-2 | BP112: 1 | BQ112: 30 | BR112: 0 | BS112: 1 | BT112: 1 | BU112: 1 | BV112: 1 | BW112: 1 | BX112: 1 | BZ112: 117 | CA112: 74 | CE112: 0 | CF112: 0 | CG112: 0 | CM112: 0 | CN112: Поправка:стеснённые условия, пп. "в" | CO112: 0 | CP112: =(P112+Q112+S112) -> 147.72 | CQ112: =(AC112*BC112*AW112) -> 28.43505 | CR112: =(((ET112*1.1))*BB112*AV112) -> 13.673605 | CS112: =(AE112*BS112*AV112) -> 2.077449 | CT112: =(AF112*BA112*AV112) -> 31.748585 | CU112: =AG112 -> 0 | CV112: =(AH112*AV112) -> 2.734721 | CW112: =AI112 -> 0 | CX112: =AJ112 -> 0 | CY112: =(((S112+R112)*BZ112)/100) -> 79.1505 | CZ112: =(((S112+R112)*CA112)/100) -> 50.061 | DE112: *1,1 | DF112: *1,1 | DG112: *1,1 | DI112: *1,1 | DJ112: *1,1 | DN112: 0 | DO112: 0 | DP112: 1 | DQ112: 1 | DU112: 1013 | DV112: 1 ШТ. | DW112: 1 ШТ. | DX112: 1 | EE112: 86330770 | EF112: 30 | EG112: Строительные работы | EH112: 0 | EJ112: 1 | EK112: 142 | EL112: ТСН-2001.3-24. 24-1...24-60 | EM112: ТСН-2001.3-24-1 | EO112: Попр.12.00.01.11.003 | EQ112: 0 | ER112: 0 | ES112: 28.35 | ET112: 11.65 | EU112: 1.77 | EV112: 27.05 | EW112: 2.33 | EX112: 0 | EY112: 0 | FQ112: 0 | FR112: 0 | FS112: 0 | FX112: 117 | FY112: 74 | GD112: 1 | GF112: -452510372 | GG112: 2 | GH112: 0 | GI112: -2 | GJ112: 0 | GK112: 0 | GL112: =ROUND(IF(AND(BH112=3,BI112=3,FS112<>0),P112,0),2) -> 0 | GM112: =ROUND(O112+X112+Y112,2)+GX112 -> 276.93 | GN112: =IF(OR(BI112=0,BI112=1),GM112-GX112,0) -> 276.93 | GO112: =IF(BI112=2,GM112-GX112,0) -> 0 | GP112: =IF(BI112=4,GM112-GX112,0) -> 0 | GR112: 0 | GS112: 3 | GT112: 0 | GV112: =(GT112) -> 0 | GW112: 1 | GX112: =ROUND(HC112*I112,2) -> 0 | HA112: 0 | HB112: 0 | HC112: =GV112*GW112 -> 0 | HS112: 0 | IK112: 0
A113: 17 | B113: 1 | C113: =ROW(SmtRes!A162) -> 162 | D113: =ROW(EtalonRes!A162) -> 162 | E113: 8 | F113: 3.24-23-2 | G113: Устройство контрольного пункта (применительно) | H113: 1 ШТ. | I113: =ROUND(2,9) -> 2 | J113: 0 | K113: =ROUND(2,9) -> 2 | O113: =ROUND(CP113,2) -> 4843.13 | P113: =ROUND(CQ113*I113,2) -> 683.01 | Q113: =ROUND(CR113*I113,2) -> 492.52 | R113: =ROUND(CS113*I113,2) -> 239.99 | S113: =ROUND(CT113*I113,2) -> 3667.6 | T113: =ROUND(CU113*I113,2) -> 0 | U113: =CV113*I113 -> 5.469442 | V113: =CW113*I113 -> 0 | W113: =ROUND(CX113*I113,2) -> 0 | X113: =ROUND(CY113,2) -> 4571.88 | Y113: =ROUND(CZ113,2) -> 2891.62 | AA113: 86497922 | AB113: =(AC113+AD113+AF113) -> 70.92 | AC113: =(ES113) -> 28.35 | AD113: =((ET113*1.1)) -> 12.815 | AE113: =((EU113*1.1)) -> 1.947 | AF113: =((EV113*1.1)) -> 29.755 | AG113: =(AP113) -> 0 | AH113: =((EW113*1.1)) -> 2.563 | AI113: =((EX113*1.1)) -> 0 | AJ113: =(AS113) -> 0 | AK113: 0 | AL113: 28.35 | AM113: 11.65 | AN113: 1.77 | AO113: 27.05 | AP113: 0 | AQ113: 2.33 | AR113: 0 | AS113: 0 | AT113: 117 | AU113: 74 | AV113: 1.067 | AW113: 1.003 | AZ113: 1 | BA113: 57.76 | BB113: 18.01 | BC113: 12.01 | BH113: 0 | BI113: 1 | BJ113: 3.24-23-2 Применительно | BM113: 142 | BN113: 0 | BO113: 3.24-23-2 | BP113: 1 | BQ113: 30 | BR113: 0 | BS113: 57.76 | BT113: 1 | BU113: 1 | BV113: 1 | BW113: 1 | BX113: 1 | BZ113: 117 | CA113: 74 | CE113: 0 | CF113: 0 | CG113: 0 | CM113: 0 | CN113: Поправка:стеснённые условия, пп. "в" | CO113: 0 | CP113: =(P113+Q113+S113) -> 4843.13 | CQ113: =(AC113*BC113*AW113) -> 341.50495 | CR113: =(((ET113*1.1))*BB113*AV113) -> 246.26163 | CS113: =(AE113*BS113*AV113) -> 119.99345 | CT113: =(AF113*BA113*AV113) -> 1833.7983 | CU113: =AG113 -> 0 | CV113: =(AH113*AV113) -> 2.734721 | CW113: =AI113 -> 0 | CX113: =AJ113 -> 0 | CY113: =(S113+R113)*(BZ113/100) -> 4571.8803 | CZ113: =(S113+R113)*(CA113/100) -> 2891.6166 | DE113: *1,1 | DF113: *1,1 | DG113: *1,1 | DI113: *1,1 | DJ113: *1,1 | DN113: 117 | DO113: 74 | DP113: 1 | DQ113: 1 | DU113: 1013 | DV113: 1 ШТ. | DW113: 1 ШТ. | DX113: 1 | EE113: 86330770 | EF113: 30 | EG113: Строительные работы | EH113: 0 | EJ113: 1 | EK113: 142 | EL113: ТСН-2001.3-24. 24-1...24-60 | EM113: ТСН-2001.3-24-1 | EO113: Попр.12.00.01.11.003 | EQ113: 0 | ER113: 0 | ES113: 28.35 | ET113: 11.65 | EU113: 1.77 | EV113: 27.05 | EW113: 2.33 | EX113: 0 | EY113: 0 | FQ113: 0 | FR113: 0 | FS113: 0 | FX113: 117 | FY113: 74 | GD113: 1 | GF113: -452510372 | GG113: 2 | GH113: 0 | GI113: -2 | GJ113: 0 | GK113: 0 | GL113: =ROUND(IF(AND(BH113=3,BI113=3,FS113<>0),P113,0),2) -> 0 | GM113: =ROUND(O113+X113+Y113,2)+GX113 -> 12306.63 | GN113: =IF(OR(BI113=0,BI113=1),GM113-GX113,0) -> 12306.63 | GO113: =IF(BI113=2,GM113-GX113,0) -> 0 | GP113: =IF(BI113=4,GM113-GX113,0) -> 0 | GR113: 0 | GS113: 3 | GT113: 0 | GV113: =(GT113) -> 0 | GW113: 12.01 | GX113: =ROUND(HC113*I113,2) -> 0 | HA113: 0 | HB113: 0 | HC113: =GV113*GW113 -> 0 | HS113: 0 | IK113: 0
A114: 17 | B114: 1 | C114: =ROW(SmtRes!A169) -> 169 | D114: =ROW(EtalonRes!A169) -> 169 | E114: 9 | F114: 3.24-32-1 | G114: Прокладка кабелей дренажных с земляными работами (без стоимости кабелей при расходе 1,02 м на 1 м прокладки) при массе 1 м кабеля до 3 кг | H114: 1 м кабеля | I114: =ROUND(20,9) -> 20 | J114: 0 | K114: =ROUND(20,9) -> 20 | O114: =ROUND(CP114,2) -> 347.69 | P114: =ROUND(CQ114*I114,2) -> 140.42 | Q114: =ROUND(CR114*I114,2) -> 164.08 | R114: =ROUND(CS114*I114,2) -> 18.07 | S114: =ROUND(CT114*I114,2) -> 43.19 | T114: =ROUND(CU114*I114,2) -> 0 | U114: =CV114*I114 -> 3.75584 | V114: =CW114*I114 -> 0 | W114: =ROUND(CX114*I114,2) -> 0 | X114: =ROUND(CY114,2) -> 71.67 | Y114: =ROUND(CZ114,2) -> 45.33 | AA114: 86497921 | AB114: =(AC114+AD114+AF114) -> 16.713 | AC114: =(ES114) -> 7 | AD114: =((ET114*1.1)) -> 7.689 | AE114: =((EU114*1.1)) -> 0.847 | AF114: =((EV114*1.1)) -> 2.024 | AG114: =(AP114) -> 0 | AH114: =((EW114*1.1)) -> 0.176 | AI114: =((EX114*1.1)) -> 0 | AJ114: =(AS114) -> 0 | AK114: 0 | AL114: 7 | AM114: 6.99 | AN114: 0.77 | AO114: 1.84 | AP114: 0 | AQ114: 0.16 | AR114: 0 | AS114: 0 | AT114: 117 | AU114: 74 | AV114: 1.067 | AW114: 1.003 | AZ114: 1 | BA114: 1 | BB114: 1 | BC114: 1 | BH114: 0 | BI114: 1 | BJ114: 3.24-32-1 | BM114: 142 | BN114: 0 | BO114: 3.24-32-1 | BP114: 1 | BQ114: 30 | BR114: 0 | BS114: 1 | BT114: 1 | BU114: 1 | BV114: 1 | BW114: 1 | BX114: 1 | BZ114: 117 | CA114: 74 | CE114: 0 | CF114: 0 | CG114: 0 | CM114: 0 | CN114: Поправка:стеснённые условия, пп. "в" | CO114: 0 | CP114: =(P114+Q114+S114) -> 347.69 | CQ114: =(AC114*BC114*AW114) -> 7.021 | CR114: =(((ET114*1.1))*BB114*AV114) -> 8.204163 | CS114: =(AE114*BS114*AV114) -> 0.903749 | CT114: =(AF114*BA114*AV114) -> 2.159608 | CU114: =AG114 -> 0 | CV114: =(AH114*AV114) -> 0.187792 | CW114: =AI114 -> 0 | CX114: =AJ114 -> 0 | CY114: =(((S114+R114)*BZ114)/100) -> 71.6742 | CZ114: =(((S114+R114)*CA114)/100) -> 45.3324 | DE114: *1,1 | DF114: *1,1 | DG114: *1,1 | DI114: *1,1 | DJ114: *1,1 | DN114: 0 | DO114: 0 | DP114: 1 | DQ114: 1 | DU114: 1013 | DV114: 1 м кабеля | DW114: 1 м кабеля | DX114: 1 | EE114: 86330770 | EF114: 30 | EG114: Строительные работы | EH114: 0 | EJ114: 1 | EK114: 142 | EL114: ТСН-2001.3-24. 24-1...24-60 | EM114: ТСН-2001.3-24-1 | EO114: Попр.12.00.01.11.003 | EQ114: 0 | ER114: 0 | ES114: 7 | ET114: 6.99 | EU114: 0.77 | EV114: 1.84 | EW114: 0.16 | EX114: 0 | EY114: 0 | FQ114: 0 | FR114: 0 | FS114: 0 | FX114: 117 | FY114: 74 | GD114: 1 | GF114: 326673426 | GG114: 2 | GH114: 0 | GI114: -2 | GJ114: 0 | GK114: 0 | GL114: =ROUND(IF(AND(BH114=3,BI114=3,FS114<>0),P114,0),2) -> 0 | GM114: =ROUND(O114+X114+Y114,2)+GX114 -> 464.69 | GN114: =IF(OR(BI114=0,BI114=1),GM114-GX114,0) -> 464.69 | GO114: =IF(BI114=2,GM114-GX114,0) -> 0 | GP114: =IF(BI114=4,GM114-GX114,0) -> 0 | GR114: 0 | GS114: 3 | GT114: 0 | GV114: =(GT114) -> 0 | GW114: 1 | GX114: =ROUND(HC114*I114,2) -> 0 | HA114: 0 | HB114: 0 | HC114: =GV114*GW114 -> 0 | HS114: 0 | IK114: 0
A115: 17 | B115: 1 | C115: =ROW(SmtRes!A176) -> 176 | D115: =ROW(EtalonRes!A176) -> 176 | E115: 9 | F115: 3.24-32-1 | G115: Прокладка кабелей дренажных с земляными работами (без стоимости кабелей при расходе 1,02 м на 1 м прокладки) при массе 1 м кабеля до 3 кг | H115: 1 м кабеля | I115: =ROUND(20,9) -> 20 | J115: 0 | K115: =ROUND(20,9) -> 20 | O115: =ROUND(CP115,2) -> 6273.96 | P115: =ROUND(CQ115*I115,2) -> 1409.82 | Q115: =ROUND(CR115*I115,2) -> 2369.36 | R115: =ROUND(CS115*I115,2) -> 1044.01 | S115: =ROUND(CT115*I115,2) -> 2494.78 | T115: =ROUND(CU115*I115,2) -> 0 | U115: =CV115*I115 -> 3.75584 | V115: =CW115*I115 -> 0 | W115: =ROUND(CX115*I115,2) -> 0 | X115: =ROUND(CY115,2) -> 4140.38 | Y115: =ROUND(CZ115,2) -> 2618.7 | AA115: 86497922 | AB115: =(AC115+AD115+AF115) -> 16.713 | AC115: =(ES115) -> 7 | AD115: =((ET115*1.1)) -> 7.689 | AE115: =((EU115*1.1)) -> 0.847 | AF115: =((EV115*1.1)) -> 2.024 | AG115: =(AP115) -> 0 | AH115: =((EW115*1.1)) -> 0.176 | AI115: =((EX115*1.1)) -> 0 | AJ115: =(AS115) -> 0 | AK115: 0 | AL115: 7 | AM115: 6.99 | AN115: 0.77 | AO115: 1.84 | AP115: 0 | AQ115: 0.16 | AR115: 0 | AS115: 0 | AT115: 117 | AU115: 74 | AV115: 1.067 | AW115: 1.003 | AZ115: 1 | BA115: 57.76 | BB115: 14.44 | BC115: 10.04 | BH115: 0 | BI115: 1 | BJ115: 3.24-32-1 | BM115: 142 | BN115: 0 | BO115: 3.24-32-1 | BP115: 1 | BQ115: 30 | BR115: 0 | BS115: 57.76 | BT115: 1 | BU115: 1 | BV115: 1 | BW115: 1 | BX115: 1 | BZ115: 117 | CA115: 74 | CE115: 0 | CF115: 0 | CG115: 0 | CM115: 0 | CN115: Поправка:стеснённые условия, пп. "в" | CO115: 0 | CP115: =(P115+Q115+S115) -> 6273.96 | CQ115: =(AC115*BC115*AW115) -> 70.49084 | CR115: =(((ET115*1.1))*BB115*AV115) -> 118.46811 | CS115: =(AE115*BS115*AV115) -> 52.200542 | CT115: =(AF115*BA115*AV115) -> 124.73896 | CU115: =AG115 -> 0 | CV115: =(AH115*AV115) -> 0.187792 | CW115: =AI115 -> 0 | CX115: =AJ115 -> 0 | CY115: =(S115+R115)*(BZ115/100) -> 4140.3843 | CZ115: =(S115+R115)*(CA115/100) -> 2618.7046 | DE115: *1,1 | DF115: *1,1 | DG115: *1,1 | DI115: *1,1 | DJ115: *1,1 | DN115: 117 | DO115: 74 | DP115: 1 | DQ115: 1 | DU115: 1013 | DV115: 1 м кабеля | DW115: 1 м кабеля | DX115: 1 | EE115: 86330770 | EF115: 30 | EG115: Строительные работы | EH115: 0 | EJ115: 1 | EK115: 142 | EL115: ТСН-2001.3-24. 24-1...24-60 | EM115: ТСН-2001.3-24-1 | EO115: Попр.12.00.01.11.003 | EQ115: 0 | ER115: 0 | ES115: 7 | ET115: 6.99 | EU115: 0.77 | EV115: 1.84 | EW115: 0.16 | EX115: 0 | EY115: 0 | FQ115: 0 | FR115: 0 | FS115: 0 | FX115: 117 | FY115: 74 | GD115: 1 | GF115: 326673426 | GG115: 2 | GH115: 0 | GI115: -2 | GJ115: 0 | GK115: 0 | GL115: =ROUND(IF(AND(BH115=3,BI115=3,FS115<>0),P115,0),2) -> 0 | GM115: =ROUND(O115+X115+Y115,2)+GX115 -> 13033.04 | GN115: =IF(OR(BI115=0,BI115=1),GM115-GX115,0) -> 13033.04 | GO115: =IF(BI115=2,GM115-GX115,0) -> 0 | GP115: =IF(BI115=4,GM115-GX115,0) -> 0 | GR115: 0 | GS115: 3 | GT115: 0 | GV115: =(GT115) -> 0 | GW115: 10.04 | GX115: =ROUND(HC115*I115,2) -> 0 | HA115: 0 | HB115: 0 | HC115: =GV115*GW115 -> 0 | HS115: 0 | IK115: 0
A116: 17 | B116: 1 | E116: 10 | F116: КАЦ | G116: Кабель силовой гибкий КГН 1x6, ГОСТ 24334-80 | H116: м | I116: =ROUND(20.4,9) -> 20.4 | J116: 0 | K116: =ROUND(20.4,9) -> 20.4 | O116: =ROUND(CP116,2) -> 643.62 | P116: =ROUND(CQ116*I116,2) -> 643.62 | Q116: =ROUND(CR116*I116,2) -> 0 | R116: =ROUND(CS116*I116,2) -> 0 | S116: =ROUND(CT116*I116,2) -> 0 | T116: =ROUND(CU116*I116,2) -> 0 | U116: =CV116*I116 -> 0 | V116: =CW116*I116 -> 0 | W116: =ROUND(CX116*I116,2) -> 0 | X116: =ROUND(CY116,2) -> 0 | Y116: =ROUND(CZ116,2) -> 0 | AA116: 86497921 | AB116: =(AC116+AD116+AF116) -> 31.55 | AC116: =(ES116) -> 31.55 | AD116: =(ET116) -> 0 | AE116: =(EU116) -> 0 | AF116: =(EV116) -> 0 | AG116: =(AP116) -> 0 | AH116: =(EW116) -> 0 | AI116: =(EX116) -> 0 | AJ116: =(AS116) -> 0 | AK116: 0 | AL116: 31.55 | AM116: 0 | AN116: 0 | AO116: 0 | AP116: 0 | AQ116: 0 | AR116: 0 | AS116: 0 | AT116: 0 | AU116: 0 | AV116: 1 | AW116: 1 | AZ116: 1 | BA116: 1 | BB116: 1 | BC116: 1 | BH116: 0 | BI116: 1 | BJ116: КАЦ КАЦ, поз. 46 | BM116: 0 | BN116: 0 | BO116: КАЦ:эхз-кабель-силовой-кгн-1х6 | BP116: 1 | BQ116: 30 | BR116: 0 | BS116: 1 | BT116: 1 | BU116: 1 | BV116: 1 | BW116: 1 | BX116: 1 | BZ116: 0 | CA116: 0 | CE116: 0 | CF116: 0 | CG116: 0 | CM116: 0 | CO116: 0 | CP116: =(P116+Q116+S116) -> 643.62 | CQ116: =(AC116*BC116*AW116) -> 31.55 | CR116: =((ET116)*BB116*AV116) -> 0 | CS116: =(AE116*BS116*AV116) -> 0 | CT116: =(AF116*BA116*AV116) -> 0 | CU116: =AG116 -> 0 | CV116: =(AH116*AV116) -> 0 | CW116: =AI116 -> 0 | CX116: =AJ116 -> 0 | CY116: =(((S116+R116)*BZ116)/100) -> 0 | CZ116: =(((S116+R116)*CA116)/100) -> 0 | DN116: 0 | DO116: 0 | DP116: 1 | DQ116: 1 | DU116: 1003 | DV116: м | DW116: м | DX116: 1 | EE116: 86330672 | EF116: 30 | EG116: Строительные работы | EH116: 0 | EJ116: 4 | EK116: 0 | EL116: Прочие работы | EM116: МЦЦС | EQ116: 0 | ER116: 0 | ES116: 31.55 | ET116: 0 | EU116: 0 | EV116: 0 | EW116: 0 | EX116: 0 | EY116: 0 | FQ116: 0 | FR116: 0 | FS116: 0 | FX116: 0 | FY116: 0 | GD116: 1 | GF116: 1144724297 | GG116: 2 | GH116: 0 | GI116: -2 | GJ116: 0 | GK116: 0 | GL116: =ROUND(IF(AND(BH116=3,BI116=3,FS116<>0),P116,0),2) -> 0 | GM116: =ROUND(O116+X116+Y116,2)+GX116 -> 643.62 | GN116: =IF(OR(BI116=0,BI116=1),GM116-GX116,0) -> 643.62 | GO116: =IF(BI116=2,GM116-GX116,0) -> 0 | GP116: =IF(BI116=4,GM116-GX116,0) -> 0 | GR116: 0 | GS116: 3 | GT116: 0 | GV116: =(GT116) -> 0 | GW116: 1 | GX116: =ROUND(HC116*I116,2) -> 0 | HA116: 0 | HB116: 0 | HC116: =GV116*GW116 -> 0 | HS116: 0 | IK116: 0
A117: 17 | B117: 1 | E117: 10 | F117: КАЦ | G117: Кабель силовой гибкий КГН 1x6, ГОСТ 24334-80 | H117: м | I117: =ROUND(20.4,9) -> 20.4 | J117: 0 | K117: =ROUND(20.4,9) -> 20.4 | O117: =ROUND(CP117,2) -> 6210.93 | P117: =ROUND(CQ117*I117,2) -> 6210.93 | Q117: =ROUND(CR117*I117,2) -> 0 | R117: =ROUND(CS117*I117,2) -> 0 | S117: =ROUND(CT117*I117,2) -> 0 | T117: =ROUND(CU117*I117,2) -> 0 | U117: =CV117*I117 -> 0 | V117: =CW117*I117 -> 0 | W117: =ROUND(CX117*I117,2) -> 0 | X117: =ROUND(CY117,2) -> 0 | Y117: =ROUND(CZ117,2) -> 0 | AA117: 86497922 | AB117: =(AC117+AD117+AF117) -> 31.55 | AC117: =(ES117) -> 31.55 | AD117: =(ET117) -> 0 | AE117: =(EU117) -> 0 | AF117: =(EV117) -> 0 | AG117: =(AP117) -> 0 | AH117: =(EW117) -> 0 | AI117: =(EX117) -> 0 | AJ117: =(AS117) -> 0 | AK117: 0 | AL117: 31.55 | AM117: 0 | AN117: 0 | AO117: 0 | AP117: 0 | AQ117: 0 | AR117: 0 | AS117: 0 | AT117: 0 | AU117: 0 | AV117: 1 | AW117: 1 | AZ117: 1 | BA117: 1 | BB117: 1 | BC117: 9.65 | BH117: 0 | BI117: 1 | BJ117: КАЦ КАЦ, поз. 46 | BM117: 0 | BN117: 0 | BO117: КАЦ:эхз-кабель-силовой-кгн-1х6 | BP117: 1 | BQ117: 30 | BR117: 0 | BS117: 1 | BT117: 1 | BU117: 1 | BV117: 1 | BW117: 1 | BX117: 1 | BZ117: 0 | CA117: 0 | CE117: 0 | CF117: 0 | CG117: 0 | CM117: 0 | CO117: 0 | CP117: =(P117+Q117+S117) -> 6210.93 | CQ117: =(AC117*BC117*AW117) -> 304.4575 | CR117: =((ET117)*BB117*AV117) -> 0 | CS117: =(AE117*BS117*AV117) -> 0 | CT117: =(AF117*BA117*AV117) -> 0 | CU117: =AG117 -> 0 | CV117: =(AH117*AV117) -> 0 | CW117: =AI117 -> 0 | CX117: =AJ117 -> 0 | CY117: =(S117+R117)*(BZ117/100) -> 0 | CZ117: =(S117+R117)*(CA117/100) -> 0 | DN117: 0 | DO117: 0 | DP117: 1 | DQ117: 1 | DU117: 1003 | DV117: м | DW117: м | DX117: 1 | EE117: 86330672 | EF117: 30 | EG117: Строительные работы | EH117: 0 | EJ117: 4 | EK117: 0 | EL117: Прочие работы | EM117: МЦЦС | EQ117: 0 | ER117: 0 | ES117: 31.55 | ET117: 0 | EU117: 0 | EV117: 0 | EW117: 0 | EX117: 0 | EY117: 0 | FQ117: 0 | FR117: 0 | FS117: 0 | FX117: 0 | FY117: 0 | GD117: 1 | GF117: 1144724297 | GG117: 2 | GH117: 0 | GI117: -2 | GJ117: 0 | GK117: 0 | GL117: =ROUND(IF(AND(BH117=3,BI117=3,FS117<>0),P117,0),2) -> 0 | GM117: =ROUND(O117+X117+Y117,2)+GX117 -> 6210.93 | GN117: =IF(OR(BI117=0,BI117=1),GM117-GX117,0) -> 6210.93 | GO117: =IF(BI117=2,GM117-GX117,0) -> 0 | GP117: =IF(BI117=4,GM117-GX117,0) -> 0 | GR117: 0 | GS117: 3 | GT117: 0 | GV117: =(GT117) -> 0 | GW117: 9.65 | GX117: =ROUND(HC117*I117,2) -> 0 | HA117: 0 | HB117: 0 | HC117: =GV117*GW117 -> 0 | HS117: 0 | IK117: 0
A118: 17 | B118: 1 | E118: 11 | F118: КАЦ | G118: Муфта соединительная (гильза изолированная термоусаживаемая) для одножильного кабеля 6 мм2, до 1 кВ | H118: ШТ | I118: =ROUND(0.02,9) -> 0.02 | J118: 0 | K118: =ROUND(0.02,9) -> 0.02 | O118: =ROUND(CP118,2) -> 0.01 | P118: =ROUND(CQ118*I118,2) -> 0.01 | Q118: =ROUND(CR118*I118,2) -> 0 | R118: =ROUND(CS118*I118,2) -> 0 | S118: =ROUND(CT118*I118,2) -> 0 | T118: =ROUND(CU118*I118,2) -> 0 | U118: =CV118*I118 -> 0 | V118: =CW118*I118 -> 0 | W118: =ROUND(CX118*I118,2) -> 0 | X118: =ROUND(CY118,2) -> 0 | Y118: =ROUND(CZ118,2) -> 0 | AA118: 86497921 | AB118: =(AC118+AD118+AF118) -> 0.64 | AC118: =(ES118) -> 0.64 | AD118: =(ET118) -> 0 | AE118: =(EU118) -> 0 | AF118: =(EV118) -> 0 | AG118: =(AP118) -> 0 | AH118: =(EW118) -> 0 | AI118: =(EX118) -> 0 | AJ118: =(AS118) -> 0 | AK118: 0 | AL118: 0.64 | AM118: 0 | AN118: 0 | AO118: 0 | AP118: 0 | AQ118: 0 | AR118: 0 | AS118: 0 | AT118: 0 | AU118: 0 | AV118: 1 | AW118: 1 | AZ118: 1 | BA118: 1 | BB118: 1 | BC118: 1 | BH118: 0 | BI118: 1 | BJ118: КАЦ КАЦ, поз. 47 | BM118: 0 | BN118: 0 | BO118: КАЦ:эхз-муфта-соединительная-кабельная | BP118: 1 | BQ118: 30 | BR118: 0 | BS118: 1 | BT118: 1 | BU118: 1 | BV118: 1 | BW118: 1 | BX118: 1 | BZ118: 0 | CA118: 0 | CE118: 0 | CF118: 0 | CG118: 0 | CM118: 0 | CO118: 0 | CP118: =(P118+Q118+S118) -> 0.01 | CQ118: =(AC118*BC118*AW118) -> 0.64 | CR118: =((ET118)*BB118*AV118) -> 0 | CS118: =(AE118*BS118*AV118) -> 0 | CT118: =(AF118*BA118*AV118) -> 0 | CU118: =AG118 -> 0 | CV118: =(AH118*AV118) -> 0 | CW118: =AI118 -> 0 | CX118: =AJ118 -> 0 | CY118: =(((S118+R118)*BZ118)/100) -> 0 | CZ118: =(((S118+R118)*CA118)/100) -> 0 | DN118: 0 | DO118: 0 | DP118: 1 | DQ118: 1 | DU118: 1013 | DV118: ШТ | DW118: ШТ | DX118: 1 | EE118: 86330672 | EF118: 30 | EG118: Строительные работы | EH118: 0 | EJ118: 4 | EK118: 0 | EL118: Прочие работы | EM118: МЦЦС | EQ118: 0 | ER118: 0 | ES118: 0.64 | ET118: 0 | EU118: 0 | EV118: 0 | EW118: 0 | EX118: 0 | EY118: 0 | FQ118: 0 | FR118: 0 | FS118: 0 | FX118: 0 | FY118: 0 | GD118: 1 | GF118: -642246511 | GG118: 2 | GH118: 0 | GI118: -2 | GJ118: 0 | GK118: 0 | GL118: =ROUND(IF(AND(BH118=3,BI118=3,FS118<>0),P118,0),2) -> 0 | GM118: =ROUND(O118+X118+Y118,2)+GX118 -> 0.01 | GN118: =IF(OR(BI118=0,BI118=1),GM118-GX118,0) -> 0.01 | GO118: =IF(BI118=2,GM118-GX118,0) -> 0 | GP118: =IF(BI118=4,GM118-GX118,0) -> 0 | GR118: 0 | GS118: 3 | GT118: 0 | GV118: =(GT118) -> 0 | GW118: 1 | GX118: =ROUND(HC118*I118,2) -> 0 | HA118: 0 | HB118: 0 | HC118: =GV118*GW118 -> 0 | HS118: 0 | IK118: 0
A119: 17 | B119: 1 | E119: 11 | F119: КАЦ | G119: Муфта соединительная (гильза изолированная термоусаживаемая) для одножильного кабеля 6 мм2, до 1 кВ | H119: ШТ | I119: =ROUND(0.02,9) -> 0.02 | J119: 0 | K119: =ROUND(0.02,9) -> 0.02 | O119: =ROUND(CP119,2) -> 0.12 | P119: =ROUND(CQ119*I119,2) -> 0.12 | Q119: =ROUND(CR119*I119,2) -> 0 | R119: =ROUND(CS119*I119,2) -> 0 | S119: =ROUND(CT119*I119,2) -> 0 | T119: =ROUND(CU119*I119,2) -> 0 | U119: =CV119*I119 -> 0 | V119: =CW119*I119 -> 0 | W119: =ROUND(CX119*I119,2) -> 0 | X119: =ROUND(CY119,2) -> 0 | Y119: =ROUND(CZ119,2) -> 0 | AA119: 86497922 | AB119: =(AC119+AD119+AF119) -> 0.64 | AC119: =(ES119) -> 0.64 | AD119: =(ET119) -> 0 | AE119: =(EU119) -> 0 | AF119: =(EV119) -> 0 | AG119: =(AP119) -> 0 | AH119: =(EW119) -> 0 | AI119: =(EX119) -> 0 | AJ119: =(AS119) -> 0 | AK119: 0 | AL119: 0.64 | AM119: 0 | AN119: 0 | AO119: 0 | AP119: 0 | AQ119: 0 | AR119: 0 | AS119: 0 | AT119: 0 | AU119: 0 | AV119: 1 | AW119: 1 | AZ119: 1 | BA119: 1 | BB119: 1 | BC119: 9.65 | BH119: 0 | BI119: 1 | BJ119: КАЦ КАЦ, поз. 47 | BM119: 0 | BN119: 0 | BO119: КАЦ:эхз-муфта-соединительная-кабельная | BP119: 1 | BQ119: 30 | BR119: 0 | BS119: 1 | BT119: 1 | BU119: 1 | BV119: 1 | BW119: 1 | BX119: 1 | BZ119: 0 | CA119: 0 | CE119: 0 | CF119: 0 | CG119: 0 | CM119: 0 | CO119: 0 | CP119: =(P119+Q119+S119) -> 0.12 | CQ119: =(AC119*BC119*AW119) -> 6.176 | CR119: =((ET119)*BB119*AV119) -> 0 | CS119: =(AE119*BS119*AV119) -> 0 | CT119: =(AF119*BA119*AV119) -> 0 | CU119: =AG119 -> 0 | CV119: =(AH119*AV119) -> 0 | CW119: =AI119 -> 0 | CX119: =AJ119 -> 0 | CY119: =(S119+R119)*(BZ119/100) -> 0 | CZ119: =(S119+R119)*(CA119/100) -> 0 | DN119: 0 | DO119: 0 | DP119: 1 | DQ119: 1 | DU119: 1013 | DV119: ШТ | DW119: ШТ | DX119: 1 | EE119: 86330672 | EF119: 30 | EG119: Строительные работы | EH119: 0 | EJ119: 4 | EK119: 0 | EL119: Прочие работы | EM119: МЦЦС | EQ119: 0 | ER119: 0 | ES119: 0.64 | ET119: 0 | EU119: 0 | EV119: 0 | EW119: 0 | EX119: 0 | EY119: 0 | FQ119: 0 | FR119: 0 | FS119: 0 | FX119: 0 | FY119: 0 | GD119: 1 | GF119: -642246511 | GG119: 2 | GH119: 0 | GI119: -2 | GJ119: 0 | GK119: 0 | GL119: =ROUND(IF(AND(BH119=3,BI119=3,FS119<>0),P119,0),2) -> 0 | GM119: =ROUND(O119+X119+Y119,2)+GX119 -> 0.12 | GN119: =IF(OR(BI119=0,BI119=1),GM119-GX119,0) -> 0.12 | GO119: =IF(BI119=2,GM119-GX119,0) -> 0 | GP119: =IF(BI119=4,GM119-GX119,0) -> 0 | GR119: 0 | GS119: 3 | GT119: 0 | GV119: =(GT119) -> 0 | GW119: 9.65 | GX119: =ROUND(HC119*I119,2) -> 0 | HA119: 0 | HB119: 0 | HC119: =GV119*GW119 -> 0 | HS119: 0 | IK119: 0
A120: 17 | B120: 1 | C120: =ROW(SmtRes!A186) -> 186 | D120: =ROW(EtalonRes!A186) -> 186 | E120: 12 | F120: 4.8-89-11 | G120: Монтаж заделки концевой сухой для контрольного кабеля сечением одной жилы до 6 мм2, количество жил до 4 (применительно) | H120: 1 ШТ. | I120: =ROUND(4,9) -> 4 | J120: 0 | K120: =ROUND(4,9) -> 4 | O120: =ROUND(CP120,2) -> 91.77 | P120: =ROUND(CQ120*I120,2) -> 75.32 | Q120: =ROUND(CR120*I120,2) -> 0 | R120: =ROUND(CS120*I120,2) -> 0 | S120: =ROUND(CT120*I120,2) -> 16.45 | T120: =ROUND(CU120*I120,2) -> 0 | U120: =CV120*I120 -> 1.335972 | V120: =CW120*I120 -> 0 | W120: =ROUND(CX120*I120,2) -> 0 | X120: =ROUND(CY120,2) -> 15.96 | Y120: =ROUND(CZ120,2) -> 8.39 | AA120: 86497921 | AB120: =(AC120+AD120+AF120) -> 22.757 | AC120: =(ES120) -> 18.83 | AD120: =((ET120*1.1)) -> 0 | AE120: =((EU120*1.1)) -> 0 | AF120: =((EV120*1.1)) -> 3.927 | AG120: =(AP120) -> 0 | AH120: =((EW120*1.1)) -> 0.319 | AI120: =((EX120*1.1)) -> 0 | AJ120: =(AS120) -> 0 | AK120: 0 | AL120: 18.83 | AM120: 0 | AN120: 0 | AO120: 3.57 | AP120: 0 | AQ120: 0.29 | AR120: 0 | AS120: 0 | AT120: 97 | AU120: 51 | AV120: 1.047 | AW120: 1 | AZ120: 1 | BA120: 1 | BB120: 1 | BC120: 1 | BH120: 0 | BI120: 2 | BJ120: 4.8-89-11 Применительно | BM120: 1669 | BN120: 0 | BO120: 4.8-89-11 | BP120: 1 | BQ120: 40 | BR120: 0 | BS120: 1 | BT120: 1 | BU120: 1 | BV120: 1 | BW120: 1 | BX120: 1 | BZ120: 97 | CA120: 51 | CE120: 0 | CF120: 0 | CG120: 0 | CM120: 0 | CN120: Поправка:стеснённые условия, пп. "в" | CO120: 0 | CP120: =(P120+Q120+S120) -> 91.77 | CQ120: =(AC120*BC120*AW120) -> 18.83 | CR120: =(((ET120*1.1))*BB120*AV120) -> 0 | CS120: =(AE120*BS120*AV120) -> 0 | CT120: =(AF120*BA120*AV120) -> 4.111569 | CU120: =AG120 -> 0 | CV120: =(AH120*AV120) -> 0.333993 | CW120: =AI120 -> 0 | CX120: =AJ120 -> 0 | CY120: =(((S120+R120)*BZ120)/100) -> 15.9565 | CZ120: =(((S120+R120)*CA120)/100) -> 8.3895 | DE120: *1,1 | DF120: *1,1 | DG120: *1,1 | DI120: *1,1 | DJ120: *1,1 | DN120: 0 | DO120: 0 | DP120: 1 | DQ120: 1 | DU120: 1013 | DV120: 1 ШТ. | DW120: 1 ШТ. | DX120: 1 | EE120: 86332297 | EF120: 40 | EG120: Монтаж оборудования | EH120: 0 | EJ120: 2 | EK120: 1669 | EL120: ТСН-2001.4-8. 8-89-23, 8-299…8-300 (доп. 28) | EM120: ТСН-2001.4-8-33 | EO120: Попр.12.00.01.11.003 | EQ120: 0 | ER120: 0 | ES120: 18.83 | ET120: 0 | EU120: 0 | EV120: 3.57 | EW120: 0.29 | EX120: 0 | EY120: 0 | FQ120: 0 | FR120: 0 | FS120: 0 | FX120: 97 | FY120: 51 | GD120: 1 | GF120: -1914775736 | GG120: 2 | GH120: 0 | GI120: -2 | GJ120: 0 | GK120: 0 | GL120: =ROUND(IF(AND(BH120=3,BI120=3,FS120<>0),P120,0),2) -> 0 | GM120: =ROUND(O120+X120+Y120,2)+GX120 -> 116.12 | GN120: =IF(OR(BI120=0,BI120=1),GM120-GX120,0) -> 0 | GO120: =IF(BI120=2,GM120-GX120,0) -> 116.12 | GP120: =IF(BI120=4,GM120-GX120,0) -> 0 | GR120: 0 | GS120: 3 | GT120: 0 | GV120: =(GT120) -> 0 | GW120: 1 | GX120: =ROUND(HC120*I120,2) -> 0 | HA120: 0 | HB120: 0 | HC120: =GV120*GW120 -> 0 | HS120: 0 | IK120: 0
A121: 17 | B121: 1 | C121: =ROW(SmtRes!A196) -> 196 | D121: =ROW(EtalonRes!A196) -> 196 | E121: 12 | F121: 4.8-89-11 | G121: Монтаж заделки концевой сухой для контрольного кабеля сечением одной жилы до 6 мм2, количество жил до 4 (применительно) | H121: 1 ШТ. | I121: =ROUND(4,9) -> 4 | J121: 0 | K121: =ROUND(4,9) -> 4 | O121: =ROUND(CP121,2) -> 1979.56 | P121: =ROUND(CQ121*I121,2) -> 1029.62 | Q121: =ROUND(CR121*I121,2) -> 0 | R121: =ROUND(CS121*I121,2) -> 0 | S121: =ROUND(CT121*I121,2) -> 949.94 | T121: =ROUND(CU121*I121,2) -> 0 | U121: =CV121*I121 -> 1.335972 | V121: =CW121*I121 -> 0 | W121: =ROUND(CX121*I121,2) -> 0 | X121: =ROUND(CY121,2) -> 921.44 | Y121: =ROUND(CZ121,2) -> 484.47 | AA121: 86497922 | AB121: =(AC121+AD121+AF121) -> 22.757 | AC121: =(ES121) -> 18.83 | AD121: =((ET121*1.1)) -> 0 | AE121: =((EU121*1.1)) -> 0 | AF121: =((EV121*1.1)) -> 3.927 | AG121: =(AP121) -> 0 | AH121: =((EW121*1.1)) -> 0.319 | AI121: =((EX121*1.1)) -> 0 | AJ121: =(AS121) -> 0 | AK121: 0 | AL121: 18.83 | AM121: 0 | AN121: 0 | AO121: 3.57 | AP121: 0 | AQ121: 0.29 | AR121: 0 | AS121: 0 | AT121: 97 | AU121: 51 | AV121: 1.047 | AW121: 1 | AZ121: 1 | BA121: 57.76 | BB121: 1 | BC121: 13.67 | BH121: 0 | BI121: 2 | BJ121: 4.8-89-11 Применительно | BM121: 1669 | BN121: 0 | BO121: 4.8-89-11 | BP121: 1 | BQ121: 40 | BR121: 0 | BS121: 57.76 | BT121: 1 | BU121: 1 | BV121: 1 | BW121: 1 | BX121: 1 | BZ121: 97 | CA121: 51 | CE121: 0 | CF121: 0 | CG121: 0 | CM121: 0 | CN121: Поправка:стеснённые условия, пп. "в" | CO121: 0 | CP121: =(P121+Q121+S121) -> 1979.56 | CQ121: =(AC121*BC121*AW121) -> 257.4061 | CR121: =(((ET121*1.1))*BB121*AV121) -> 0 | CS121: =(AE121*BS121*AV121) -> 0 | CT121: =(AF121*BA121*AV121) -> 237.48423 | CU121: =AG121 -> 0 | CV121: =(AH121*AV121) -> 0.333993 | CW121: =AI121 -> 0 | CX121: =AJ121 -> 0 | CY121: =(S121+R121)*(BZ121/100) -> 921.4418 | CZ121: =(S121+R121)*(CA121/100) -> 484.4694 | DE121: *1,1 | DF121: *1,1 | DG121: *1,1 | DI121: *1,1 | DJ121: *1,1 | DN121: 97 | DO121: 51 | DP121: 1 | DQ121: 1 | DU121: 1013 | DV121: 1 ШТ. | DW121: 1 ШТ. | DX121: 1 | EE121: 86332297 | EF121: 40 | EG121: Монтаж оборудования | EH121: 0 | EJ121: 2 | EK121: 1669 | EL121: ТСН-2001.4-8. 8-89-23, 8-299…8-300 (доп. 28) | EM121: ТСН-2001.4-8-33 | EO121: Попр.12.00.01.11.003 | EQ121: 0 | ER121: 0 | ES121: 18.83 | ET121: 0 | EU121: 0 | EV121: 3.57 | EW121: 0.29 | EX121: 0 | EY121: 0 | FQ121: 0 | FR121: 0 | FS121: 0 | FX121: 97 | FY121: 51 | GD121: 1 | GF121: -1914775736 | GG121: 2 | GH121: 0 | GI121: -2 | GJ121: 0 | GK121: 0 | GL121: =ROUND(IF(AND(BH121=3,BI121=3,FS121<>0),P121,0),2) -> 0 | GM121: =ROUND(O121+X121+Y121,2)+GX121 -> 3385.47 | GN121: =IF(OR(BI121=0,BI121=1),GM121-GX121,0) -> 0 | GO121: =IF(BI121=2,GM121-GX121,0) -> 3385.47 | GP121: =IF(BI121=4,GM121-GX121,0) -> 0 | GR121: 0 | GS121: 3 | GT121: 0 | GV121: =(GT121) -> 0 | GW121: 13.67 | GX121: =ROUND(HC121*I121,2) -> 0 | HA121: 0 | HB121: 0 | HC121: =GV121*GW121 -> 0 | HS121: 0 | IK121: 0
A122: 17 | B122: 1 | E122: 13 | F122: КАЦ | G122: Заделка концевая сухая (капа термоусаживаемая) для одножильного кабеля 10 мм2, до 1 кВ | H122: компл. | I122: =ROUND(4.08,9) -> 4.08 | J122: 0 | K122: =ROUND(4.08,9) -> 4.08 | O122: =ROUND(CP122,2) -> 9.1 | P122: =ROUND(CQ122*I122,2) -> 9.1 | Q122: =ROUND(CR122*I122,2) -> 0 | R122: =ROUND(CS122*I122,2) -> 0 | S122: =ROUND(CT122*I122,2) -> 0 | T122: =ROUND(CU122*I122,2) -> 0 | U122: =CV122*I122 -> 0 | V122: =CW122*I122 -> 0 | W122: =ROUND(CX122*I122,2) -> 0 | X122: =ROUND(CY122,2) -> 0 | Y122: =ROUND(CZ122,2) -> 0 | AA122: 86497921 | AB122: =(AC122+AD122+AF122) -> 2.23 | AC122: =(ES122) -> 2.23 | AD122: =(ET122) -> 0 | AE122: =(EU122) -> 0 | AF122: =(EV122) -> 0 | AG122: =(AP122) -> 0 | AH122: =(EW122) -> 0 | AI122: =(EX122) -> 0 | AJ122: =(AS122) -> 0 | AK122: 0 | AL122: 2.23 | AM122: 0 | AN122: 0 | AO122: 0 | AP122: 0 | AQ122: 0 | AR122: 0 | AS122: 0 | AT122: 0 | AU122: 0 | AV122: 1 | AW122: 1 | AZ122: 1 | BA122: 1 | BB122: 1 | BC122: 1 | BH122: 0 | BI122: 1 | BJ122: КАЦ КАЦ, поз. 44 | BM122: 0 | BN122: 0 | BO122: АЦ:эхз-заделка-концевая-контрольный-кабель | BP122: 1 | BQ122: 30 | BR122: 0 | BS122: 1 | BT122: 1 | BU122: 1 | BV122: 1 | BW122: 1 | BX122: 1 | BZ122: 0 | CA122: 0 | CE122: 0 | CF122: 0 | CG122: 0 | CM122: 0 | CO122: 0 | CP122: =(P122+Q122+S122) -> 9.1 | CQ122: =(AC122*BC122*AW122) -> 2.23 | CR122: =((ET122)*BB122*AV122) -> 0 | CS122: =(AE122*BS122*AV122) -> 0 | CT122: =(AF122*BA122*AV122) -> 0 | CU122: =AG122 -> 0 | CV122: =(AH122*AV122) -> 0 | CW122: =AI122 -> 0 | CX122: =AJ122 -> 0 | CY122: =(((S122+R122)*BZ122)/100) -> 0 | CZ122: =(((S122+R122)*CA122)/100) -> 0 | DN122: 0 | DO122: 0 | DP122: 1 | DQ122: 1 | DU122: 1013 | DV122: компл. | DW122: компл. | DX122: 1 | EE122: 86330672 | EF122: 30 | EG122: Строительные работы | EH122: 0 | EJ122: 4 | EK122: 0 | EL122: Прочие работы | EM122: МЦЦС | EQ122: 0 | ER122: 0 | ES122: 2.23 | ET122: 0 | EU122: 0 | EV122: 0 | EW122: 0 | EX122: 0 | EY122: 0 | FQ122: 0 | FR122: 0 | FS122: 0 | FX122: 0 | FY122: 0 | GD122: 1 | GF122: 2145647527 | GG122: 2 | GH122: 0 | GI122: -2 | GJ122: 0 | GK122: 0 | GL122: =ROUND(IF(AND(BH122=3,BI122=3,FS122<>0),P122,0),2) -> 0 | GM122: =ROUND(O122+X122+Y122,2)+GX122 -> 9.1 | GN122: =IF(OR(BI122=0,BI122=1),GM122-GX122,0) -> 9.1 | GO122: =IF(BI122=2,GM122-GX122,0) -> 0 | GP122: =IF(BI122=4,GM122-GX122,0) -> 0 | GR122: 0 | GS122: 3 | GT122: 0 | GV122: =(GT122) -> 0 | GW122: 1 | GX122: =ROUND(HC122*I122,2) -> 0 | HA122: 0 | HB122: 0 | HC122: =GV122*GW122 -> 0 | HS122: 0 | IK122: 0
A123: 17 | B123: 1 | E123: 13 | F123: КАЦ | G123: Заделка концевая сухая (капа термоусаживаемая) для одножильного кабеля 10 мм2, до 1 кВ | H123: компл. | I123: =ROUND(4.08,9) -> 4.08 | J123: 0 | K123: =ROUND(4.08,9) -> 4.08 | O123: =ROUND(CP123,2) -> 87.8 | P123: =ROUND(CQ123*I123,2) -> 87.8 | Q123: =ROUND(CR123*I123,2) -> 0 | R123: =ROUND(CS123*I123,2) -> 0 | S123: =ROUND(CT123*I123,2) -> 0 | T123: =ROUND(CU123*I123,2) -> 0 | U123: =CV123*I123 -> 0 | V123: =CW123*I123 -> 0 | W123: =ROUND(CX123*I123,2) -> 0 | X123: =ROUND(CY123,2) -> 0 | Y123: =ROUND(CZ123,2) -> 0 | AA123: 86497922 | AB123: =(AC123+AD123+AF123) -> 2.23 | AC123: =(ES123) -> 2.23 | AD123: =(ET123) -> 0 | AE123: =(EU123) -> 0 | AF123: =(EV123) -> 0 | AG123: =(AP123) -> 0 | AH123: =(EW123) -> 0 | AI123: =(EX123) -> 0 | AJ123: =(AS123) -> 0 | AK123: 0 | AL123: 2.23 | AM123: 0 | AN123: 0 | AO123: 0 | AP123: 0 | AQ123: 0 | AR123: 0 | AS123: 0 | AT123: 0 | AU123: 0 | AV123: 1 | AW123: 1 | AZ123: 1 | BA123: 1 | BB123: 1 | BC123: 9.65 | BH123: 0 | BI123: 1 | BJ123: КАЦ КАЦ, поз. 44 | BM123: 0 | BN123: 0 | BO123: АЦ:эхз-заделка-концевая-контрольный-кабель | BP123: 1 | BQ123: 30 | BR123: 0 | BS123: 1 | BT123: 1 | BU123: 1 | BV123: 1 | BW123: 1 | BX123: 1 | BZ123: 0 | CA123: 0 | CE123: 0 | CF123: 0 | CG123: 0 | CM123: 0 | CO123: 0 | CP123: =(P123+Q123+S123) -> 87.8 | CQ123: =(AC123*BC123*AW123) -> 21.5195 | CR123: =((ET123)*BB123*AV123) -> 0 | CS123: =(AE123*BS123*AV123) -> 0 | CT123: =(AF123*BA123*AV123) -> 0 | CU123: =AG123 -> 0 | CV123: =(AH123*AV123) -> 0 | CW123: =AI123 -> 0 | CX123: =AJ123 -> 0 | CY123: =(S123+R123)*(BZ123/100) -> 0 | CZ123: =(S123+R123)*(CA123/100) -> 0 | DN123: 0 | DO123: 0 | DP123: 1 | DQ123: 1 | DU123: 1013 | DV123: компл. | DW123: компл. | DX123: 1 | EE123: 86330672 | EF123: 30 | EG123: Строительные работы | EH123: 0 | EJ123: 4 | EK123: 0 | EL123: Прочие работы | EM123: МЦЦС | EQ123: 0 | ER123: 0 | ES123: 2.23 | ET123: 0 | EU123: 0 | EV123: 0 | EW123: 0 | EX123: 0 | EY123: 0 | FQ123: 0 | FR123: 0 | FS123: 0 | FX123: 0 | FY123: 0 | GD123: 1 | GF123: 2145647527 | GG123: 2 | GH123: 0 | GI123: -2 | GJ123: 0 | GK123: 0 | GL123: =ROUND(IF(AND(BH123=3,BI123=3,FS123<>0),P123,0),2) -> 0 | GM123: =ROUND(O123+X123+Y123,2)+GX123 -> 87.8 | GN123: =IF(OR(BI123=0,BI123=1),GM123-GX123,0) -> 87.8 | GO123: =IF(BI123=2,GM123-GX123,0) -> 0 | GP123: =IF(BI123=4,GM123-GX123,0) -> 0 | GR123: 0 | GS123: 3 | GT123: 0 | GV123: =(GT123) -> 0 | GW123: 9.65 | GX123: =ROUND(HC123*I123,2) -> 0 | HA123: 0 | HB123: 0 | HC123: =GV123*GW123 -> 0 | HS123: 0 | IK123: 0
A125: 51 | B125: =B102 -> 1 | C125: =A102 -> 4 | D125: =ROW(A102) -> 102 | F125: =IF(F102<>"",F102,"") -> 7 | G125: =IF(G102<>"",G102,"") -> Протекторная защита - новые участки | H125: 0 | O125: =ROUND(AB125,2) -> 3031.04 | P125: =ROUND(AC125,2) -> 1193.67 | Q125: =ROUND(AD125,2) -> 1119.26 | R125: =ROUND(AE125,2) -> 118.56 | S125: =ROUND(AF125,2) -> 718.11 | T125: =ROUND(AG125,2) -> 0 | U125: =AH125 -> 68.776774 | V125: =AI125 -> 0 | W125: =ROUND(AJ125,2) -> 0 | X125: =ROUND(AK125,2) -> 975.61 | Y125: =ROUND(AL125,2) -> 615.35 | AB125: =ROUND(SUMIF(AA106:AA123,"=86497921",O106:O123),2) -> 3031.04 | AC125: =ROUND(SUMIF(AA106:AA123,"=86497921",P106:P123),2) -> 1193.67 | AD125: =ROUND(SUMIF(AA106:AA123,"=86497921",Q106:Q123),2) -> 1119.26 | AE125: =ROUND(SUMIF(AA106:AA123,"=86497921",R106:R123),2) -> 118.56 | AF125: =ROUND(SUMIF(AA106:AA123,"=86497921",S106:S123),2) -> 718.11 | AG125: =ROUND(SUMIF(AA106:AA123,"=86497921",T106:T123),2) -> 0 | AH125: =SUMIF(AA106:AA123,"=86497921",U106:U123) -> 68.776774 | AI125: =SUMIF(AA106:AA123,"=86497921",V106:V123) -> 0 | AJ125: =ROUND(SUMIF(AA106:AA123,"=86497921",W106:W123),2) -> 0 | AK125: =ROUND(SUMIF(AA106:AA123,"=86497921",X106:X123),2) -> 975.61 | AL125: =ROUND(SUMIF(AA106:AA123,"=86497921",Y106:Y123),2) -> 615.35 | AO125: =ROUND(BX125,2) -> 0 | AP125: =ROUND(BY125,2) -> 0 | AQ125: =ROUND(BZ125,2) -> 0 | AR125: =ROUND(CA125,2) -> 4622 | AS125: =ROUND(CB125,2) -> 4505.88 | AT125: =ROUND(CC125,2) -> 116.12 | AU125: =ROUND(CD125,2) -> 0 | AV125: =ROUND(CE125,2) -> 1193.67 | ... BD125: =ROUND(CM125,2) -> 0 | BX125: =ROUND(SUMIF(AA106:AA123,"=86497921",FQ106:FQ123),2) -> 0 | BY125: =ROUND(SUMIF(AA106:AA123,"=86497921",FR106:FR123),2) -> 0 | BZ125: =ROUND(SUMIF(AA106:AA123,"=86497921",GL106:GL123),2) -> 0 | CA125: =ROUND(SUMIF(AA106:AA123,"=86497921",GM106:GM123),2) -> 4622 | CB125: =ROUND(SUMIF(AA106:AA123,"=86497921",GN106:GN123),2) -> 4505.88 | CC125: =ROUND(SUMIF(AA106:AA123,"=86497921",GO106:GO123),2) -> 116.12 | CD125: =ROUND(SUMIF(AA106:AA123,"=86497921",GP106:GP123),2) -> 0 | CE125: =AC125-BX125 -> 1193.67 | CF125: =AC125-BY125 -> 1193.67 | CG125: =BX125-BZ125 -> 0 | CH125: =AC125-BX125-BY125+BZ125 -> 1193.67 | CI125: =BY125-BZ125 -> 0 | CJ125: =ROUND(SUMIF(AA106:AA123,"=86497921",GX106:GX123),2) -> 0 | CK125: =ROUND(SUMIF(AA106:AA123,"=86497921",GY106:GY123),2) -> 0 | CL125: =ROUND(SUMIF(AA106:AA123,"=86497921",GZ106:GZ123),2) -> 0 | CM125: =ROUND(SUMIF(AA106:AA123,"=86497921",HD106:HD123),2) -> 0 | DG125: =ROUND(DT125,2) -> 69957.11 | DH125: =ROUND(DU125,2) -> 11978.18 | DI125: =ROUND(DV125,2) -> 16501.03 | DJ125: =ROUND(DW125,2) -> 6848.44 | DK125: =ROUND(DX125,2) -> 41477.9 | DL125: =ROUND(DY125,2) -> 0 | DM125: =DZ125 -> 68.776774 | DN125: =EA125 -> 0 | DO125: =ROUND(EB125,2) -> 0 | DP125: =ROUND(EC125,2) -> 56351.82 | DQ125: =ROUND(ED125,2) -> 35543 | DT125: =ROUND(SUMIF(AA106:AA123,"=86497922",O106:O123),2) -> 69957.11 | DU125: =ROUND(SUMIF(AA106:AA123,"=86497922",P106:P123),2) -> 11978.18 | DV125: =ROUND(SUMIF(AA106:AA123,"=86497922",Q106:Q123),2) -> 16501.03 | DW125: =ROUND(SUMIF(AA106:AA123,"=86497922",R106:R123),2) -> 6848.44 | DX125: =ROUND(SUMIF(AA106:AA123,"=86497922",S106:S123),2) -> 41477.9 | DY125: =ROUND(SUMIF(AA106:AA123,"=86497922",T106:T123),2) -> 0 | DZ125: =SUMIF(AA106:AA123,"=86497922",U106:U123) -> 68.776774 | EA125: =SUMIF(AA106:AA123,"=86497922",V106:V123) -> 0 | EB125: =ROUND(SUMIF(AA106:AA123,"=86497922",W106:W123),2) -> 0 | EC125: =ROUND(SUMIF(AA106:AA123,"=86497922",X106:X123),2) -> 56351.82 | ED125: =ROUND(SUMIF(AA106:AA123,"=86497922",Y106:Y123),2) -> 35543 | EG125: =ROUND(FP125,2) -> 0 | EH125: =ROUND(FQ125,2) -> 0 | EI125: =ROUND(FR125,2) -> 0 | EJ125: =ROUND(FS125,2) -> 161851.93 | EK125: =ROUND(FT125,2) -> 158466.46 | EL125: =ROUND(FU125,2) -> 3385.47 | EM125: =ROUND(FV125,2) -> 0 | EN125: =ROUND(FW125,2) -> 11978.18 | ... EV125: =ROUND(GE125,2) -> 0 | FP125: =ROUND(SUMIF(AA106:AA123,"=86497922",FQ106:FQ123),2) -> 0 | FQ125: =ROUND(SUMIF(AA106:AA123,"=86497922",FR106:FR123),2) -> 0 | FR125: =ROUND(SUMIF(AA106:AA123,"=86497922",GL106:GL123),2) -> 0 | FS125: =ROUND(SUMIF(AA106:AA123,"=86497922",GM106:GM123),2) -> 161851.93 | FT125: =ROUND(SUMIF(AA106:AA123,"=86497922",GN106:GN123),2) -> 158466.46 | FU125: =ROUND(SUMIF(AA106:AA123,"=86497922",GO106:GO123),2) -> 3385.47 | FV125: =ROUND(SUMIF(AA106:AA123,"=86497922",GP106:GP123),2) -> 0 | FW125: =DU125-FP125 -> 11978.18 | FX125: =DU125-FQ125 -> 11978.18 | FY125: =FP125-FR125 -> 0 | FZ125: =DU125-FP125-FQ125+FR125 -> 11978.18 | GA125: =FQ125-FR125 -> 0 | GB125: =ROUND(SUMIF(AA106:AA123,"=86497922",GX106:GX123),2) -> 0 | GC125: =ROUND(SUMIF(AA106:AA123,"=86497922",GY106:GY123),2) -> 0 | GD125: =ROUND(SUMIF(AA106:AA123,"=86497922",GZ106:GZ123),2) -> 0 | GE125: =ROUND(SUMIF(AA106:AA123,"=86497922",HD106:HD123),2) -> 0 | GX125: 0
A127: 50 | B127: 0 | C127: 0 | D127: 1 | E127: 201 | F127: =ROUND(Source!O125,O127) -> 3031.04 | G127: ПЗ | H127: Прямые затраты | K127: 201 | L127: 1 | M127: 3 | O127: 2 | P127: =ROUND(Source!DG125,O127) -> 69957.11 | W127: 3031.04 | X127: 1 | Y127: 3031.04 | Z127: 69957.11 | AA127: 1 | AB127: 69957.11
A128: 50 | B128: 0 | C128: 0 | D128: 1 | E128: 202 | F128: =ROUND(Source!P125,O128) -> 1193.67 | G128: СтМатОб | H128: Стоимость материальных ресурсов (всего) | K128: 202 | L128: 2 | M128: 3 | O128: 2 | P128: =ROUND(Source!DH125,O128) -> 11978.18 | W128: 1193.67 | X128: 1 | Y128: 1193.67 | Z128: 11978.18 | AA128: 1 | AB128: 11978.18
A129: 50 | B129: 0 | C129: 0 | D129: 1 | E129: 222 | F129: =ROUND(Source!AO125,O129) -> 0 | G129: СтМатОбЗак | H129: Стоимость материалов и оборудования заказчика | K129: 222 | L129: 3 | M129: 3 | O129: 2 | P129: =ROUND(Source!EG125,O129) -> 0 | W129: 0 | X129: 1 | Y129: 0 | Z129: 0 | AA129: 1 | AB129: 0
A130: 50 | B130: 0 | C130: 0 | D130: 1 | E130: 225 | F130: =ROUND(Source!AV125,O130) -> 1193.67 | G130: СтМатОбПод | H130: Стоимость материалов и оборудования подрядчика | K130: 225 | L130: 4 | M130: 3 | O130: 2 | P130: =ROUND(Source!EN125,O130) -> 11978.18 | W130: 1193.67 | X130: 1 | Y130: 1193.67 | Z130: 11978.18 | AA130: 1 | AB130: 11978.18
...

Sheet SourceObSm
A1: 0 | B1: Smeta.RU (495) 974-1589 | D1: _OBSM_ | F1: 0 | G1: 0 | H1: 0 | I1: Smeta.RU | K1: 1 | L1: 76812 | M1: 10 | N1: 12 | O1: 2 | P1: 0 | Q1: 1
A4: 8 | B4: 1 | C4: -1 | F4: 25МГ-ДПР-2750 | G4: 25МГ-ДПР-2750 — Реконструкция газопровода низкого давления | EC4: 0
A12: 1 | B12: 51 | C12: 0 | E12: 0 | F12: ЛС-02-01-02 | G12: Электрохимическая защита | I12: 0 | J12: Технический отчёт АЗ (ТКР.ТО), выписка "ЭХЗ для смет" (16.09), "Объемы ОПС" | K12: 0 | L12: 0 | M12: 2 | O12: 2026 | P12: 7 | Q12: 0 | R12: 0 | S12: 0 | T12: 1 | U12: Основание:Технический отчёт АЗ (ТКР.ТО), выписка "ЭХЗ для смет" (16.09), "Объемы ОПС" Уровень цен:3 кв 2026 Нормативные индексы ТСН:№ 221 III квартал 2026 Регион:ТСН-2001 г. Москвы (с доп.1-82) | V12: 2 | BB12: 0 | BH12: Сметные нормы списания | BI12: Коды ОКП для ТСН-2001 МГЭ | BJ12: 1 | BK12: 1 | BL12: 0 | BM12: 0 | BN12: 1 | BO12: 0 | BP12: -1 | BQ12: 2 | BR12: 1 | BS12: 0 | BT12: 0 | BU12: 0 | BV12: 0 | BW12: 0 | BX12: 0 | BZ12: Типовой расчет для ТСН-2001 МГЭ, Новая методика с выпуска доп. 43 (Строительство), Доп 64 | CA12: Территориальные сметные нормативы для Москвы ТСН-2001 (МГЭ) | CB12: Территориальные сметные нормативы для Москвы ТСН-2001 (МГЭ) | CC12: Территориальные сметные нормативы для Москвы ТСН-2001 (МГЭ) | CD12: Территориальные сметные нормативы для Москвы ТСН-2001 (МГЭ) | CE12: Поправки для ТСН-2001 от 15.07.2022 г. доп.65 | CF12: 0 | CG12: 0 | CH12: 524296 | CK12: 82 | CQ12: Территориальные сметные нормативы для Москвы (ТСН-2001) | CR12: ТЕР | CS12: 41660 | CT12: 1 | CU12: 72 | CY12: 0 | EC12: 0
A14: 22 | B14: 1 | C14: 0 | D14: 86497921 | E14: 86497922 | F14: 2 | G14: 1
A16: 3 | B16: 1 | C16: ЛС-02-01-02 | D16: Электрохимическая защита | E16: =ROUND((Source!F240)/1000,2) -> 20.13 | F16: =ROUND((Source!F242)/1000,2) -> 0.12 | G16: =ROUND((Source!F233)/1000,2) -> 0 | H16: =ROUND((Source!F243)/1000+(Source!F244)/1000,2) -> 0 | I16: =E16+F16+G16+H16 -> 20.25 | J16: =ROUND((Source!F239+Source!F238)/1000,2) -> 2.92 | K16: 24.83 | L16: 0 | M16: 0 | N16: =I16+L16+M16 -> 20.25 | T16: =ROUND((Source!P240)/1000,2) -> 579.37 | U16: =ROUND((Source!P242)/1000,2) -> 3.39 | V16: =ROUND((Source!P233)/1000,2) -> 0 | W16: =ROUND((Source!P243)/1000+(Source!P244)/1000,2) -> 0 | X16: =T16+U16+V16+W16 -> 582.76 | Y16: =ROUND((Source!P239+Source!P238)/1000,2) -> 168.5 | Z16: 382.55 | AA16: 0 | AB16: 0 | AC16: =X16+AA16+AB16 -> 582.76 | AI16: 2 | AJ16: 0 | AK16: Электрохимическая защита | AN16: 0 | AT16: 15157.06 | AU16: 9673 | AV16: 0 | AW16: 0 | AX16: 0 | AY16: 2839.14 | AZ16: 272.25 | BA16: 2644.92 | BB16: 20127.14 | BC16: 116.12 | BD16: 0 | BE16: 0 | BF16: 247.16528 | BG16: 0 | BH16: 0 | BI16: 3160.14 | BJ16: 1926.06 | BK16: 20243.26 | BR16: 288973.81 | BS16: 93577.15 | BT16: 0 | BU16: 0 | BV16: 0 | BW16: 42625.6 | BX16: 15725.61 | BY16: 152771.06 | BZ16: 579369.31 | CA16: 3385.47 | CB16: 0 | CC16: 0 | CD16: 247.16528 | CE16: 0 | CF16: 0 | CG16: 182530.66 | CH16: 111250.31 | CI16: 582754.78
A18: 51 | E18: 20.13 | F18: 0.12 | G18: 0 | H18: 0 | I18: 20.25 | J18: 2.92 | K18: 24.83 | L18: 0 | M18: 0 | N18: 20.25 | T18: 579.37 | U18: 3.39 | V18: 0 | W18: 0 | X18: 582.76 | Y18: 168.5 | Z18: 382.55 | AA18: 0 | AB18: 0 | AC18: 582.76
A20: 50 | B20: 0 | C20: 0 | D20: 1 | E20: 201 | F20: 15157.06 | G20: ПЗ | H20: Прямые затраты | K20: 201 | L20: 1 | M20: 3 | O20: 2 | P20: 288973.81
A21: 50 | B21: 0 | C21: 0 | D21: 1 | E21: 202 | F21: 9673 | G21: СтМатОб | H21: Стоимость материальных ресурсов (всего) | K21: 202 | L21: 2 | M21: 3 | O21: 2 | P21: 93577.15
A22: 50 | B22: 0 | C22: 0 | D22: 1 | E22: 222 | F22: 0 | G22: СтМатОбЗак | H22: Стоимость материалов и оборудования заказчика | K22: 222 | L22: 3 | M22: 3 | O22: 2 | P22: 0
A23: 50 | B23: 0 | C23: 0 | D23: 1 | E23: 225 | F23: 9673 | G23: СтМатОбПод | H23: Стоимость материалов и оборудования подрядчика | K23: 225 | L23: 4 | M23: 3 | O23: 2 | P23: 93577.15
A24: 50 | B24: 0 | C24: 0 | D24: 1 | E24: 226 | F24: 9673 | G24: СтМат | H24: Стоимость материалов (всего) | K24: 226 | L24: 5 | M24: 3 | O24: 2 | P24: 93577.15
A25: 50 | B25: 0 | C25: 0 | D25: 1 | E25: 227 | F25: 0 | G25: СтМатЗак | H25: Стоимость материалов заказчика | K25: 227 | L25: 6 | M25: 3 | O25: 2 | P25: 0
A26: 50 | B26: 0 | C26: 0 | D26: 1 | E26: 228 | F26: 9673 | G26: СтМатПод | H26: Стоимость материалов подрядчика | K26: 228 | L26: 7 | M26: 3 | O26: 2 | P26: 93577.15
A27: 50 | B27: 0 | C27: 0 | D27: 1 | E27: 216 | F27: 0 | G27: Оборуд | H27: Стоимость оборудования (всего) | K27: 216 | L27: 8 | M27: 3 | O27: 2 | P27: 0
A28: 50 | B28: 0 | C28: 0 | D28: 1 | E28: 223 | F28: 0 | G28: ОборудЗак | H28: Стоимость оборудования заказчика | K28: 223 | L28: 9 | M28: 3 | O28: 2 | P28: 0
A29: 50 | B29: 0 | C29: 0 | D29: 1 | E29: 229 | F29: 0 | G29: ОборудПод | H29: Стоимость оборудования подрядчика | K29: 229 | L29: 10 | M29: 3 | O29: 2 | P29: 0
A30: 50 | B30: 0 | C30: 0 | D30: 1 | E30: 203 | F30: 2839.14 | G30: ЭММ | H30: Эксплуатация машин | K30: 203 | L30: 11 | M30: 3 | O30: 2 | P30: 42625.6
A31: 50 | B31: 0 | C31: 0 | D31: 1 | E31: 231 | F31: 0 | G31: ЭММсНРиСП | H31: Эксплуатация машин по ТСН-2001.16 | K31: 231 | L31: 12 | M31: 3 | O31: 2 | P31: 0
... A46: 50 | B46: 0 | C46: 0 | D46: 1 | E46: 224 | F46: 20243.26 | G46: Всего | H46: Всего с НР и СП | K46: 224 | L46: 27 | M46: 3 | O46: 2 | P46: 582754.78
A48: -1
A51: 75 | B51: Базовые уровень цен | C51: 2000 | D51: 0 | E51: 1 | G51: 0 | H51: 1 | I51: 1 | J51: 3 | K51: 0 | L51: 0 | M51: 0 | N51: 86497921 | O51: 1
A52: 75 | B52: Текущий уровень цен, III квартал 2026, выпуск 221 | C52: 2026 | D52: 0 | E52: 7 | G52: 0 | H52: 2 | I52: 1 | J52: 3 | K52: 0 | L52: 0 | M52: 1 | N52: 86497922 | O52: 2

Sheet SmtRes
A1: =ROW(Source!A28) -> 28 | B1: 86497921 | C1: 86497923 | D1: 0 | E1: 1 | F1: 1 | G1: 30515945 | H1: 1 | I1: 1 | K1: Затраты труда рабочих среднего разряда 1 | L1: 1369 | N1: 1013 | O1: чел.-ч | P1: чел.-ч | Q1: 1 | W1: 0 | X1: -2001970737 | Y1: =(AT1*1.1*0.8) -> 77.968 | AA1: 0 | AB1: 0 | AC1: 0 | AD1: 0 | AE1: 0 | AF1: 0 | AG1: 0 | AH1: 0 | AI1: 1 | AJ1: 1 | AK1: 1 | AL1: 1 | AM1: 0 | AN1: 0 | AO1: 1 | AP1: 0 | AQ1: 0 | AR1: 0 | AT1: 88.6 | AU1: *1,1*0,8 | AV1: 1 | AW1: 2 | AX1: 86497937 | AY1: 1 | AZ1: 6144 | BA1: 1 | BB1: 0 | BC1: 0 | BD1: 0 | BE1: 0 | BF1: 0 | BG1: 0 | BH1: 0 | BI1: 0 | BJ1: 0 | BK1: 0 | BL1: 0 | BM1: 0 | BN1: 0 | BO1: 0 | BP1: 0 | BQ1: 0 | BR1: 0 | BS1: 0 | BT1: 0 | BU1: 0 | BV1: 0 | BW1: 0 | CU1: =ROUND(AT1*Source!I28*AH1*AL1,2) -> 0 | CV1: =ROUND(Y1*Source!I28,9) -> 11.6952 | CW1: 0 | CX1: =ROUND(Y1*Source!I28,9) -> 11.6952 | CY1: =AD1 -> 0 | CZ1: =AH1 -> 0 | DA1: =AL1 -> 1 | DB1: =(ROUND(AT1*CZ1,2)*1.1*0.8) -> 0 | DC1: =(ROUND(AT1*AG1,2)*1.1*0.8) -> 0 | DF1: =ROUND(ROUND(AE1,2)*CX1,2) -> 0 | DG1: =ROUND(ROUND(AF1,2)*CX1,2) -> 0 | DH1: =ROUND(ROUND(AG1,2)*ROUND((AT1*Source!I28*1.1*0.8),9),2) -> 0 | DI1: =ROUND(ROUND(AH1,2)*CX1,2) -> 0 | DJ1: =DI1 -> 0 | DK1: 0 | DM1: 0 | DO1: 0 | DP1: *1,1*0,8
A2: =ROW(Source!A28) -> 28 | B2: 86497921 | C2: 86497923 | D2: 0 | E2: 1 | F2: 1 | G2: 30515945 | H2: 2 | I2: 2.1-17-224 | K2: Виброплиты для уплотнения песка, гравия и бетона, мощность до 1 кВт | L2: 1368 | N2: 1011 | O2: маш.-ч | P2: маш.-ч | Q2: 1 | W2: 0 | X2: 475176377 | Y2: =AT2 -> 0.32 | AA2: 0 | AB2: 0.79 | AC2: 0 | AD2: 0 | AE2: 0 | AF2: 0.74 | AG2: 0 | AH2: 0 | AI2: 1 | AJ2: 1 | AK2: 1 | AL2: 1 | AM2: 0 | AN2: 0 | AO2: 1 | AP2: 0 | AQ2: 0 | AR2: 0 | AT2: 0.32 | AV2: 0 | AW2: 2 | AX2: 86497938 | AY2: 1 | AZ2: 6144 | BA2: 2 | BB2: 0 | BC2: 0 | BD2: 0 | BE2: 0 | BF2: 0 | BG2: 0 | BH2: 0 | BI2: 0 | BJ2: 0 | BK2: 0 | BL2: 0 | BM2: 0 | BN2: 0 | BO2: 0 | BP2: 0 | BQ2: 0 | BR2: 0 | BS2: 0 | BT2: 0 | BU2: 0 | BV2: 0 | BW2: 0 | CV2: 0 | CW2: =ROUND(AT2*Source!I28*DO2,9) -> 0 | CX2: =ROUND(Y2*Source!I28,9) -> 0.048 | CY2: =AB2 -> 0.79 | CZ2: =AF2 -> 0.74 | DA2: =AJ2 -> 1 | DB2: =ROUND(AT2*CZ2,2) -> 0.24 | DC2: =ROUND(AT2*AG2,2) -> 0 | DF2: =ROUND(ROUND(AE2,2)*CX2,2) -> 0 | DG2: =ROUND(ROUND(AF2,2)*CX2,2) -> 0.04 | DH2: =ROUND(ROUND(AG2,2)*ROUND(AT2*Source!I28,9),2) -> 0 | DI2: =ROUND(ROUND(AH2,2)*CX2,2) -> 0 | DJ2: =DG2 -> 0.04 | DK2: 0 | DM2: 0 | DO2: 0
A3: =ROW(Source!A28) -> 28 | B3: 86497921 | C3: 86497923 | D3: 0 | E3: 1 | F3: 1 | G3: 30515945 | H3: 2 | I3: 2.1-18-7 | K3: Автомобили грузовые бортовые, грузоподъемность до 5 т | L3: 1368 | N3: 1011 | O3: маш.-ч | P3: маш.-ч | Q3: 1 | W3: 0 | X3: -36453594 | Y3: =AT3 -> 7.13 | AA3: 0 | AB3: 78.03 | AC3: 11.85 | AD3: 0 | AE3: 0 | AF3: 73.13 | AG3: 11.11 | AH3: 0 | AI3: 1 | AJ3: 1 | AK3: 1 | AL3: 1 | AM3: 0 | AN3: 0 | AO3: 1 | AP3: 0 | AQ3: 0 | AR3: 0 | AT3: 7.13 | AV3: 0 | AW3: 2 | AX3: 86497939 | AY3: 1 | AZ3: 6144 | BA3: 3 | BB3: 0 | BC3: 0 | BD3: 0 | BE3: 0 | BF3: 0 | BG3: 0 | BH3: 0 | BI3: 0 | BJ3: 0 | BK3: 0 | BL3: 0 | BM3: 0 | BN3: 0 | BO3: 0 | BP3: 0 | BQ3: 0 | BR3: 0 | BS3: 0 | BT3: 0 | BU3: 0 | BV3: 0 | BW3: 0 | CV3: 0 | CW3: =ROUND(AT3*Source!I28*DO3,9) -> 0 | CX3: =ROUND(Y3*Source!I28,9) -> 1.0695 | CY3: =AB3 -> 78.03 | CZ3: =AF3 -> 73.13 | DA3: =AJ3 -> 1 | DB3: =ROUND(AT3*CZ3,2) -> 521.42 | DC3: =ROUND(AT3*AG3,2) -> 79.21 | DF3: =ROUND(ROUND(AE3,2)*CX3,2) -> 0 | DG3: =ROUND(ROUND(AF3,2)*CX3,2) -> 78.21 | DH3: =ROUND(ROUND(AG3,2)*ROUND(AT3*Source!I28,9),2) -> 11.88 | DI3: =ROUND(ROUND(AH3,2)*CX3,2) -> 0 | DJ3: =DG3 -> 78.21 | DK3: 0 | DM3: 0 | DO3: 0
A4: =ROW(Source!A28) -> 28 | B4: 86497921 | C4: 86497923 | D4: 0 | E4: 1 | F4: 1 | G4: 30515945 | H4: 2 | I4: 2.1-3-38 | K4: Краны на автомобильном ходу, грузоподъемность до 16 т | L4: 1368 | N4: 1011 | O4: маш.-ч | P4: маш.-ч | Q4: 1 | W4: 0 | X4: 783330151 | Y4: =AT4 -> 2.82 | AA4: 0 | AB4: 168.23 | AC4: 15.9 | AD4: 0 | AE4: 0 | AF4: 157.67 | AG4: 14.9 | AH4: 0 | AI4: 1 | AJ4: 1 | AK4: 1 | AL4: 1 | AM4: 0 | AN4: 0 | AO4: 1 | AP4: 0 | AQ4: 0 | AR4: 0 | AT4: 2.82 | AV4: 0 | AW4: 2 | AX4: 86497940 | AY4: 1 | AZ4: 6144 | BA4: 4 | BB4: 0 | BC4: 0 | BD4: 0 | BE4: 0 | BF4: 0 | BG4: 0 | BH4: 0 | BI4: 0 | BJ4: 0 | BK4: 0 | BL4: 0 | BM4: 0 | BN4: 0 | BO4: 0 | BP4: 0 | BQ4: 0 | BR4: 0 | BS4: 0 | BT4: 0 | BU4: 0 | BV4: 0 | BW4: 0 | CV4: 0 | CW4: =ROUND(AT4*Source!I28*DO4,9) -> 0 | CX4: =ROUND(Y4*Source!I28,9) -> 0.423 | CY4: =AB4 -> 168.23 | CZ4: =AF4 -> 157.67 | DA4: =AJ4 -> 1 | DB4: =ROUND(AT4*CZ4,2) -> 444.63 | DC4: =ROUND(AT4*AG4,2) -> 42.02 | DF4: =ROUND(ROUND(AE4,2)*CX4,2) -> 0 | DG4: =ROUND(ROUND(AF4,2)*CX4,2) -> 66.69 | DH4: =ROUND(ROUND(AG4,2)*ROUND(AT4*Source!I28,9),2) -> 6.3 | DI4: =ROUND(ROUND(AH4,2)*CX4,2) -> 0 | DJ4: =DG4 -> 66.69 | DK4: 0 | DM4: 0 | DO4: 0
A5: =ROW(Source!A28) -> 28 | B5: 86497921 | C5: 86497923 | D5: 0 | E5: 1 | F5: 1 | G5: 30515945 | H5: 2 | I5: 2.1-4-102 | K5: Погрузчики фронтальные одноковшовые, грузоподъемность до 5 т | L5: 1368 | N5: 1011 | O5: маш.-ч | P5: маш.-ч | Q5: 1 | W5: 0 | X5: 1354124625 | Y5: =AT5 -> 0.23 | AA5: 0 | AB5: 154.88 | AC5: 13.66 | AD5: 0 | AE5: 0 | AF5: 145.15 | AG5: 12.8 | AH5: 0 | AI5: 1 | AJ5: 1 | AK5: 1 | AL5: 1 | AM5: 0 | AN5: 0 | AO5: 1 | AP5: 0 | AQ5: 0 | AR5: 0 | AT5: 0.23 | AV5: 0 | AW5: 2 | AX5: 86497941 | AY5: 1 | AZ5: 6144 | BA5: 5 | BB5: 0 | BC5: 0 | BD5: 0 | BE5: 0 | BF5: 0 | BG5: 0 | BH5: 0 | BI5: 0 | BJ5: 0 | BK5: 0 | BL5: 0 | BM5: 0 | BN5: 0 | BO5: 0 | BP5: 0 | BQ5: 0 | BR5: 0 | BS5: 0 | BT5: 0 | BU5: 0 | BV5: 0 | BW5: 0 | CV5: 0 | CW5: =ROUND(AT5*Source!I28*DO5,9) -> 0 | CX5: =ROUND(Y5*Source!I28,9) -> 0.0345 | CY5: =AB5 -> 154.88 | CZ5: =AF5 -> 145.15 | DA5: =AJ5 -> 1 | DB5: =ROUND(AT5*CZ5,2) -> 33.38 | DC5: =ROUND(AT5*AG5,2) -> 2.94 | DF5: =ROUND(ROUND(AE5,2)*CX5,2) -> 0 | DG5: =ROUND(ROUND(AF5,2)*CX5,2) -> 5.01 | DH5: =ROUND(ROUND(AG5,2)*ROUND(AT5*Source!I28,9),2) -> 0.44 | DI5: =ROUND(ROUND(AH5,2)*CX5,2) -> 0 | DJ5: =DG5 -> 5.01 | DK5: 0 | DM5: 0 | DO5: 0
A6: =ROW(Source!A28) -> 28 | B6: 86497921 | C6: 86497923 | D6: 0 | E6: 1 | F6: 1 | G6: 30515945 | H6: 3 | I6: 1.1-1-1534 | K6: Щебень из плотных горных пород, марка 1400, фракция 10-20 мм | L6: 1339 | N6: 1007 | O6: м3 | P6: м3 | Q6: 1 | W6: 0 | X6: -1580317299 | Y6: =AT6 -> 2.26 | AA6: 0 | AB6: 0 | AC6: 0 | AD6: 0 | AE6: 0 | AF6: 0 | AG6: 0 | AH6: 0 | AI6: 1 | AJ6: 1 | AK6: 1 | AL6: 1 | AM6: 0 | AN6: 0 | AO6: 1 | AP6: 0 | AQ6: 0 | AR6: 0 | AT6: 2.26 | AV6: 0 | AW6: 2 | AX6: 86497942 | AY6: 1 | AZ6: 6144 | BA6: 6 | BB6: 0 | BC6: 0 | BD6: 0 | BE6: 0 | BF6: 0 | BG6: 0 | BH6: 0 | BI6: 0 | BJ6: 0 | BK6: 0 | BL6: 0 | BM6: 0 | BN6: 0 | BO6: 0 | BP6: 0 | BQ6: 0 | BR6: 0 | BS6: 0 | BT6: 0 | BU6: 0 | BV6: 0 | BW6: 0 | CV6: 0 | CW6: 0 | CX6: =ROUND(Y6*Source!I28,9) -> 0.339 | CY6: =AA6 -> 0 | CZ6: =AE6 -> 0 | DA6: =AI6 -> 1 | DB6: =ROUND(AT6*CZ6,2) -> 0 | DC6: =ROUND(AT6*AG6,2) -> 0 | DF6: =ROUND(ROUND(AE6,2)*CX6,2) -> 0 | DG6: =ROUND(ROUND(AF6,2)*CX6,2) -> 0 | DH6: =ROUND(ROUND(AG6,2)*ROUND(AT6*Source!I28,9),2) -> 0 | DI6: =ROUND(ROUND(AH6,2)*CX6,2) -> 0 | DJ6: =DF6 -> 0 | DK6: 0 | DM6: 0 | DO6: 0
A7: =ROW(Source!A28) -> 28 | B7: 86497921 | C7: 86497923 | D7: 0 | E7: 1 | F7: 1 | G7: 30515945 | H7: 3 | I7: 1.3-4-5 | K7: Арматурные заготовки (стержни, хомуты и т.п.), не собранные в каркасы или сетки, углеродистая сталь общего назначения и арматурная сталь гладкая, класс А-I, диаметр от 16 до 18 мм | L7: 1348 | N7: 1009 | O7: т | P7: т | Q7: 1000 | W7: 0 | X7: 202703549 | Y7: =AT7 -> 0.64 | AA7: 0 | AB7: 0 | AC7: 0 | AD7: 0 | AE7: 0 | AF7: 0 | AG7: 0 | AH7: 0 | AI7: 1 | AJ7: 1 | AK7: 1 | AL7: 1 | AM7: 0 | AN7: 0 | AO7: 1 | AP7: 0 | AQ7: 0 | AR7: 0 | AT7: 0.64 | AV7: 0 | AW7: 2 | AX7: 86497943 | AY7: 1 | AZ7: 6144 | BA7: 7 | BB7: 0 | BC7: 0 | BD7: 0 | BE7: 0 | BF7: 0 | BG7: 0 | BH7: 0 | BI7: 0 | BJ7: 0 | BK7: 0 | BL7: 0 | BM7: 0 | BN7: 0 | BO7: 0 | BP7: 0 | BQ7: 0 | BR7: 0 | BS7: 0 | BT7: 0 | BU7: 0 | BV7: 0 | BW7: 0 | CV7: 0 | CW7: 0 | CX7: =ROUND(Y7*Source!I28,9) -> 0.096 | CY7: =AA7 -> 0 | CZ7: =AE7 -> 0 | DA7: =AI7 -> 1 | DB7: =ROUND(AT7*CZ7,2) -> 0 | DC7: =ROUND(AT7*AG7,2) -> 0 | DF7: =ROUND(ROUND(AE7,2)*CX7,2) -> 0 | DG7: =ROUND(ROUND(AF7,2)*CX7,2) -> 0 | DH7: =ROUND(ROUND(AG7,2)*ROUND(AT7*Source!I28,9),2) -> 0 | DI7: =ROUND(ROUND(AH7,2)*CX7,2) -> 0 | DJ7: =DF7 -> 0 | DK7: 0 | DM7: 0 | DO7: 0
A8: =ROW(Source!A28) -> 28 | B8: 86497921 | C8: 86497923 | D8: 42194904 | E8: 1 | F8: 1 | G8: 30515945 | H8: 3 | I8: 5285920000 | K8: Лестницы стальные | L8: 1348 | N8: 1009 | O8: т | P8: т | Q8: 1000 | W8: 0 | X8: -664602634 | Y8: =AT8 -> 0 | AA8: 0 | AB8: 0 | AC8: 0 | AD8: 0 | AE8: 0 | AF8: 0 | AG8: 0 | AH8: 0 | AI8: 1 | AJ8: 1 | AK8: 1 | AL8: 1 | AM8: 0 | AN8: 0 | AO8: 0 | AP8: 0 | AQ8: 0 | AR8: 0 | AT8: 0 | AV8: 0 | AW8: 2 | AX8: 86497944 | AY8: 1 | AZ8: 0 | BA8: 8 | BB8: 0 | BC8: 0 | BD8: 0 | BE8: 0 | BF8: 0 | BG8: 0 | BH8: 0 | BI8: 0 | BJ8: 0 | BK8: 0 | BL8: 0 | BM8: 0 | BN8: 0 | BO8: 0 | BP8: 0 | BQ8: 0 | BR8: 0 | BS8: 0 | BT8: 0 | BU8: 0 | BV8: 0 | BW8: 0 | CV8: 0 | CW8: 0 | CX8: =ROUND(Y8*Source!I28,9) -> 0 | CY8: =AA8 -> 0 | CZ8: =AE8 -> 0 | DA8: =AI8 -> 1 | DB8: =ROUND(AT8*CZ8,2) -> 0 | DC8: =ROUND(AT8*AG8,2) -> 0 | DF8: =ROUND(ROUND(AE8,2)*CX8,2) -> 0 | DG8: =ROUND(ROUND(AF8,2)*CX8,2) -> 0 | DH8: =ROUND(ROUND(AG8,2)*ROUND(AT8*Source!I28,9),2) -> 0 | DI8: =ROUND(ROUND(AH8,2)*CX8,2) -> 0 | DJ8: =DF8 -> 0 | DK8: 0 | DM8: 0 | DO8: 0
A9: =ROW(Source!A28) -> 28 | B9: 86497921 | C9: 86497923 | D9: 30531790 | E9: 1 | F9: 1 | G9: 30515945 | H9: 3 | I9: 5296230000 | K9: Люки тяжелые | L9: 1354 | N9: 1010 | O9: шт. | P9: шт. | Q9: 1 | W9: 0 | X9: 2087865785 | Y9: =AT9 -> 0 | AA9: 0 | AB9: 0 | AC9: 0 | AD9: 0 | AE9: 0 | AF9: 0 | AG9: 0 | AH9: 0 | AI9: 1 | AJ9: 1 | AK9: 1 | AL9: 1 | AM9: 0 | AN9: 0 | AO9: 0 | AP9: 0 | AQ9: 0 | AR9: 0 | AT9: 0 | AV9: 0 | AW9: 2 | AX9: 86497945 | AY9: 1 | AZ9: 0 | BA9: 9 | BB9: 0 | BC9: 0 | BD9: 0 | BE9: 0 | BF9: 0 | BG9: 0 | BH9: 0 | BI9: 0 | BJ9: 0 | BK9: 0 | BL9: 0 | BM9: 0 | BN9: 0 | BO9: 0 | BP9: 0 | BQ9: 0 | BR9: 0 | BS9: 0 | BT9: 0 | BU9: 0 | BV9: 0 | BW9: 0 | CV9: 0 | CW9: 0 | CX9: =ROUND(Y9*Source!I28,9) -> 0 | CY9: =AA9 -> 0 | CZ9: =AE9 -> 0 | DA9: =AI9 -> 1 | DB9: =ROUND(AT9*CZ9,2) -> 0 | DC9: =ROUND(AT9*AG9,2) -> 0 | DF9: =ROUND(ROUND(AE9,2)*CX9,2) -> 0 | DG9: =ROUND(ROUND(AF9,2)*CX9,2) -> 0 | DH9: =ROUND(ROUND(AG9,2)*ROUND(AT9*Source!I28,9),2) -> 0 | DI9: =ROUND(ROUND(AH9,2)*CX9,2) -> 0 | DJ9: =DF9 -> 0 | DK9: 0 | DM9: 0 | DO9: 0
A10: =ROW(Source!A28) -> 28 | B10: 86497921 | C10: 86497923 | D10: 30531464 | E10: 1 | F10: 1 | G10: 30515945 | H10: 3 | I10: 5745010000 | K10: Смеси бетонные, БСГ, тяжелого бетона | L10: 1339 | N10: 1007 | O10: м3 | P10: м3 | Q10: 1 | W10: 0 | X10: 1930922274 | Y10: =AT10 -> 1.33 | AA10: 0 | AB10: 0 | AC10: 0 | AD10: 0 | AE10: 0 | AF10: 0 | AG10: 0 | AH10: 0 | AI10: 1 | AJ10: 1 | AK10: 1 | AL10: 1 | AM10: 0 | AN10: 0 | AO10: 0 | AP10: 0 | AQ10: 0 | AR10: 0 | AT10: 1.33 | AV10: 0 | AW10: 2 | AX10: 86497946 | AY10: 1 | AZ10: 6144 | BA10: 10 | BB10: 0 | BC10: 0 | BD10: 0 | BE10: 0 | BF10: 0 | BG10: 0 | BH10: 0 | BI10: 0 | BJ10: 0 | BK10: 0 | BL10: 0 | BM10: 0 | BN10: 0 | BO10: 0 | BP10: 0 | BQ10: 0 | BR10: 0 | BS10: 0 | BT10: 0 | BU10: 0 | BV10: 0 | BW10: 0 | CV10: 0 | CW10: 0 | CX10: =ROUND(Y10*Source!I28,9) -> 0.1995 | CY10: =AA10 -> 0 | CZ10: =AE10 -> 0 | DA10: =AI10 -> 1 | DB10: =ROUND(AT10*CZ10,2) -> 0 | DC10: =ROUND(AT10*AG10,2) -> 0 | DF10: =ROUND(ROUND(AE10,2)*CX10,2) -> 0 | DG10: =ROUND(ROUND(AF10,2)*CX10,2) -> 0 | DH10: =ROUND(ROUND(AG10,2)*ROUND(AT10*Source!I28,9),2) -> 0 | DI10: =ROUND(ROUND(AH10,2)*CX10,2) -> 0 | DJ10: =DF10 -> 0 | DK10: 0 | DM10: 0 | DO10: 0
A11: =ROW(Source!A28) -> 28 | B11: 86497921 | C11: 86497923 | D11: 30531602 | E11: 1 | F11: 1 | G11: 30515945 | H11: 3 | I11: 5858010000 | K11: Кольца для колодцев сборные железобетонные диаметром 1500 мм | L11: 1339 | N11: 1007 | O11: м3 | P11: м3 | Q11: 1 | W11: 0 | X11: -1299012478 | Y11: =AT11 -> 0 | AA11: 0 | AB11: 0 | AC11: 0 | AD11: 0 | AE11: 0 | AF11: 0 | AG11: 0 | AH11: 0 | AI11: 1 | AJ11: 1 | AK11: 1 | AL11: 1 | AM11: 0 | AN11: 0 | AO11: 0 | AP11: 0 | AQ11: 0 | AR11: 0 | AT11: 0 | AV11: 0 | AW11: 2 | AX11: 86497947 | AY11: 1 | AZ11: 0 | BA11: 11 | BB11: 0 | BC11: 0 | BD11: 0 | BE11: 0 | BF11: 0 | BG11: 0 | BH11: 0 | BI11: 0 | BJ11: 0 | BK11: 0 | BL11: 0 | BM11: 0 | BN11: 0 | BO11: 0 | BP11: 0 | BQ11: 0 | BR11: 0 | BS11: 0 | BT11: 0 | BU11: 0 | BV11: 0 | BW11: 0 | CV11: 0 | CW11: 0 | CX11: =ROUND(Y11*Source!I28,9) -> 0 | CY11: =AA11 -> 0 | CZ11: =AE11 -> 0 | DA11: =AI11 -> 1 | DB11: =ROUND(AT11*CZ11,2) -> 0 | DC11: =ROUND(AT11*AG11,2) -> 0 | DF11: =ROUND(ROUND(AE11,2)*CX11,2) -> 0 | DG11: =ROUND(ROUND(AF11,2)*CX11,2) -> 0 | DH11: =ROUND(ROUND(AG11,2)*ROUND(AT11*Source!I28,9),2) -> 0 | DI11: =ROUND(ROUND(AH11,2)*CX11,2) -> 0 | DJ11: =DF11 -> 0 | DK11: 0 | DM11: 0 | DO11: 0
A12: =ROW(Source!A28) -> 28 | B12: 86497921 | C12: 86497923 | D12: 30531602 | E12: 1 | F12: 1 | G12: 30515945 | H12: 3 | I12: 5858010000 | K12: Кольца для колодцев сборные железобетонные диаметром 700 мм | L12: 1339 | N12: 1007 | O12: м3 | P12: м3 | Q12: 1 | W12: 0 | X12: -1506672958 | Y12: =AT12 -> 0 | AA12: 0 | AB12: 0 | AC12: 0 | AD12: 0 | AE12: 0 | AF12: 0 | AG12: 0 | AH12: 0 | AI12: 1 | AJ12: 1 | AK12: 1 | AL12: 1 | AM12: 0 | AN12: 0 | AO12: 0 | AP12: 0 | AQ12: 0 | AR12: 0 | AT12: 0 | AV12: 0 | AW12: 2 | AX12: 86497948 | AY12: 1 | AZ12: 0 | BA12: 12 | BB12: 0 | BC12: 0 | BD12: 0 | BE12: 0 | BF12: 0 | BG12: 0 | BH12: 0 | BI12: 0 | BJ12: 0 | BK12: 0 | BL12: 0 | BM12: 0 | BN12: 0 | BO12: 0 | BP12: 0 | BQ12: 0 | BR12: 0 | BS12: 0 | BT12: 0 | BU12: 0 | BV12: 0 | BW12: 0 | CV12: 0 | CW12: 0 | CX12: =ROUND(Y12*Source!I28,9) -> 0 | CY12: =AA12 -> 0 | CZ12: =AE12 -> 0 | DA12: =AI12 -> 1 | DB12: =ROUND(AT12*CZ12,2) -> 0 | DC12: =ROUND(AT12*AG12,2) -> 0 | DF12: =ROUND(ROUND(AE12,2)*CX12,2) -> 0 | DG12: =ROUND(ROUND(AF12,2)*CX12,2) -> 0 | DH12: =ROUND(ROUND(AG12,2)*ROUND(AT12*Source!I28,9),2) -> 0 | DI12: =ROUND(ROUND(AH12,2)*CX12,2) -> 0 | DJ12: =DF12 -> 0 | DK12: 0 | DM12: 0 | DO12: 0
A13: =ROW(Source!A28) -> 28 | B13: 86497921 | C13: 86497923 | D13: 30531602 | E13: 1 | F13: 1 | G13: 30515945 | H13: 3 | I13: 5858010000 | K13: Плиты покрытий и днищ для колодцев сборные железобетонные круглые | L13: 1339 | N13: 1007 | O13: м3 | P13: м3 | Q13: 1 | W13: 0 | X13: 1455194175 | Y13: =AT13 -> 0 | AA13: 0 | AB13: 0 | AC13: 0 | AD13: 0 | AE13: 0 | AF13: 0 | AG13: 0 | AH13: 0 | AI13: 1 | AJ13: 1 | AK13: 1 | AL13: 1 | AM13: 0 | AN13: 0 | AO13: 0 | AP13: 0 | AQ13: 0 | AR13: 0 | AT13: 0 | AV13: 0 | AW13: 2 | AX13: 86497949 | AY13: 1 | AZ13: 0 | BA13: 13 | BB13: 0 | BC13: 0 | BD13: 0 | BE13: 0 | BF13: 0 | BG13: 0 | BH13: 0 | BI13: 0 | BJ13: 0 | BK13: 0 | BL13: 0 | BM13: 0 | BN13: 0 | BO13: 0 | BP13: 0 | BQ13: 0 | BR13: 0 | BS13: 0 | BT13: 0 | BU13: 0 | BV13: 0 | BW13: 0 | CV13: 0 | CW13: 0 | CX13: =ROUND(Y13*Source!I28,9) -> 0 | CY13: =AA13 -> 0 | CZ13: =AE13 -> 0 | DA13: =AI13 -> 1 | DB13: =ROUND(AT13*CZ13,2) -> 0 | DC13: =ROUND(AT13*AG13,2) -> 0 | DF13: =ROUND(ROUND(AE13,2)*CX13,2) -> 0 | DG13: =ROUND(ROUND(AF13,2)*CX13,2) -> 0 | DH13: =ROUND(ROUND(AG13,2)*ROUND(AT13*Source!I28,9),2) -> 0 | DI13: =ROUND(ROUND(AH13,2)*CX13,2) -> 0 | DJ13: =DF13 -> 0 | DK13: 0 | DM13: 0 | DO13: 0
A14: =ROW(Source!A29) -> 29 | B14: 86497922 | C14: 86497923 | D14: 0 | E14: 1 | F14: 1 | G14: 30515945 | H14: 1 | I14: 1 | K14: Затраты труда рабочих среднего разряда 1 | L14: 1369 | N14: 1013 | O14: чел.-ч | P14: чел.-ч | Q14: 1 | W14: 0 | X14: -2001970737 | Y14: =(AT14*1.1*0.8) -> 77.968 | AA14: 0 | AB14: 0 | AC14: 0 | AD14: 0 | AE14: 0 | AF14: 0 | AG14: 0 | AH14: 0 | AI14: 1 | AJ14: 1 | AK14: 1 | AL14: 1 | AM14: 0 | AN14: 0 | AO14: 1 | AP14: 0 | AQ14: 0 | AR14: 0 | AT14: 88.6 | AU14: *1,1*0,8 | AV14: 1 | AW14: 2 | AX14: 86497937 | AY14: 1 | AZ14: 6144 | BA14: 14 | BB14: 0 | BC14: 0 | BD14: 0 | BE14: 0 | BF14: 0 | BG14: 0 | BH14: 0 | BI14: 0 | BJ14: 0 | BK14: 0 | BL14: 0 | BM14: 0 | BN14: 0 | BO14: 0 | BP14: 0 | BQ14: 0 | BR14: 0 | BS14: 0 | BT14: 0 | BU14: 0 | BV14: 0 | BW14: 0 | CU14: =ROUND(AT14*Source!I29*AH14*AL14,2) -> 0 | CV14: =ROUND(Y14*Source!I29,9) -> 11.6952 | CW14: 0 | CX14: =ROUND(Y14*Source!I29,9) -> 11.6952 | CY14: =AD14 -> 0 | CZ14: =AH14 -> 0 | DA14: =AL14 -> 1 | DB14: =(ROUND(AT14*CZ14,2)*1.1*0.8) -> 0 | DC14: =(ROUND(AT14*AG14,2)*1.1*0.8) -> 0 | DF14: =ROUND(ROUND(AE14,2)*CX14,2) -> 0 | DG14: =ROUND(ROUND(AF14,2)*CX14,2) -> 0 | DH14: =ROUND(ROUND(AG14,2)*ROUND((AT14*Source!I29*1.1*0.8),9),2) -> 0 | DI14: =ROUND(ROUND(AH14,2)*CX14,2) -> 0 | DJ14: =DI14 -> 0 | DK14: 0 | DM14: 0 | DO14: 0 | DP14: *1,1*0,8
A15: =ROW(Source!A29) -> 29 | B15: 86497922 | C15: 86497923 | D15: 0 | E15: 1 | F15: 1 | G15: 30515945 | H15: 2 | I15: 2.1-17-224 | K15: Виброплиты для уплотнения песка, гравия и бетона, мощность до 1 кВт | L15: 1368 | N15: 1011 | O15: маш.-ч | P15: маш.-ч | Q15: 1 | W15: 0 | X15: 475176377 | Y15: =AT15 -> 0.32 | AA15: 0 | AB15: 0.79 | AC15: 0 | AD15: 0 | AE15: 0 | AF15: 0.74 | AG15: 0 | AH15: 0 | AI15: 1 | AJ15: 1 | AK15: 1 | AL15: 1 | AM15: 0 | AN15: 0 | AO15: 1 | AP15: 0 | AQ15: 0 | AR15: 0 | AT15: 0.32 | AV15: 0 | AW15: 2 | AX15: 86497938 | AY15: 1 | AZ15: 6144 | BA15: 15 | BB15: 0 | BC15: 0 | BD15: 0 | BE15: 0 | BF15: 0 | BG15: 0 | BH15: 0 | BI15: 0 | BJ15: 0 | BK15: 0 | BL15: 0 | BM15: 0 | BN15: 0 | BO15: 0 | BP15: 0 | BQ15: 0 | BR15: 0 | BS15: 0 | BT15: 0 | BU15: 0 | BV15: 0 | BW15: 0 | CV15: 0 | CW15: =ROUND(AT15*Source!I29*DO15,9) -> 0 | CX15: =ROUND(Y15*Source!I29,9) -> 0.048 | CY15: =AB15 -> 0.79 | CZ15: =AF15 -> 0.74 | DA15: =AJ15 -> 1 | DB15: =ROUND(AT15*CZ15,2) -> 0.24 | DC15: =ROUND(AT15*AG15,2) -> 0 | DF15: =ROUND(ROUND(AE15,2)*CX15,2) -> 0 | DG15: =ROUND(ROUND(AF15,2)*CX15,2) -> 0.04 | DH15: =ROUND(ROUND(AG15,2)*ROUND(AT15*Source!I29,9),2) -> 0 | DI15: =ROUND(ROUND(AH15,2)*CX15,2) -> 0 | DJ15: =DG15 -> 0.04 | DK15: 0 | DM15: 0 | DO15: 0
A16: =ROW(Source!A29) -> 29 | B16: 86497922 | C16: 86497923 | D16: 0 | E16: 1 | F16: 1 | G16: 30515945 | H16: 2 | I16: 2.1-18-7 | K16: Автомобили грузовые бортовые, грузоподъемность до 5 т | L16: 1368 | N16: 1011 | O16: маш.-ч | P16: маш.-ч | Q16: 1 | W16: 0 | X16: -36453594 | Y16: =AT16 -> 7.13 | AA16: 0 | AB16: 78.03 | AC16: 11.85 | AD16: 0 | AE16: 0 | AF16: 73.13 | AG16: 11.11 | AH16: 0 | AI16: 1 | AJ16: 1 | AK16: 1 | AL16: 1 | AM16: 0 | AN16: 0 | AO16: 1 | AP16: 0 | AQ16: 0 | AR16: 0 | AT16: 7.13 | AV16: 0 | AW16: 2 | AX16: 86497939 | AY16: 1 | AZ16: 6144 | BA16: 16 | BB16: 0 | BC16: 0 | BD16: 0 | BE16: 0 | BF16: 0 | BG16: 0 | BH16: 0 | BI16: 0 | BJ16: 0 | BK16: 0 | BL16: 0 | BM16: 0 | BN16: 0 | BO16: 0 | BP16: 0 | BQ16: 0 | BR16: 0 | BS16: 0 | BT16: 0 | BU16: 0 | BV16: 0 | BW16: 0 | CV16: 0 | CW16: =ROUND(AT16*Source!I29*DO16,9) -> 0 | CX16: =ROUND(Y16*Source!I29,9) -> 1.0695 | CY16: =AB16 -> 78.03 | CZ16: =AF16 -> 73.13 | DA16: =AJ16 -> 1 | DB16: =ROUND(AT16*CZ16,2) -> 521.42 | DC16: =ROUND(AT16*AG16,2) -> 79.21 | DF16: =ROUND(ROUND(AE16,2)*CX16,2) -> 0 | DG16: =ROUND(ROUND(AF16,2)*CX16,2) -> 78.21 | DH16: =ROUND(ROUND(AG16,2)*ROUND(AT16*Source!I29,9),2) -> 11.88 | DI16: =ROUND(ROUND(AH16,2)*CX16,2) -> 0 | DJ16: =DG16 -> 78.21 | DK16: 0 | DM16: 0 | DO16: 0
A17: =ROW(Source!A29) -> 29 | B17: 86497922 | C17: 86497923 | D17: 0 | E17: 1 | F17: 1 | G17: 30515945 | H17: 2 | I17: 2.1-3-38 | K17: Краны на автомобильном ходу, грузоподъемность до 16 т | L17: 1368 | N17: 1011 | O17: маш.-ч | P17: маш.-ч | Q17: 1 | W17: 0 | X17: 783330151 | Y17: =AT17 -> 2.82 | AA17: 0 | AB17: 168.23 | AC17: 15.9 | AD17: 0 | AE17: 0 | AF17: 157.67 | AG17: 14.9 | AH17: 0 | AI17: 1 | AJ17: 1 | AK17: 1 | AL17: 1 | AM17: 0 | AN17: 0 | AO17: 1 | AP17: 0 | AQ17: 0 | AR17: 0 | AT17: 2.82 | AV17: 0 | AW17: 2 | AX17: 86497940 | AY17: 1 | AZ17: 6144 | BA17: 17 | BB17: 0 | BC17: 0 | BD17: 0 | BE17: 0 | BF17: 0 | BG17: 0 | BH17: 0 | BI17: 0 | BJ17: 0 | BK17: 0 | BL17: 0 | BM17: 0 | BN17: 0 | BO17: 0 | BP17: 0 | BQ17: 0 | BR17: 0 | BS17: 0 | BT17: 0 | BU17: 0 | BV17: 0 | BW17: 0 | CV17: 0 | CW17: =ROUND(AT17*Source!I29*DO17,9) -> 0 | CX17: =ROUND(Y17*Source!I29,9) -> 0.423 | CY17: =AB17 -> 168.23 | CZ17: =AF17 -> 157.67 | DA17: =AJ17 -> 1 | DB17: =ROUND(AT17*CZ17,2) -> 444.63 | DC17: =ROUND(AT17*AG17,2) -> 42.02 | DF17: =ROUND(ROUND(AE17,2)*CX17,2) -> 0 | DG17: =ROUND(ROUND(AF17,2)*CX17,2) -> 66.69 | DH17: =ROUND(ROUND(AG17,2)*ROUND(AT17*Source!I29,9),2) -> 6.3 | DI17: =ROUND(ROUND(AH17,2)*CX17,2) -> 0 | DJ17: =DG17 -> 66.69 | DK17: 0 | DM17: 0 | DO17: 0
A18: =ROW(Source!A29) -> 29 | B18: 86497922 | C18: 86497923 | D18: 0 | E18: 1 | F18: 1 | G18: 30515945 | H18: 2 | I18: 2.1-4-102 | K18: Погрузчики фронтальные одноковшовые, грузоподъемность до 5 т | L18: 1368 | N18: 1011 | O18: маш.-ч | P18: маш.-ч | Q18: 1 | W18: 0 | X18: 1354124625 | Y18: =AT18 -> 0.23 | AA18: 0 | AB18: 154.88 | AC18: 13.66 | AD18: 0 | AE18: 0 | AF18: 145.15 | AG18: 12.8 | AH18: 0 | AI18: 1 | AJ18: 1 | AK18: 1 | AL18: 1 | AM18: 0 | AN18: 0 | AO18: 1 | AP18: 0 | AQ18: 0 | AR18: 0 | AT18: 0.23 | AV18: 0 | AW18: 2 | AX18: 86497941 | AY18: 1 | AZ18: 6144 | BA18: 18 | BB18: 0 | BC18: 0 | BD18: 0 | BE18: 0 | BF18: 0 | BG18: 0 | BH18: 0 | BI18: 0 | BJ18: 0 | BK18: 0 | BL18: 0 | BM18: 0 | BN18: 0 | BO18: 0 | BP18: 0 | BQ18: 0 | BR18: 0 | BS18: 0 | BT18: 0 | BU18: 0 | BV18: 0 | BW18: 0 | CV18: 0 | CW18: =ROUND(AT18*Source!I29*DO18,9) -> 0 | CX18: =ROUND(Y18*Source!I29,9) -> 0.0345 | CY18: =AB18 -> 154.88 | CZ18: =AF18 -> 145.15 | DA18: =AJ18 -> 1 | DB18: =ROUND(AT18*CZ18,2) -> 33.38 | DC18: =ROUND(AT18*AG18,2) -> 2.94 | DF18: =ROUND(ROUND(AE18,2)*CX18,2) -> 0 | DG18: =ROUND(ROUND(AF18,2)*CX18,2) -> 5.01 | DH18: =ROUND(ROUND(AG18,2)*ROUND(AT18*Source!I29,9),2) -> 0.44 | DI18: =ROUND(ROUND(AH18,2)*CX18,2) -> 0 | DJ18: =DG18 -> 5.01 | DK18: 0 | DM18: 0 | DO18: 0
A19: =ROW(Source!A29) -> 29 | B19: 86497922 | C19: 86497923 | D19: 0 | E19: 1 | F19: 1 | G19: 30515945 | H19: 3 | I19: 1.1-1-1534 | K19: Щебень из плотных горных пород, марка 1400, фракция 10-20 мм | L19: 1339 | N19: 1007 | O19: м3 | P19: м3 | Q19: 1 | W19: 0 | X19: -1580317299 | Y19: =AT19 -> 2.26 | AA19: 0 | AB19: 0 | AC19: 0 | AD19: 0 | AE19: 0 | AF19: 0 | AG19: 0 | AH19: 0 | AI19: 1 | AJ19: 1 | AK19: 1 | AL19: 1 | AM19: 0 | AN19: 0 | AO19: 1 | AP19: 0 | AQ19: 0 | AR19: 0 | AT19: 2.26 | AV19: 0 | AW19: 2 | AX19: 86497942 | AY19: 1 | AZ19: 6144 | BA19: 19 | BB19: 0 | BC19: 0 | BD19: 0 | BE19: 0 | BF19: 0 | BG19: 0 | BH19: 0 | BI19: 0 | BJ19: 0 | BK19: 0 | BL19: 0 | BM19: 0 | BN19: 0 | BO19: 0 | BP19: 0 | BQ19: 0 | BR19: 0 | BS19: 0 | BT19: 0 | BU19: 0 | BV19: 0 | BW19: 0 | CV19: 0 | CW19: 0 | CX19: =ROUND(Y19*Source!I29,9) -> 0.339 | CY19: =AA19 -> 0 | CZ19: =AE19 -> 0 | DA19: =AI19 -> 1 | DB19: =ROUND(AT19*CZ19,2) -> 0 | DC19: =ROUND(AT19*AG19,2) -> 0 | DF19: =ROUND(ROUND(AE19,2)*CX19,2) -> 0 | DG19: =ROUND(ROUND(AF19,2)*CX19,2) -> 0 | DH19: =ROUND(ROUND(AG19,2)*ROUND(AT19*Source!I29,9),2) -> 0 | DI19: =ROUND(ROUND(AH19,2)*CX19,2) -> 0 | DJ19: =DF19 -> 0 | DK19: 0 | DM19: 0 | DO19: 0
A20: =ROW(Source!A29) -> 29 | B20: 86497922 | C20: 86497923 | D20: 0 | E20: 1 | F20: 1 | G20: 30515945 | H20: 3 | I20: 1.3-4-5 | K20: Арматурные заготовки (стержни, хомуты и т.п.), не собранные в каркасы или сетки, углеродистая сталь общего назначения и арматурная сталь гладкая, класс А-I, диаметр от 16 до 18 мм | L20: 1348 | N20: 1009 | O20: т | P20: т | Q20: 1000 | W20: 0 | X20: 202703549 | Y20: =AT20 -> 0.64 | AA20: 0 | AB20: 0 | AC20: 0 | AD20: 0 | AE20: 0 | AF20: 0 | AG20: 0 | AH20: 0 | AI20: 1 | AJ20: 1 | AK20: 1 | AL20: 1 | AM20: 0 | AN20: 0 | AO20: 1 | AP20: 0 | AQ20: 0 | AR20: 0 | AT20: 0.64 | AV20: 0 | AW20: 2 | AX20: 86497943 | AY20: 1 | AZ20: 6144 | BA20: 20 | BB20: 0 | BC20: 0 | BD20: 0 | BE20: 0 | BF20: 0 | BG20: 0 | BH20: 0 | BI20: 0 | BJ20: 0 | BK20: 0 | BL20: 0 | BM20: 0 | BN20: 0 | BO20: 0 | BP20: 0 | BQ20: 0 | BR20: 0 | BS20: 0 | BT20: 0 | BU20: 0 | BV20: 0 | BW20: 0 | CV20: 0 | CW20: 0 | CX20: =ROUND(Y20*Source!I29,9) -> 0.096 | CY20: =AA20 -> 0 | CZ20: =AE20 -> 0 | DA20: =AI20 -> 1 | DB20: =ROUND(AT20*CZ20,2) -> 0 | DC20: =ROUND(AT20*AG20,2) -> 0 | DF20: =ROUND(ROUND(AE20,2)*CX20,2) -> 0 | DG20: =ROUND(ROUND(AF20,2)*CX20,2) -> 0 | DH20: =ROUND(ROUND(AG20,2)*ROUND(AT20*Source!I29,9),2) -> 0 | DI20: =ROUND(ROUND(AH20,2)*CX20,2) -> 0 | DJ20: =DF20 -> 0 | DK20: 0 | DM20: 0 | DO20: 0
A21: =ROW(Source!A29) -> 29 | B21: 86497922 | C21: 86497923 | D21: 42194904 | E21: 1 | F21: 1 | G21: 30515945 | H21: 3 | I21: 5285920000 | K21: Лестницы стальные | L21: 1348 | N21: 1009 | O21: т | P21: т | Q21: 1000 | W21: 0 | X21: -664602634 | Y21: =AT21 -> 0 | AA21: 0 | AB21: 0 | AC21: 0 | AD21: 0 | AE21: 0 | AF21: 0 | AG21: 0 | AH21: 0 | AI21: 1 | AJ21: 1 | AK21: 1 | AL21: 1 | AM21: 0 | AN21: 0 | AO21: 0 | AP21: 0 | AQ21: 0 | AR21: 0 | AT21: 0 | AV21: 0 | AW21: 2 | AX21: 86497944 | AY21: 1 | AZ21: 0 | BA21: 21 | BB21: 0 | BC21: 0 | BD21: 0 | BE21: 0 | BF21: 0 | BG21: 0 | BH21: 0 | BI21: 0 | BJ21: 0 | BK21: 0 | BL21: 0 | BM21: 0 | BN21: 0 | BO21: 0 | BP21: 0 | BQ21: 0 | BR21: 0 | BS21: 0 | BT21: 0 | BU21: 0 | BV21: 0 | BW21: 0 | CV21: 0 | CW21: 0 | CX21: =ROUND(Y21*Source!I29,9) -> 0 | CY21: =AA21 -> 0 | CZ21: =AE21 -> 0 | DA21: =AI21 -> 1 | DB21: =ROUND(AT21*CZ21,2) -> 0 | DC21: =ROUND(AT21*AG21,2) -> 0 | DF21: =ROUND(ROUND(AE21,2)*CX21,2) -> 0 | DG21: =ROUND(ROUND(AF21,2)*CX21,2) -> 0 | DH21: =ROUND(ROUND(AG21,2)*ROUND(AT21*Source!I29,9),2) -> 0 | DI21: =ROUND(ROUND(AH21,2)*CX21,2) -> 0 | DJ21: =DF21 -> 0 | DK21: 0 | DM21: 0 | DO21: 0
A22: =ROW(Source!A29) -> 29 | B22: 86497922 | C22: 86497923 | D22: 30531790 | E22: 1 | F22: 1 | G22: 30515945 | H22: 3 | I22: 5296230000 | K22: Люки тяжелые | L22: 1354 | N22: 1010 | O22: шт. | P22: шт. | Q22: 1 | W22: 0 | X22: 2087865785 | Y22: =AT22 -> 0 | AA22: 0 | AB22: 0 | AC22: 0 | AD22: 0 | AE22: 0 | AF22: 0 | AG22: 0 | AH22: 0 | AI22: 1 | AJ22: 1 | AK22: 1 | AL22: 1 | AM22: 0 | AN22: 0 | AO22: 0 | AP22: 0 | AQ22: 0 | AR22: 0 | AT22: 0 | AV22: 0 | AW22: 2 | AX22: 86497945 | AY22: 1 | AZ22: 0 | BA22: 22 | BB22: 0 | BC22: 0 | BD22: 0 | BE22: 0 | BF22: 0 | BG22: 0 | BH22: 0 | BI22: 0 | BJ22: 0 | BK22: 0 | BL22: 0 | BM22: 0 | BN22: 0 | BO22: 0 | BP22: 0 | BQ22: 0 | BR22: 0 | BS22: 0 | BT22: 0 | BU22: 0 | BV22: 0 | BW22: 0 | CV22: 0 | CW22: 0 | CX22: =ROUND(Y22*Source!I29,9) -> 0 | CY22: =AA22 -> 0 | CZ22: =AE22 -> 0 | DA22: =AI22 -> 1 | DB22: =ROUND(AT22*CZ22,2) -> 0 | DC22: =ROUND(AT22*AG22,2) -> 0 | DF22: =ROUND(ROUND(AE22,2)*CX22,2) -> 0 | DG22: =ROUND(ROUND(AF22,2)*CX22,2) -> 0 | DH22: =ROUND(ROUND(AG22,2)*ROUND(AT22*Source!I29,9),2) -> 0 | DI22: =ROUND(ROUND(AH22,2)*CX22,2) -> 0 | DJ22: =DF22 -> 0 | DK22: 0 | DM22: 0 | DO22: 0
A23: =ROW(Source!A29) -> 29 | B23: 86497922 | C23: 86497923 | D23: 30531464 | E23: 1 | F23: 1 | G23: 30515945 | H23: 3 | I23: 5745010000 | K23: Смеси бетонные, БСГ, тяжелого бетона | L23: 1339 | N23: 1007 | O23: м3 | P23: м3 | Q23: 1 | W23: 0 | X23: 1930922274 | Y23: =AT23 -> 1.33 | AA23: 0 | AB23: 0 | AC23: 0 | AD23: 0 | AE23: 0 | AF23: 0 | AG23: 0 | AH23: 0 | AI23: 1 | AJ23: 1 | AK23: 1 | AL23: 1 | AM23: 0 | AN23: 0 | AO23: 0 | AP23: 0 | AQ23: 0 | AR23: 0 | AT23: 1.33 | AV23: 0 | AW23: 2 | AX23: 86497946 | AY23: 1 | AZ23: 6144 | BA23: 23 | BB23: 0 | BC23: 0 | BD23: 0 | BE23: 0 | BF23: 0 | BG23: 0 | BH23: 0 | BI23: 0 | BJ23: 0 | BK23: 0 | BL23: 0 | BM23: 0 | BN23: 0 | BO23: 0 | BP23: 0 | BQ23: 0 | BR23: 0 | BS23: 0 | BT23: 0 | BU23: 0 | BV23: 0 | BW23: 0 | CV23: 0 | CW23: 0 | CX23: =ROUND(Y23*Source!I29,9) -> 0.1995 | CY23: =AA23 -> 0 | CZ23: =AE23 -> 0 | DA23: =AI23 -> 1 | DB23: =ROUND(AT23*CZ23,2) -> 0 | DC23: =ROUND(AT23*AG23,2) -> 0 | DF23: =ROUND(ROUND(AE23,2)*CX23,2) -> 0 | DG23: =ROUND(ROUND(AF23,2)*CX23,2) -> 0 | DH23: =ROUND(ROUND(AG23,2)*ROUND(AT23*Source!I29,9),2) -> 0 | DI23: =ROUND(ROUND(AH23,2)*CX23,2) -> 0 | DJ23: =DF23 -> 0 | DK23: 0 | DM23: 0 | DO23: 0
A24: =ROW(Source!A29) -> 29 | B24: 86497922 | C24: 86497923 | D24: 30531602 | E24: 1 | F24: 1 | G24: 30515945 | H24: 3 | I24: 5858010000 | K24: Кольца для колодцев сборные железобетонные диаметром 1500 мм | L24: 1339 | N24: 1007 | O24: м3 | P24: м3 | Q24: 1 | W24: 0 | X24: -1299012478 | Y24: =AT24 -> 0 | AA24: 0 | AB24: 0 | AC24: 0 | AD24: 0 | AE24: 0 | AF24: 0 | AG24: 0 | AH24: 0 | AI24: 1 | AJ24: 1 | AK24: 1 | AL24: 1 | AM24: 0 | AN24: 0 | AO24: 0 | AP24: 0 | AQ24: 0 | AR24: 0 | AT24: 0 | AV24: 0 | AW24: 2 | AX24: 86497947 | AY24: 1 | AZ24: 0 | BA24: 24 | BB24: 0 | BC24: 0 | BD24: 0 | BE24: 0 | BF24: 0 | BG24: 0 | BH24: 0 | BI24: 0 | BJ24: 0 | BK24: 0 | BL24: 0 | BM24: 0 | BN24: 0 | BO24: 0 | BP24: 0 | BQ24: 0 | BR24: 0 | BS24: 0 | BT24: 0 | BU24: 0 | BV24: 0 | BW24: 0 | CV24: 0 | CW24: 0 | CX24: =ROUND(Y24*Source!I29,9) -> 0 | CY24: =AA24 -> 0 | CZ24: =AE24 -> 0 | DA24: =AI24 -> 1 | DB24: =ROUND(AT24*CZ24,2) -> 0 | DC24: =ROUND(AT24*AG24,2) -> 0 | DF24: =ROUND(ROUND(AE24,2)*CX24,2) -> 0 | DG24: =ROUND(ROUND(AF24,2)*CX24,2) -> 0 | DH24: =ROUND(ROUND(AG24,2)*ROUND(AT24*Source!I29,9),2) -> 0 | DI24: =ROUND(ROUND(AH24,2)*CX24,2) -> 0 | DJ24: =DF24 -> 0 | DK24: 0 | DM24: 0 | DO24: 0
A25: =ROW(Source!A29) -> 29 | B25: 86497922 | C25: 86497923 | D25: 30531602 | E25: 1 | F25: 1 | G25: 30515945 | H25: 3 | I25: 5858010000 | K25: Кольца для колодцев сборные железобетонные диаметром 700 мм | L25: 1339 | N25: 1007 | O25: м3 | P25: м3 | Q25: 1 | W25: 0 | X25: -1506672958 | Y25: =AT25 -> 0 | AA25: 0 | AB25: 0 | AC25: 0 | AD25: 0 | AE25: 0 | AF25: 0 | AG25: 0 | AH25: 0 | AI25: 1 | AJ25: 1 | AK25: 1 | AL25: 1 | AM25: 0 | AN25: 0 | AO25: 0 | AP25: 0 | AQ25: 0 | AR25: 0 | AT25: 0 | AV25: 0 | AW25: 2 | AX25: 86497948 | AY25: 1 | AZ25: 0 | BA25: 25 | BB25: 0 | BC25: 0 | BD25: 0 | BE25: 0 | BF25: 0 | BG25: 0 | BH25: 0 | BI25: 0 | BJ25: 0 | BK25: 0 | BL25: 0 | BM25: 0 | BN25: 0 | BO25: 0 | BP25: 0 | BQ25: 0 | BR25: 0 | BS25: 0 | BT25: 0 | BU25: 0 | BV25: 0 | BW25: 0 | CV25: 0 | CW25: 0 | CX25: =ROUND(Y25*Source!I29,9) -> 0 | CY25: =AA25 -> 0 | CZ25: =AE25 -> 0 | DA25: =AI25 -> 1 | DB25: =ROUND(AT25*CZ25,2) -> 0 | DC25: =ROUND(AT25*AG25,2) -> 0 | DF25: =ROUND(ROUND(AE25,2)*CX25,2) -> 0 | DG25: =ROUND(ROUND(AF25,2)*CX25,2) -> 0 | DH25: =ROUND(ROUND(AG25,2)*ROUND(AT25*Source!I29,9),2) -> 0 | DI25: =ROUND(ROUND(AH25,2)*CX25,2) -> 0 | DJ25: =DF25 -> 0 | DK25: 0 | DM25: 0 | DO25: 0
A26: =ROW(Source!A29) -> 29 | B26: 86497922 | C26: 86497923 | D26: 30531602 | E26: 1 | F26: 1 | G26: 30515945 | H26: 3 | I26: 5858010000 | K26: Плиты покрытий и днищ для колодцев сборные железобетонные круглые | L26: 1339 | N26: 1007 | O26: м3 | P26: м3 | Q26: 1 | W26: 0 | X26: 1455194175 | Y26: =AT26 -> 0 | AA26: 0 | AB26: 0 | AC26: 0 | AD26: 0 | AE26: 0 | AF26: 0 | AG26: 0 | AH26: 0 | AI26: 1 | AJ26: 1 | AK26: 1 | AL26: 1 | AM26: 0 | AN26: 0 | AO26: 0 | AP26: 0 | AQ26: 0 | AR26: 0 | AT26: 0 | AV26: 0 | AW26: 2 | AX26: 86497949 | AY26: 1 | AZ26: 0 | BA26: 26 | BB26: 0 | BC26: 0 | BD26: 0 | BE26: 0 | BF26: 0 | BG26: 0 | BH26: 0 | BI26: 0 | BJ26: 0 | BK26: 0 | BL26: 0 | BM26: 0 | BN26: 0 | BO26: 0 | BP26: 0 | BQ26: 0 | BR26: 0 | BS26: 0 | BT26: 0 | BU26: 0 | BV26: 0 | BW26: 0 | CV26: 0 | CW26: 0 | CX26: =ROUND(Y26*Source!I29,9) -> 0 | CY26: =AA26 -> 0 | CZ26: =AE26 -> 0 | DA26: =AI26 -> 1 | DB26: =ROUND(AT26*CZ26,2) -> 0 | DC26: =ROUND(AT26*AG26,2) -> 0 | DF26: =ROUND(ROUND(AE26,2)*CX26,2) -> 0 | DG26: =ROUND(ROUND(AF26,2)*CX26,2) -> 0 | DH26: =ROUND(ROUND(AG26,2)*ROUND(AT26*Source!I29,9),2) -> 0 | DI26: =ROUND(ROUND(AH26,2)*CX26,2) -> 0 | DJ26: =DF26 -> 0 | DK26: 0 | DM26: 0 | DO26: 0
A27: =ROW(Source!A30) -> 30 | B27: 86497921 | C27: 86497950 | D27: 0 | E27: 1 | F27: 1 | G27: 30515945 | H27: 1 | I27: 1 | K27: Затраты труда рабочих среднего разряда 1 | L27: 1369 | N27: 1013 | O27: чел.-ч | P27: чел.-ч | Q27: 1 | W27: 0 | X27: -2001970737 | Y27: =(AT27*1.1*0.8) -> 77.968 | AA27: 0 | AB27: 0 | AC27: 0 | AD27: 0 | AE27: 0 | AF27: 0 | AG27: 0 | AH27: 0 | AI27: 1 | AJ27: 1 | AK27: 1 | AL27: 1 | AM27: 0 | AN27: 0 | AO27: 1 | AP27: 0 | AQ27: 0 | AR27: 0 | AT27: 88.6 | AU27: *1,1*0,8 | AV27: 1 | AW27: 2 | AX27: 86497964 | AY27: 1 | AZ27: 6144 | BA27: 27 | BB27: 0 | BC27: 0 | BD27: 0 | BE27: 0 | BF27: 0 | BG27: 0 | BH27: 0 | BI27: 0 | BJ27: 0 | BK27: 0 | BL27: 0 | BM27: 0 | BN27: 0 | BO27: 0 | BP27: 0 | BQ27: 0 | BR27: 0 | BS27: 0 | BT27: 0 | BU27: 0 | BV27: 0 | BW27: 0 | CU27: =ROUND(AT27*Source!I30*AH27*AL27,2) -> 0 | CV27: =ROUND(Y27*Source!I30,9) -> 8.57648 | CW27: 0 | CX27: =ROUND(Y27*Source!I30,9) -> 8.57648 | CY27: =AD27 -> 0 | CZ27: =AH27 -> 0 | DA27: =AL27 -> 1 | DB27: =(ROUND(AT27*CZ27,2)*1.1*0.8) -> 0 | DC27: =(ROUND(AT27*AG27,2)*1.1*0.8) -> 0 | DF27: =ROUND(ROUND(AE27,2)*CX27,2) -> 0 | DG27: =ROUND(ROUND(AF27,2)*CX27,2) -> 0 | DH27: =ROUND(ROUND(AG27,2)*ROUND((AT27*Source!I30*1.1*0.8),9),2) -> 0 | DI27: =ROUND(ROUND(AH27,2)*CX27,2) -> 0 | DJ27: =DI27 -> 0 | DK27: 0 | DM27: 0 | DO27: 0 | DP27: *1,1*0,8
A28: =ROW(Source!A30) -> 30 | B28: 86497921 | C28: 86497950 | D28: 0 | E28: 1 | F28: 1 | G28: 30515945 | H28: 2 | I28: 2.1-17-224 | K28: Виброплиты для уплотнения песка, гравия и бетона, мощность до 1 кВт | L28: 1368 | N28: 1011 | O28: маш.-ч | P28: маш.-ч | Q28: 1 | W28: 0 | X28: 475176377 | Y28: =AT28 -> 0.32 | AA28: 0 | AB28: 0.79 | AC28: 0 | AD28: 0 | AE28: 0 | AF28: 0.74 | AG28: 0 | AH28: 0 | AI28: 1 | AJ28: 1 | AK28: 1 | AL28: 1 | AM28: 0 | AN28: 0 | AO28: 1 | AP28: 0 | AQ28: 0 | AR28: 0 | AT28: 0.32 | AV28: 0 | AW28: 2 | AX28: 86497965 | AY28: 1 | AZ28: 6144 | BA28: 28 | BB28: 0 | BC28: 0 | BD28: 0 | BE28: 0 | BF28: 0 | BG28: 0 | BH28: 0 | BI28: 0 | BJ28: 0 | BK28: 0 | BL28: 0 | BM28: 0 | BN28: 0 | BO28: 0 | BP28: 0 | BQ28: 0 | BR28: 0 | BS28: 0 | BT28: 0 | BU28: 0 | BV28: 0 | BW28: 0 | CV28: 0 | CW28: =ROUND(AT28*Source!I30*DO28,9) -> 0 | CX28: =ROUND(Y28*Source!I30,9) -> 0.0352 | CY28: =AB28 -> 0.79 | CZ28: =AF28 -> 0.74 | DA28: =AJ28 -> 1 | DB28: =ROUND(AT28*CZ28,2) -> 0.24 | DC28: =ROUND(AT28*AG28,2) -> 0 | DF28: =ROUND(ROUND(AE28,2)*CX28,2) -> 0 | DG28: =ROUND(ROUND(AF28,2)*CX28,2) -> 0.03 | DH28: =ROUND(ROUND(AG28,2)*ROUND(AT28*Source!I30,9),2) -> 0 | DI28: =ROUND(ROUND(AH28,2)*CX28,2) -> 0 | DJ28: =DG28 -> 0.03 | DK28: 0 | DM28: 0 | DO28: 0
A29: =ROW(Source!A30) -> 30 | B29: 86497921 | C29: 86497950 | D29: 0 | E29: 1 | F29: 1 | G29: 30515945 | H29: 2 | I29: 2.1-18-7 | K29: Автомобили грузовые бортовые, грузоподъемность до 5 т | L29: 1368 | N29: 1011 | O29: маш.-ч | P29: маш.-ч | Q29: 1 | W29: 0 | X29: -36453594 | Y29: =AT29 -> 7.13 | AA29: 0 | AB29: 78.03 | AC29: 11.85 | AD29: 0 | AE29: 0 | AF29: 73.13 | AG29: 11.11 | AH29: 0 | AI29: 1 | AJ29: 1 | AK29: 1 | AL29: 1 | AM29: 0 | AN29: 0 | AO29: 1 | AP29: 0 | AQ29: 0 | AR29: 0 | AT29: 7.13 | AV29: 0 | AW29: 2 | AX29: 86497966 | AY29: 1 | AZ29: 6144 | BA29: 29 | BB29: 0 | BC29: 0 | BD29: 0 | BE29: 0 | BF29: 0 | BG29: 0 | BH29: 0 | BI29: 0 | BJ29: 0 | BK29: 0 | BL29: 0 | BM29: 0 | BN29: 0 | BO29: 0 | BP29: 0 | BQ29: 0 | BR29: 0 | BS29: 0 | BT29: 0 | BU29: 0 | BV29: 0 | BW29: 0 | CV29: 0 | CW29: =ROUND(AT29*Source!I30*DO29,9) -> 0 | CX29: =ROUND(Y29*Source!I30,9) -> 0.7843 | CY29: =AB29 -> 78.03 | CZ29: =AF29 -> 73.13 | DA29: =AJ29 -> 1 | DB29: =ROUND(AT29*CZ29,2) -> 521.42 | DC29: =ROUND(AT29*AG29,2) -> 79.21 | DF29: =ROUND(ROUND(AE29,2)*CX29,2) -> 0 | DG29: =ROUND(ROUND(AF29,2)*CX29,2) -> 57.36 | DH29: =ROUND(ROUND(AG29,2)*ROUND(AT29*Source!I30,9),2) -> 8.71 | DI29: =ROUND(ROUND(AH29,2)*CX29,2) -> 0 | DJ29: =DG29 -> 57.36 | DK29: 0 | DM29: 0 | DO29: 0
A30: =ROW(Source!A30) -> 30 | B30: 86497921 | C30: 86497950 | D30: 0 | E30: 1 | F30: 1 | G30: 30515945 | H30: 2 | I30: 2.1-3-38 | K30: Краны на автомобильном ходу, грузоподъемность до 16 т | L30: 1368 | N30: 1011 | O30: маш.-ч | P30: маш.-ч | Q30: 1 | W30: 0 | X30: 783330151 | Y30: =AT30 -> 2.82 | AA30: 0 | AB30: 168.23 | AC30: 15.9 | AD30: 0 | AE30: 0 | AF30: 157.67 | AG30: 14.9 | AH30: 0 | AI30: 1 | AJ30: 1 | AK30: 1 | AL30: 1 | AM30: 0 | AN30: 0 | AO30: 1 | AP30: 0 | AQ30: 0 | AR30: 0 | AT30: 2.82 | AV30: 0 | AW30: 2 | AX30: 86497967 | AY30: 1 | AZ30: 6144 | BA30: 30 | BB30: 0 | BC30: 0 | BD30: 0 | BE30: 0 | BF30: 0 | BG30: 0 | BH30: 0 | BI30: 0 | BJ30: 0 | BK30: 0 | BL30: 0 | BM30: 0 | BN30: 0 | BO30: 0 | BP30: 0 | BQ30: 0 | BR30: 0 | BS30: 0 | BT30: 0 | BU30: 0 | BV30: 0 | BW30: 0 | CV30: 0 | CW30: =ROUND(AT30*Source!I30*DO30,9) -> 0 | CX30: =ROUND(Y30*Source!I30,9) -> 0.3102 | CY30: =AB30 -> 168.23 | CZ30: =AF30 -> 157.67 | DA30: =AJ30 -> 1 | DB30: =ROUND(AT30*CZ30,2) -> 444.63 | DC30: =ROUND(AT30*AG30,2) -> 42.02 | DF30: =ROUND(ROUND(AE30,2)*CX30,2) -> 0 | DG30: =ROUND(ROUND(AF30,2)*CX30,2) -> 48.91 | DH30: =ROUND(ROUND(AG30,2)*ROUND(AT30*Source!I30,9),2) -> 4.62 | DI30: =ROUND(ROUND(AH30,2)*CX30,2) -> 0 | DJ30: =DG30 -> 48.91 | DK30: 0 | DM30: 0 | DO30: 0
A31: =ROW(Source!A30) -> 30 | B31: 86497921 | C31: 86497950 | D31: 0 | E31: 1 | F31: 1 | G31: 30515945 | H31: 2 | I31: 2.1-4-102 | K31: Погрузчики фронтальные одноковшовые, грузоподъемность до 5 т | L31: 1368 | N31: 1011 | O31: маш.-ч | P31: маш.-ч | Q31: 1 | W31: 0 | X31: 1354124625 | Y31: =AT31 -> 0.23 | AA31: 0 | AB31: 154.88 | AC31: 13.66 | AD31: 0 | AE31: 0 | AF31: 145.15 | AG31: 12.8 | AH31: 0 | AI31: 1 | AJ31: 1 | AK31: 1 | AL31: 1 | AM31: 0 | AN31: 0 | AO31: 1 | AP31: 0 | AQ31: 0 | AR31: 0 | AT31: 0.23 | AV31: 0 | AW31: 2 | AX31: 86497968 | AY31: 1 | AZ31: 6144 | BA31: 31 | BB31: 0 | BC31: 0 | BD31: 0 | BE31: 0 | BF31: 0 | BG31: 0 | BH31: 0 | BI31: 0 | BJ31: 0 | BK31: 0 | BL31: 0 | BM31: 0 | BN31: 0 | BO31: 0 | BP31: 0 | BQ31: 0 | BR31: 0 | BS31: 0 | BT31: 0 | BU31: 0 | BV31: 0 | BW31: 0 | CV31: 0 | CW31: =ROUND(AT31*Source!I30*DO31,9) -> 0 | CX31: =ROUND(Y31*Source!I30,9) -> 0.0253 | CY31: =AB31 -> 154.88 | CZ31: =AF31 -> 145.15 | DA31: =AJ31 -> 1 | DB31: =ROUND(AT31*CZ31,2) -> 33.38 | DC31: =ROUND(AT31*AG31,2) -> 2.94 | DF31: =ROUND(ROUND(AE31,2)*CX31,2) -> 0 | DG31: =ROUND(ROUND(AF31,2)*CX31,2) -> 3.67 | DH31: =ROUND(ROUND(AG31,2)*ROUND(AT31*Source!I30,9),2) -> 0.32 | DI31: =ROUND(ROUND(AH31,2)*CX31,2) -> 0 | DJ31: =DG31 -> 3.67 | DK31: 0 | DM31: 0 | DO31: 0
A32: =ROW(Source!A30) -> 30 | B32: 86497921 | C32: 86497950 | D32: 0 | E32: 1 | F32: 1 | G32: 30515945 | H32: 3 | I32: 1.1-1-1534 | K32: Щебень из плотных горных пород, марка 1400, фракция 10-20 мм | L32: 1339 | N32: 1007 | O32: м3 | P32: м3 | Q32: 1 | W32: 0 | X32: -1580317299 | Y32: =AT32 -> 2.26 | AA32: 0 | AB32: 0 | AC32: 0 | AD32: 0 | AE32: 0 | AF32: 0 | AG32: 0 | AH32: 0 | AI32: 1 | AJ32: 1 | AK32: 1 | AL32: 1 | AM32: 0 | AN32: 0 | AO32: 1 | AP32: 0 | AQ32: 0 | AR32: 0 | AT32: 2.26 | AV32: 0 | AW32: 2 | AX32: 86497969 | AY32: 1 | AZ32: 6144 | BA32: 32 | BB32: 0 | BC32: 0 | BD32: 0 | BE32: 0 | BF32: 0 | BG32: 0 | BH32: 0 | BI32: 0 | BJ32: 0 | BK32: 0 | BL32: 0 | BM32: 0 | BN32: 0 | BO32: 0 | BP32: 0 | BQ32: 0 | BR32: 0 | BS32: 0 | BT32: 0 | BU32: 0 | BV32: 0 | BW32: 0 | CV32: 0 | CW32: 0 | CX32: =ROUND(Y32*Source!I30,9) -> 0.2486 | CY32: =AA32 -> 0 | CZ32: =AE32 -> 0 | DA32: =AI32 -> 1 | DB32: =ROUND(AT32*CZ32,2) -> 0 | DC32: =ROUND(AT32*AG32,2) -> 0 | DF32: =ROUND(ROUND(AE32,2)*CX32,2) -> 0 | DG32: =ROUND(ROUND(AF32,2)*CX32,2) -> 0 | DH32: =ROUND(ROUND(AG32,2)*ROUND(AT32*Source!I30,9),2) -> 0 | DI32: =ROUND(ROUND(AH32,2)*CX32,2) -> 0 | DJ32: =DF32 -> 0 | DK32: 0 | DM32: 0 | DO32: 0
A33: =ROW(Source!A30) -> 30 | B33: 86497921 | C33: 86497950 | D33: 0 | E33: 1 | F33: 1 | G33: 30515945 | H33: 3 | I33: 1.3-4-5 | K33: Арматурные заготовки (стержни, хомуты и т.п.), не собранные в каркасы или сетки, углеродистая сталь общего назначения и арматурная сталь гладкая, класс А-I, диаметр от 16 до 18 мм | L33: 1348 | N33: 1009 | O33: т | P33: т | Q33: 1000 | W33: 0 | X33: 202703549 | Y33: =AT33 -> 0.64 | AA33: 0 | AB33: 0 | AC33: 0 | AD33: 0 | AE33: 0 | AF33: 0 | AG33: 0 | AH33: 0 | AI33: 1 | AJ33: 1 | AK33: 1 | AL33: 1 | AM33: 0 | AN33: 0 | AO33: 1 | AP33: 0 | AQ33: 0 | AR33: 0 | AT33: 0.64 | AV33: 0 | AW33: 2 | AX33: 86497970 | AY33: 1 | AZ33: 6144 | BA33: 33 | BB33: 0 | BC33: 0 | BD33: 0 | BE33: 0 | BF33: 0 | BG33: 0 | BH33: 0 | BI33: 0 | BJ33: 0 | BK33: 0 | BL33: 0 | BM33: 0 | BN33: 0 | BO33: 0 | BP33: 0 | BQ33: 0 | BR33: 0 | BS33: 0 | BT33: 0 | BU33: 0 | BV33: 0 | BW33: 0 | CV33: 0 | CW33: 0 | CX33: =ROUND(Y33*Source!I30,9) -> 0.0704 | CY33: =AA33 -> 0 | CZ33: =AE33 -> 0 | DA33: =AI33 -> 1 | DB33: =ROUND(AT33*CZ33,2) -> 0 | DC33: =ROUND(AT33*AG33,2) -> 0 | DF33: =ROUND(ROUND(AE33,2)*CX33,2) -> 0 | DG33: =ROUND(ROUND(AF33,2)*CX33,2) -> 0 | DH33: =ROUND(ROUND(AG33,2)*ROUND(AT33*Source!I30,9),2) -> 0 | DI33: =ROUND(ROUND(AH33,2)*CX33,2) -> 0 | DJ33: =DF33 -> 0 | DK33: 0 | DM33: 0 | DO33: 0
A34: =ROW(Source!A30) -> 30 | B34: 86497921 | C34: 86497950 | D34: 42194904 | E34: 1 | F34: 1 | G34: 30515945 | H34: 3 | I34: 5285920000 | K34: Лестницы стальные | L34: 1348 | N34: 1009 | O34: т | P34: т | Q34: 1000 | W34: 0 | X34: -664602634 | Y34: =AT34 -> 0 | AA34: 0 | AB34: 0 | AC34: 0 | AD34: 0 | AE34: 0 | AF34: 0 | AG34: 0 | AH34: 0 | AI34: 1 | AJ34: 1 | AK34: 1 | AL34: 1 | AM34: 0 | AN34: 0 | AO34: 0 | AP34: 0 | AQ34: 0 | AR34: 0 | AT34: 0 | AV34: 0 | AW34: 2 | AX34: 86497971 | AY34: 1 | AZ34: 0 | BA34: 34 | BB34: 0 | BC34: 0 | BD34: 0 | BE34: 0 | BF34: 0 | BG34: 0 | BH34: 0 | BI34: 0 | BJ34: 0 | BK34: 0 | BL34: 0 | BM34: 0 | BN34: 0 | BO34: 0 | BP34: 0 | BQ34: 0 | BR34: 0 | BS34: 0 | BT34: 0 | BU34: 0 | BV34: 0 | BW34: 0 | CV34: 0 | CW34: 0 | CX34: =ROUND(Y34*Source!I30,9) -> 0 | CY34: =AA34 -> 0 | CZ34: =AE34 -> 0 | DA34: =AI34 -> 1 | DB34: =ROUND(AT34*CZ34,2) -> 0 | DC34: =ROUND(AT34*AG34,2) -> 0 | DF34: =ROUND(ROUND(AE34,2)*CX34,2) -> 0 | DG34: =ROUND(ROUND(AF34,2)*CX34,2) -> 0 | DH34: =ROUND(ROUND(AG34,2)*ROUND(AT34*Source!I30,9),2) -> 0 | DI34: =ROUND(ROUND(AH34,2)*CX34,2) -> 0 | DJ34: =DF34 -> 0 | DK34: 0 | DM34: 0 | DO34: 0
A35: =ROW(Source!A30) -> 30 | B35: 86497921 | C35: 86497950 | D35: 30531790 | E35: 1 | F35: 1 | G35: 30515945 | H35: 3 | I35: 5296230000 | K35: Люки тяжелые | L35: 1354 | N35: 1010 | O35: шт. | P35: шт. | Q35: 1 | W35: 0 | X35: 2087865785 | Y35: =AT35 -> 0 | AA35: 0 | AB35: 0 | AC35: 0 | AD35: 0 | AE35: 0 | AF35: 0 | AG35: 0 | AH35: 0 | AI35: 1 | AJ35: 1 | AK35: 1 | AL35: 1 | AM35: 0 | AN35: 0 | AO35: 0 | AP35: 0 | AQ35: 0 | AR35: 0 | AT35: 0 | AV35: 0 | AW35: 2 | AX35: 86497972 | AY35: 1 | AZ35: 0 | BA35: 35 | BB35: 0 | BC35: 0 | BD35: 0 | BE35: 0 | BF35: 0 | BG35: 0 | BH35: 0 | BI35: 0 | BJ35: 0 | BK35: 0 | BL35: 0 | BM35: 0 | BN35: 0 | BO35: 0 | BP35: 0 | BQ35: 0 | BR35: 0 | BS35: 0 | BT35: 0 | BU35: 0 | BV35: 0 | BW35: 0 | CV35: 0 | CW35: 0 | CX35: =ROUND(Y35*Source!I30,9) -> 0 | CY35: =AA35 -> 0 | CZ35: =AE35 -> 0 | DA35: =AI35 -> 1 | DB35: =ROUND(AT35*CZ35,2) -> 0 | DC35: =ROUND(AT35*AG35,2) -> 0 | DF35: =ROUND(ROUND(AE35,2)*CX35,2) -> 0 | DG35: =ROUND(ROUND(AF35,2)*CX35,2) -> 0 | DH35: =ROUND(ROUND(AG35,2)*ROUND(AT35*Source!I30,9),2) -> 0 | DI35: =ROUND(ROUND(AH35,2)*CX35,2) -> 0 | DJ35: =DF35 -> 0 | DK35: 0 | DM35: 0 | DO35: 0
A36: =ROW(Source!A30) -> 30 | B36: 86497921 | C36: 86497950 | D36: 30531464 | E36: 1 | F36: 1 | G36: 30515945 | H36: 3 | I36: 5745010000 | K36: Смеси бетонные, БСГ, тяжелого бетона | L36: 1339 | N36: 1007 | O36: м3 | P36: м3 | Q36: 1 | W36: 0 | X36: 1930922274 | Y36: =AT36 -> 1.33 | AA36: 0 | AB36: 0 | AC36: 0 | AD36: 0 | AE36: 0 | AF36: 0 | AG36: 0 | AH36: 0 | AI36: 1 | AJ36: 1 | AK36: 1 | AL36: 1 | AM36: 0 | AN36: 0 | AO36: 0 | AP36: 0 | AQ36: 0 | AR36: 0 | AT36: 1.33 | AV36: 0 | AW36: 2 | AX36: 86497973 | AY36: 1 | AZ36: 6144 | BA36: 36 | BB36: 0 | BC36: 0 | BD36: 0 | BE36: 0 | BF36: 0 | BG36: 0 | BH36: 0 | BI36: 0 | BJ36: 0 | BK36: 0 | BL36: 0 | BM36: 0 | BN36: 0 | BO36: 0 | BP36: 0 | BQ36: 0 | BR36: 0 | BS36: 0 | BT36: 0 | BU36: 0 | BV36: 0 | BW36: 0 | CV36: 0 | CW36: 0 | CX36: =ROUND(Y36*Source!I30,9) -> 0.1463 | CY36: =AA36 -> 0 | CZ36: =AE36 -> 0 | DA36: =AI36 -> 1 | DB36: =ROUND(AT36*CZ36,2) -> 0 | DC36: =ROUND(AT36*AG36,2) -> 0 | DF36: =ROUND(ROUND(AE36,2)*CX36,2) -> 0 | DG36: =ROUND(ROUND(AF36,2)*CX36,2) -> 0 | DH36: =ROUND(ROUND(AG36,2)*ROUND(AT36*Source!I30,9),2) -> 0 | DI36: =ROUND(ROUND(AH36,2)*CX36,2) -> 0 | DJ36: =DF36 -> 0 | DK36: 0 | DM36: 0 | DO36: 0
A37: =ROW(Source!A30) -> 30 | B37: 86497921 | C37: 86497950 | D37: 30531602 | E37: 1 | F37: 1 | G37: 30515945 | H37: 3 | I37: 5858010000 | K37: Кольца для колодцев сборные железобетонные диаметром 1500 мм | L37: 1339 | N37: 1007 | O37: м3 | P37: м3 | Q37: 1 | W37: 0 | X37: -1299012478 | Y37: =AT37 -> 0 | AA37: 0 | AB37: 0 | AC37: 0 | AD37: 0 | AE37: 0 | AF37: 0 | AG37: 0 | AH37: 0 | AI37: 1 | AJ37: 1 | AK37: 1 | AL37: 1 | AM37: 0 | AN37: 0 | AO37: 0 | AP37: 0 | AQ37: 0 | AR37: 0 | AT37: 0 | AV37: 0 | AW37: 2 | AX37: 86497974 | AY37: 1 | AZ37: 0 | BA37: 37 | BB37: 0 | BC37: 0 | BD37: 0 | BE37: 0 | BF37: 0 | BG37: 0 | BH37: 0 | BI37: 0 | BJ37: 0 | BK37: 0 | BL37: 0 | BM37: 0 | BN37: 0 | BO37: 0 | BP37: 0 | BQ37: 0 | BR37: 0 | BS37: 0 | BT37: 0 | BU37: 0 | BV37: 0 | BW37: 0 | CV37: 0 | CW37: 0 | CX37: =ROUND(Y37*Source!I30,9) -> 0 | CY37: =AA37 -> 0 | CZ37: =AE37 -> 0 | DA37: =AI37 -> 1 | DB37: =ROUND(AT37*CZ37,2) -> 0 | DC37: =ROUND(AT37*AG37,2) -> 0 | DF37: =ROUND(ROUND(AE37,2)*CX37,2) -> 0 | DG37: =ROUND(ROUND(AF37,2)*CX37,2) -> 0 | DH37: =ROUND(ROUND(AG37,2)*ROUND(AT37*Source!I30,9),2) -> 0 | DI37: =ROUND(ROUND(AH37,2)*CX37,2) -> 0 | DJ37: =DF37 -> 0 | DK37: 0 | DM37: 0 | DO37: 0
A38: =ROW(Source!A30) -> 30 | B38: 86497921 | C38: 86497950 | D38: 30531602 | E38: 1 | F38: 1 | G38: 30515945 | H38: 3 | I38: 5858010000 | K38: Кольца для колодцев сборные железобетонные диаметром 700 мм | L38: 1339 | N38: 1007 | O38: м3 | P38: м3 | Q38: 1 | W38: 0 | X38: -1506672958 | Y38: =AT38 -> 0 | AA38: 0 | AB38: 0 | AC38: 0 | AD38: 0 | AE38: 0 | AF38: 0 | AG38: 0 | AH38: 0 | AI38: 1 | AJ38: 1 | AK38: 1 | AL38: 1 | AM38: 0 | AN38: 0 | AO38: 0 | AP38: 0 | AQ38: 0 | AR38: 0 | AT38: 0 | AV38: 0 | AW38: 2 | AX38: 86497975 | AY38: 1 | AZ38: 0 | BA38: 38 | BB38: 0 | BC38: 0 | BD38: 0 | BE38: 0 | BF38: 0 | BG38: 0 | BH38: 0 | BI38: 0 | BJ38: 0 | BK38: 0 | BL38: 0 | BM38: 0 | BN38: 0 | BO38: 0 | BP38: 0 | BQ38: 0 | BR38: 0 | BS38: 0 | BT38: 0 | BU38: 0 | BV38: 0 | BW38: 0 | CV38: 0 | CW38: 0 | CX38: =ROUND(Y38*Source!I30,9) -> 0 | CY38: =AA38 -> 0 | CZ38: =AE38 -> 0 | DA38: =AI38 -> 1 | DB38: =ROUND(AT38*CZ38,2) -> 0 | DC38: =ROUND(AT38*AG38,2) -> 0 | DF38: =ROUND(ROUND(AE38,2)*CX38,2) -> 0 | DG38: =ROUND(ROUND(AF38,2)*CX38,2) -> 0 | DH38: =ROUND(ROUND(AG38,2)*ROUND(AT38*Source!I30,9),2) -> 0 | DI38: =ROUND(ROUND(AH38,2)*CX38,2) -> 0 | DJ38: =DF38 -> 0 | DK38: 0 | DM38: 0 | DO38: 0
A39: =ROW(Source!A30) -> 30 | B39: 86497921 | C39: 86497950 | D39: 30531602 | E39: 1 | F39: 1 | G39: 30515945 | H39: 3 | I39: 5858010000 | K39: Плиты покрытий и днищ для колодцев сборные железобетонные круглые | L39: 1339 | N39: 1007 | O39: м3 | P39: м3 | Q39: 1 | W39: 0 | X39: 1455194175 | Y39: =AT39 -> 0 | AA39: 0 | AB39: 0 | AC39: 0 | AD39: 0 | AE39: 0 | AF39: 0 | AG39: 0 | AH39: 0 | AI39: 1 | AJ39: 1 | AK39: 1 | AL39: 1 | AM39: 0 | AN39: 0 | AO39: 0 | AP39: 0 | AQ39: 0 | AR39: 0 | AT39: 0 | AV39: 0 | AW39: 2 | AX39: 86497976 | AY39: 1 | AZ39: 0 | BA39: 39 | BB39: 0 | BC39: 0 | BD39: 0 | BE39: 0 | BF39: 0 | BG39: 0 | BH39: 0 | BI39: 0 | BJ39: 0 | BK39: 0 | BL39: 0 | BM39: 0 | BN39: 0 | BO39: 0 | BP39: 0 | BQ39: 0 | BR39: 0 | BS39: 0 | BT39: 0 | BU39: 0 | BV39: 0 | BW39: 0 | CV39: 0 | CW39: 0 | CX39: =ROUND(Y39*Source!I30,9) -> 0 | CY39: =AA39 -> 0 | CZ39: =AE39 -> 0 | DA39: =AI39 -> 1 | DB39: =ROUND(AT39*CZ39,2) -> 0 | DC39: =ROUND(AT39*AG39,2) -> 0 | DF39: =ROUND(ROUND(AE39,2)*CX39,2) -> 0 | DG39: =ROUND(ROUND(AF39,2)*CX39,2) -> 0 | DH39: =ROUND(ROUND(AG39,2)*ROUND(AT39*Source!I30,9),2) -> 0 | DI39: =ROUND(ROUND(AH39,2)*CX39,2) -> 0 | DJ39: =DF39 -> 0 | DK39: 0 | DM39: 0 | DO39: 0
A40: =ROW(Source!A31) -> 31 | B40: 86497922 | C40: 86497950 | D40: 0 | E40: 1 | F40: 1 | G40: 30515945 | H40: 1 | I40: 1 | K40: Затраты труда рабочих среднего разряда 1 | L40: 1369 | N40: 1013 | O40: чел.-ч | P40: чел.-ч | Q40: 1 | W40: 0 | X40: -2001970737 | Y40: =(AT40*1.1*0.8) -> 77.968 | AA40: 0 | AB40: 0 | AC40: 0 | AD40: 0 | AE40: 0 | AF40: 0 | AG40: 0 | AH40: 0 | AI40: 1 | AJ40: 1 | AK40: 1 | AL40: 1 | AM40: 0 | AN40: 0 | AO40: 1 | AP40: 0 | AQ40: 0 | AR40: 0 | AT40: 88.6 | AU40: *1,1*0,8 | AV40: 1 | AW40: 2 | AX40: 86497964 | AY40: 1 | AZ40: 6144 | BA40: 40 | BB40: 0 | BC40: 0 | BD40: 0 | BE40: 0 | BF40: 0 | BG40: 0 | BH40: 0 | BI40: 0 | BJ40: 0 | BK40: 0 | BL40: 0 | BM40: 0 | BN40: 0 | BO40: 0 | BP40: 0 | BQ40: 0 | BR40: 0 | BS40: 0 | BT40: 0 | BU40: 0 | BV40: 0 | BW40: 0 | CU40: =ROUND(AT40*Source!I31*AH40*AL40,2) -> 0 | CV40: =ROUND(Y40*Source!I31,9) -> 8.57648 | CW40: 0 | CX40: =ROUND(Y40*Source!I31,9) -> 8.57648 | CY40: =AD40 -> 0 | CZ40: =AH40 -> 0 | DA40: =AL40 -> 1 | DB40: =(ROUND(AT40*CZ40,2)*1.1*0.8) -> 0 | DC40: =(ROUND(AT40*AG40,2)*1.1*0.8) -> 0 | DF40: =ROUND(ROUND(AE40,2)*CX40,2) -> 0 | DG40: =ROUND(ROUND(AF40,2)*CX40,2) -> 0 | DH40: =ROUND(ROUND(AG40,2)*ROUND((AT40*Source!I31*1.1*0.8),9),2) -> 0 | DI40: =ROUND(ROUND(AH40,2)*CX40,2) -> 0 | DJ40: =DI40 -> 0 | DK40: 0 | DM40: 0 | DO40: 0 | DP40: *1,1*0,8
A41: =ROW(Source!A31) -> 31 | B41: 86497922 | C41: 86497950 | D41: 0 | E41: 1 | F41: 1 | G41: 30515945 | H41: 2 | I41: 2.1-17-224 | K41: Виброплиты для уплотнения песка, гравия и бетона, мощность до 1 кВт | L41: 1368 | N41: 1011 | O41: маш.-ч | P41: маш.-ч | Q41: 1 | W41: 0 | X41: 475176377 | Y41: =AT41 -> 0.32 | AA41: 0 | AB41: 0.79 | AC41: 0 | AD41: 0 | AE41: 0 | AF41: 0.74 | AG41: 0 | AH41: 0 | AI41: 1 | AJ41: 1 | AK41: 1 | AL41: 1 | AM41: 0 | AN41: 0 | AO41: 1 | AP41: 0 | AQ41: 0 | AR41: 0 | AT41: 0.32 | AV41: 0 | AW41: 2 | AX41: 86497965 | AY41: 1 | AZ41: 6144 | BA41: 41 | BB41: 0 | BC41: 0 | BD41: 0 | BE41: 0 | BF41: 0 | BG41: 0 | BH41: 0 | BI41: 0 | BJ41: 0 | BK41: 0 | BL41: 0 | BM41: 0 | BN41: 0 | BO41: 0 | BP41: 0 | BQ41: 0 | BR41: 0 | BS41: 0 | BT41: 0 | BU41: 0 | BV41: 0 | BW41: 0 | CV41: 0 | CW41: =ROUND(AT41*Source!I31*DO41,9) -> 0 | CX41: =ROUND(Y41*Source!I31,9) -> 0.0352 | CY41: =AB41 -> 0.79 | CZ41: =AF41 -> 0.74 | DA41: =AJ41 -> 1 | DB41: =ROUND(AT41*CZ41,2) -> 0.24 | DC41: =ROUND(AT41*AG41,2) -> 0 | DF41: =ROUND(ROUND(AE41,2)*CX41,2) -> 0 | DG41: =ROUND(ROUND(AF41,2)*CX41,2) -> 0.03 | DH41: =ROUND(ROUND(AG41,2)*ROUND(AT41*Source!I31,9),2) -> 0 | DI41: =ROUND(ROUND(AH41,2)*CX41,2) -> 0 | DJ41: =DG41 -> 0.03 | DK41: 0 | DM41: 0 | DO41: 0
A42: =ROW(Source!A31) -> 31 | B42: 86497922 | C42: 86497950 | D42: 0 | E42: 1 | F42: 1 | G42: 30515945 | H42: 2 | I42: 2.1-18-7 | K42: Автомобили грузовые бортовые, грузоподъемность до 5 т | L42: 1368 | N42: 1011 | O42: маш.-ч | P42: маш.-ч | Q42: 1 | W42: 0 | X42: -36453594 | Y42: =AT42 -> 7.13 | AA42: 0 | AB42: 78.03 | AC42: 11.85 | AD42: 0 | AE42: 0 | AF42: 73.13 | AG42: 11.11 | AH42: 0 | AI42: 1 | AJ42: 1 | AK42: 1 | AL42: 1 | AM42: 0 | AN42: 0 | AO42: 1 | AP42: 0 | AQ42: 0 | AR42: 0 | AT42: 7.13 | AV42: 0 | AW42: 2 | AX42: 86497966 | AY42: 1 | AZ42: 6144 | BA42: 42 | BB42: 0 | BC42: 0 | BD42: 0 | BE42: 0 | BF42: 0 | BG42: 0 | BH42: 0 | BI42: 0 | BJ42: 0 | BK42: 0 | BL42: 0 | BM42: 0 | BN42: 0 | BO42: 0 | BP42: 0 | BQ42: 0 | BR42: 0 | BS42: 0 | BT42: 0 | BU42: 0 | BV42: 0 | BW42: 0 | CV42: 0 | CW42: =ROUND(AT42*Source!I31*DO42,9) -> 0 | CX42: =ROUND(Y42*Source!I31,9) -> 0.7843 | CY42: =AB42 -> 78.03 | CZ42: =AF42 -> 73.13 | DA42: =AJ42 -> 1 | DB42: =ROUND(AT42*CZ42,2) -> 521.42 | DC42: =ROUND(AT42*AG42,2) -> 79.21 | DF42: =ROUND(ROUND(AE42,2)*CX42,2) -> 0 | DG42: =ROUND(ROUND(AF42,2)*CX42,2) -> 57.36 | DH42: =ROUND(ROUND(AG42,2)*ROUND(AT42*Source!I31,9),2) -> 8.71 | DI42: =ROUND(ROUND(AH42,2)*CX42,2) -> 0 | DJ42: =DG42 -> 57.36 | DK42: 0 | DM42: 0 | DO42: 0
A43: =ROW(Source!A31) -> 31 | B43: 86497922 | C43: 86497950 | D43: 0 | E43: 1 | F43: 1 | G43: 30515945 | H43: 2 | I43: 2.1-3-38 | K43: Краны на автомобильном ходу, грузоподъемность до 16 т | L43: 1368 | N43: 1011 | O43: маш.-ч | P43: маш.-ч | Q43: 1 | W43: 0 | X43: 783330151 | Y43: =AT43 -> 2.82 | AA43: 0 | AB43: 168.23 | AC43: 15.9 | AD43: 0 | AE43: 0 | AF43: 157.67 | AG43: 14.9 | AH43: 0 | AI43: 1 | AJ43: 1 | AK43: 1 | AL43: 1 | AM43: 0 | AN43: 0 | AO43: 1 | AP43: 0 | AQ43: 0 | AR43: 0 | AT43: 2.82 | AV43: 0 | AW43: 2 | AX43: 86497967 | AY43: 1 | AZ43: 6144 | BA43: 43 | BB43: 0 | BC43: 0 | BD43: 0 | BE43: 0 | BF43: 0 | BG43: 0 | BH43: 0 | BI43: 0 | BJ43: 0 | BK43: 0 | BL43: 0 | BM43: 0 | BN43: 0 | BO43: 0 | BP43: 0 | BQ43: 0 | BR43: 0 | BS43: 0 | BT43: 0 | BU43: 0 | BV43: 0 | BW43: 0 | CV43: 0 | CW43: =ROUND(AT43*Source!I31*DO43,9) -> 0 | CX43: =ROUND(Y43*Source!I31,9) -> 0.3102 | CY43: =AB43 -> 168.23 | CZ43: =AF43 -> 157.67 | DA43: =AJ43 -> 1 | DB43: =ROUND(AT43*CZ43,2) -> 444.63 | DC43: =ROUND(AT43*AG43,2) -> 42.02 | DF43: =ROUND(ROUND(AE43,2)*CX43,2) -> 0 | DG43: =ROUND(ROUND(AF43,2)*CX43,2) -> 48.91 | DH43: =ROUND(ROUND(AG43,2)*ROUND(AT43*Source!I31,9),2) -> 4.62 | DI43: =ROUND(ROUND(AH43,2)*CX43,2) -> 0 | DJ43: =DG43 -> 48.91 | DK43: 0 | DM43: 0 | DO43: 0
A44: =ROW(Source!A31) -> 31 | B44: 86497922 | C44: 86497950 | D44: 0 | E44: 1 | F44: 1 | G44: 30515945 | H44: 2 | I44: 2.1-4-102 | K44: Погрузчики фронтальные одноковшовые, грузоподъемность до 5 т | L44: 1368 | N44: 1011 | O44: маш.-ч | P44: маш.-ч | Q44: 1 | W44: 0 | X44: 1354124625 | Y44: =AT44 -> 0.23 | AA44: 0 | AB44: 154.88 | AC44: 13.66 | AD44: 0 | AE44: 0 | AF44: 145.15 | AG44: 12.8 | AH44: 0 | AI44: 1 | AJ44: 1 | AK44: 1 | AL44: 1 | AM44: 0 | AN44: 0 | AO44: 1 | AP44: 0 | AQ44: 0 | AR44: 0 | AT44: 0.23 | AV44: 0 | AW44: 2 | AX44: 86497968 | AY44: 1 | AZ44: 6144 | BA44: 44 | BB44: 0 | BC44: 0 | BD44: 0 | BE44: 0 | BF44: 0 | BG44: 0 | BH44: 0 | BI44: 0 | BJ44: 0 | BK44: 0 | BL44: 0 | BM44: 0 | BN44: 0 | BO44: 0 | BP44: 0 | BQ44: 0 | BR44: 0 | BS44: 0 | BT44: 0 | BU44: 0 | BV44: 0 | BW44: 0 | CV44: 0 | CW44: =ROUND(AT44*Source!I31*DO44,9) -> 0 | CX44: =ROUND(Y44*Source!I31,9) -> 0.0253 | CY44: =AB44 -> 154.88 | CZ44: =AF44 -> 145.15 | DA44: =AJ44 -> 1 | DB44: =ROUND(AT44*CZ44,2) -> 33.38 | DC44: =ROUND(AT44*AG44,2) -> 2.94 | DF44: =ROUND(ROUND(AE44,2)*CX44,2) -> 0 | DG44: =ROUND(ROUND(AF44,2)*CX44,2) -> 3.67 | DH44: =ROUND(ROUND(AG44,2)*ROUND(AT44*Source!I31,9),2) -> 0.32 | DI44: =ROUND(ROUND(AH44,2)*CX44,2) -> 0 | DJ44: =DG44 -> 3.67 | DK44: 0 | DM44: 0 | DO44: 0
A45: =ROW(Source!A31) -> 31 | B45: 86497922 | C45: 86497950 | D45: 0 | E45: 1 | F45: 1 | G45: 30515945 | H45: 3 | I45: 1.1-1-1534 | K45: Щебень из плотных горных пород, марка 1400, фракция 10-20 мм | L45: 1339 | N45: 1007 | O45: м3 | P45: м3 | Q45: 1 | W45: 0 | X45: -1580317299 | Y45: =AT45 -> 2.26 | AA45: 0 | AB45: 0 | AC45: 0 | AD45: 0 | AE45: 0 | AF45: 0 | AG45: 0 | AH45: 0 | AI45: 1 | AJ45: 1 | AK45: 1 | AL45: 1 | AM45: 0 | AN45: 0 | AO45: 1 | AP45: 0 | AQ45: 0 | AR45: 0 | AT45: 2.26 | AV45: 0 | AW45: 2 | AX45: 86497969 | AY45: 1 | AZ45: 6144 | BA45: 45 | BB45: 0 | BC45: 0 | BD45: 0 | BE45: 0 | BF45: 0 | BG45: 0 | BH45: 0 | BI45: 0 | BJ45: 0 | BK45: 0 | BL45: 0 | BM45: 0 | BN45: 0 | BO45: 0 | BP45: 0 | BQ45: 0 | BR45: 0 | BS45: 0 | BT45: 0 | BU45: 0 | BV45: 0 | BW45: 0 | CV45: 0 | CW45: 0 | CX45: =ROUND(Y45*Source!I31,9) -> 0.2486 | CY45: =AA45 -> 0 | CZ45: =AE45 -> 0 | DA45: =AI45 -> 1 | DB45: =ROUND(AT45*CZ45,2) -> 0 | DC45: =ROUND(AT45*AG45,2) -> 0 | DF45: =ROUND(ROUND(AE45,2)*CX45,2) -> 0 | DG45: =ROUND(ROUND(AF45,2)*CX45,2) -> 0 | DH45: =ROUND(ROUND(AG45,2)*ROUND(AT45*Source!I31,9),2) -> 0 | DI45: =ROUND(ROUND(AH45,2)*CX45,2) -> 0 | DJ45: =DF45 -> 0 | DK45: 0 | DM45: 0 | DO45: 0
A46: =ROW(Source!A31) -> 31 | B46: 86497922 | C46: 86497950 | D46: 0 | E46: 1 | F46: 1 | G46: 30515945 | H46: 3 | I46: 1.3-4-5 | K46: Арматурные заготовки (стержни, хомуты и т.п.), не собранные в каркасы или сетки, углеродистая сталь общего назначения и арматурная сталь гладкая, класс А-I, диаметр от 16 до 18 мм | L46: 1348 | N46: 1009 | O46: т | P46: т | Q46: 1000 | W46: 0 | X46: 202703549 | Y46: =AT46 -> 0.64 | AA46: 0 | AB46: 0 | AC46: 0 | AD46: 0 | AE46: 0 | AF46: 0 | AG46: 0 | AH46: 0 | AI46: 1 | AJ46: 1 | AK46: 1 | AL46: 1 | AM46: 0 | AN46: 0 | AO46: 1 | AP46: 0 | AQ46: 0 | AR46: 0 | AT46: 0.64 | AV46: 0 | AW46: 2 | AX46: 86497970 | AY46: 1 | AZ46: 6144 | BA46: 46 | BB46: 0 | BC46: 0 | BD46: 0 | BE46: 0 | BF46: 0 | BG46: 0 | BH46: 0 | BI46: 0 | BJ46: 0 | BK46: 0 | BL46: 0 | BM46: 0 | BN46: 0 | BO46: 0 | BP46: 0 | BQ46: 0 | BR46: 0 | BS46: 0 | BT46: 0 | BU46: 0 | BV46: 0 | BW46: 0 | CV46: 0 | CW46: 0 | CX46: =ROUND(Y46*Source!I31,9) -> 0.0704 | CY46: =AA46 -> 0 | CZ46: =AE46 -> 0 | DA46: =AI46 -> 1 | DB46: =ROUND(AT46*CZ46,2) -> 0 | DC46: =ROUND(AT46*AG46,2) -> 0 | DF46: =ROUND(ROUND(AE46,2)*CX46,2) -> 0 | DG46: =ROUND(ROUND(AF46,2)*CX46,2) -> 0 | DH46: =ROUND(ROUND(AG46,2)*ROUND(AT46*Source!I31,9),2) -> 0 | DI46: =ROUND(ROUND(AH46,2)*CX46,2) -> 0 | DJ46: =DF46 -> 0 | DK46: 0 | DM46: 0 | DO46: 0
A47: =ROW(Source!A31) -> 31 | B47: 86497922 | C47: 86497950 | D47: 42194904 | E47: 1 | F47: 1 | G47: 30515945 | H47: 3 | I47: 5285920000 | K47: Лестницы стальные | L47: 1348 | N47: 1009 | O47: т | P47: т | Q47: 1000 | W47: 0 | X47: -664602634 | Y47: =AT47 -> 0 | AA47: 0 | AB47: 0 | AC47: 0 | AD47: 0 | AE47: 0 | AF47: 0 | AG47: 0 | AH47: 0 | AI47: 1 | AJ47: 1 | AK47: 1 | AL47: 1 | AM47: 0 | AN47: 0 | AO47: 0 | AP47: 0 | AQ47: 0 | AR47: 0 | AT47: 0 | AV47: 0 | AW47: 2 | AX47: 86497971 | AY47: 1 | AZ47: 0 | BA47: 47 | BB47: 0 | BC47: 0 | BD47: 0 | BE47: 0 | BF47: 0 | BG47: 0 | BH47: 0 | BI47: 0 | BJ47: 0 | BK47: 0 | BL47: 0 | BM47: 0 | BN47: 0 | BO47: 0 | BP47: 0 | BQ47: 0 | BR47: 0 | BS47: 0 | BT47: 0 | BU47: 0 | BV47: 0 | BW47: 0 | CV47: 0 | CW47: 0 | CX47: =ROUND(Y47*Source!I31,9) -> 0 | CY47: =AA47 -> 0 | CZ47: =AE47 -> 0 | DA47: =AI47 -> 1 | DB47: =ROUND(AT47*CZ47,2) -> 0 | DC47: =ROUND(AT47*AG47,2) -> 0 | DF47: =ROUND(ROUND(AE47,2)*CX47,2) -> 0 | DG47: =ROUND(ROUND(AF47,2)*CX47,2) -> 0 | DH47: =ROUND(ROUND(AG47,2)*ROUND(AT47*Source!I31,9),2) -> 0 | DI47: =ROUND(ROUND(AH47,2)*CX47,2) -> 0 | DJ47: =DF47 -> 0 | DK47: 0 | DM47: 0 | DO47: 0
A48: =ROW(Source!A31) -> 31 | B48: 86497922 | C48: 86497950 | D48: 30531790 | E48: 1 | F48: 1 | G48: 30515945 | H48: 3 | I48: 5296230000 | K48: Люки тяжелые | L48: 1354 | N48: 1010 | O48: шт. | P48: шт. | Q48: 1 | W48: 0 | X48: 2087865785 | Y48: =AT48 -> 0 | AA48: 0 | AB48: 0 | AC48: 0 | AD48: 0 | AE48: 0 | AF48: 0 | AG48: 0 | AH48: 0 | AI48: 1 | AJ48: 1 | AK48: 1 | AL48: 1 | AM48: 0 | AN48: 0 | AO48: 0 | AP48: 0 | AQ48: 0 | AR48: 0 | AT48: 0 | AV48: 0 | AW48: 2 | AX48: 86497972 | AY48: 1 | AZ48: 0 | BA48: 48 | BB48: 0 | BC48: 0 | BD48: 0 | BE48: 0 | BF48: 0 | BG48: 0 | BH48: 0 | BI48: 0 | BJ48: 0 | BK48: 0 | BL48: 0 | BM48: 0 | BN48: 0 | BO48: 0 | BP48: 0 | BQ48: 0 | BR48: 0 | BS48: 0 | BT48: 0 | BU48: 0 | BV48: 0 | BW48: 0 | CV48: 0 | CW48: 0 | CX48: =ROUND(Y48*Source!I31,9) -> 0 | CY48: =AA48 -> 0 | CZ48: =AE48 -> 0 | DA48: =AI48 -> 1 | DB48: =ROUND(AT48*CZ48,2) -> 0 | DC48: =ROUND(AT48*AG48,2) -> 0 | DF48: =ROUND(ROUND(AE48,2)*CX48,2) -> 0 | DG48: =ROUND(ROUND(AF48,2)*CX48,2) -> 0 | DH48: =ROUND(ROUND(AG48,2)*ROUND(AT48*Source!I31,9),2) -> 0 | DI48: =ROUND(ROUND(AH48,2)*CX48,2) -> 0 | DJ48: =DF48 -> 0 | DK48: 0 | DM48: 0 | DO48: 0
A49: =ROW(Source!A31) -> 31 | B49: 86497922 | C49: 86497950 | D49: 30531464 | E49: 1 | F49: 1 | G49: 30515945 | H49: 3 | I49: 5745010000 | K49: Смеси бетонные, БСГ, тяжелого бетона | L49: 1339 | N49: 1007 | O49: м3 | P49: м3 | Q49: 1 | W49: 0 | X49: 1930922274 | Y49: =AT49 -> 1.33 | AA49: 0 | AB49: 0 | AC49: 0 | AD49: 0 | AE49: 0 | AF49: 0 | AG49: 0 | AH49: 0 | AI49: 1 | AJ49: 1 | AK49: 1 | AL49: 1 | AM49: 0 | AN49: 0 | AO49: 0 | AP49: 0 | AQ49: 0 | AR49: 0 | AT49: 1.33 | AV49: 0 | AW49: 2 | AX49: 86497973 | AY49: 1 | AZ49: 6144 | BA49: 49 | BB49: 0 | BC49: 0 | BD49: 0 | BE49: 0 | BF49: 0 | BG49: 0 | BH49: 0 | BI49: 0 | BJ49: 0 | BK49: 0 | BL49: 0 | BM49: 0 | BN49: 0 | BO49: 0 | BP49: 0 | BQ49: 0 | BR49: 0 | BS49: 0 | BT49: 0 | BU49: 0 | BV49: 0 | BW49: 0 | CV49: 0 | CW49: 0 | CX49: =ROUND(Y49*Source!I31,9) -> 0.1463 | CY49: =AA49 -> 0 | CZ49: =AE49 -> 0 | DA49: =AI49 -> 1 | DB49: =ROUND(AT49*CZ49,2) -> 0 | DC49: =ROUND(AT49*AG49,2) -> 0 | DF49: =ROUND(ROUND(AE49,2)*CX49,2) -> 0 | DG49: =ROUND(ROUND(AF49,2)*CX49,2) -> 0 | DH49: =ROUND(ROUND(AG49,2)*ROUND(AT49*Source!I31,9),2) -> 0 | DI49: =ROUND(ROUND(AH49,2)*CX49,2) -> 0 | DJ49: =DF49 -> 0 | DK49: 0 | DM49: 0 | DO49: 0
A50: =ROW(Source!A31) -> 31 | B50: 86497922 | C50: 86497950 | D50: 30531602 | E50: 1 | F50: 1 | G50: 30515945 | H50: 3 | I50: 5858010000 | K50: Кольца для колодцев сборные железобетонные диаметром 1500 мм | L50: 1339 | N50: 1007 | O50: м3 | P50: м3 | Q50: 1 | W50: 0 | X50: -1299012478 | Y50: =AT50 -> 0 | AA50: 0 | AB50: 0 | AC50: 0 | AD50: 0 | AE50: 0 | AF50: 0 | AG50: 0 | AH50: 0 | AI50: 1 | AJ50: 1 | AK50: 1 | AL50: 1 | AM50: 0 | AN50: 0 | AO50: 0 | AP50: 0 | AQ50: 0 | AR50: 0 | AT50: 0 | AV50: 0 | AW50: 2 | AX50: 86497974 | AY50: 1 | AZ50: 0 | BA50: 50 | BB50: 0 | BC50: 0 | BD50: 0 | BE50: 0 | BF50: 0 | BG50: 0 | BH50: 0 | BI50: 0 | BJ50: 0 | BK50: 0 | BL50: 0 | BM50: 0 | BN50: 0 | BO50: 0 | BP50: 0 | BQ50: 0 | BR50: 0 | BS50: 0 | BT50: 0 | BU50: 0 | BV50: 0 | BW50: 0 | CV50: 0 | CW50: 0 | CX50: =ROUND(Y50*Source!I31,9) -> 0 | CY50: =AA50 -> 0 | CZ50: =AE50 -> 0 | DA50: =AI50 -> 1 | DB50: =ROUND(AT50*CZ50,2) -> 0 | DC50: =ROUND(AT50*AG50,2) -> 0 | DF50: =ROUND(ROUND(AE50,2)*CX50,2) -> 0 | DG50: =ROUND(ROUND(AF50,2)*CX50,2) -> 0 | DH50: =ROUND(ROUND(AG50,2)*ROUND(AT50*Source!I31,9),2) -> 0 | DI50: =ROUND(ROUND(AH50,2)*CX50,2) -> 0 | DJ50: =DF50 -> 0 | DK50: 0 | DM50: 0 | DO50: 0
A51: =ROW(Source!A31) -> 31 | B51: 86497922 | C51: 86497950 | D51: 30531602 | E51: 1 | F51: 1 | G51: 30515945 | H51: 3 | I51: 5858010000 | K51: Кольца для колодцев сборные железобетонные диаметром 700 мм | L51: 1339 | N51: 1007 | O51: м3 | P51: м3 | Q51: 1 | W51: 0 | X51: -1506672958 | Y51: =AT51 -> 0 | AA51: 0 | AB51: 0 | AC51: 0 | AD51: 0 | AE51: 0 | AF51: 0 | AG51: 0 | AH51: 0 | AI51: 1 | AJ51: 1 | AK51: 1 | AL51: 1 | AM51: 0 | AN51: 0 | AO51: 0 | AP51: 0 | AQ51: 0 | AR51: 0 | AT51: 0 | AV51: 0 | AW51: 2 | AX51: 86497975 | AY51: 1 | AZ51: 0 | BA51: 51 | BB51: 0 | BC51: 0 | BD51: 0 | BE51: 0 | BF51: 0 | BG51: 0 | BH51: 0 | BI51: 0 | BJ51: 0 | BK51: 0 | BL51: 0 | BM51: 0 | BN51: 0 | BO51: 0 | BP51: 0 | BQ51: 0 | BR51: 0 | BS51: 0 | BT51: 0 | BU51: 0 | BV51: 0 | BW51: 0 | CV51: 0 | CW51: 0 | CX51: =ROUND(Y51*Source!I31,9) -> 0 | CY51: =AA51 -> 0 | CZ51: =AE51 -> 0 | DA51: =AI51 -> 1 | DB51: =ROUND(AT51*CZ51,2) -> 0 | DC51: =ROUND(AT51*AG51,2) -> 0 | DF51: =ROUND(ROUND(AE51,2)*CX51,2) -> 0 | DG51: =ROUND(ROUND(AF51,2)*CX51,2) -> 0 | DH51: =ROUND(ROUND(AG51,2)*ROUND(AT51*Source!I31,9),2) -> 0 | DI51: =ROUND(ROUND(AH51,2)*CX51,2) -> 0 | DJ51: =DF51 -> 0 | DK51: 0 | DM51: 0 | DO51: 0
A52: =ROW(Source!A31) -> 31 | B52: 86497922 | C52: 86497950 | D52: 30531602 | E52: 1 | F52: 1 | G52: 30515945 | H52: 3 | I52: 5858010000 | K52: Плиты покрытий и днищ для колодцев сборные железобетонные круглые | L52: 1339 | N52: 1007 | O52: м3 | P52: м3 | Q52: 1 | W52: 0 | X52: 1455194175 | Y52: =AT52 -> 0 | AA52: 0 | AB52: 0 | AC52: 0 | AD52: 0 | AE52: 0 | AF52: 0 | AG52: 0 | AH52: 0 | AI52: 1 | AJ52: 1 | AK52: 1 | AL52: 1 | AM52: 0 | AN52: 0 | AO52: 0 | AP52: 0 | AQ52: 0 | AR52: 0 | AT52: 0 | AV52: 0 | AW52: 2 | AX52: 86497976 | AY52: 1 | AZ52: 0 | BA52: 52 | BB52: 0 | BC52: 0 | BD52: 0 | BE52: 0 | BF52: 0 | BG52: 0 | BH52: 0 | BI52: 0 | BJ52: 0 | BK52: 0 | BL52: 0 | BM52: 0 | BN52: 0 | BO52: 0 | BP52: 0 | BQ52: 0 | BR52: 0 | BS52: 0 | BT52: 0 | BU52: 0 | BV52: 0 | BW52: 0 | CV52: 0 | CW52: 0 | CX52: =ROUND(Y52*Source!I31,9) -> 0 | CY52: =AA52 -> 0 | CZ52: =AE52 -> 0 | DA52: =AI52 -> 1 | DB52: =ROUND(AT52*CZ52,2) -> 0 | DC52: =ROUND(AT52*AG52,2) -> 0 | DF52: =ROUND(ROUND(AE52,2)*CX52,2) -> 0 | DG52: =ROUND(ROUND(AF52,2)*CX52,2) -> 0 | DH52: =ROUND(ROUND(AG52,2)*ROUND(AT52*Source!I31,9),2) -> 0 | DI52: =ROUND(ROUND(AH52,2)*CX52,2) -> 0 | DJ52: =DF52 -> 0 | DK52: 0 | DM52: 0 | DO52: 0
A53: =ROW(Source!A32) -> 32 | B53: 86497921 | C53: 86497977 | D53: 0 | E53: 1 | F53: 1 | G53: 30515945 | H53: 1 | I53: 1 | K53: Затраты труда рабочих среднего разряда 1 | L53: 1369 | N53: 1013 | O53: чел.-ч | P53: чел.-ч | Q53: 1 | W53: 0 | X53: -2001970737 | Y53: =(AT53*1.1*0.8) -> 77.968 | AA53: 0 | AB53: 0 | AC53: 0 | AD53: 0 | AE53: 0 | AF53: 0 | AG53: 0 | AH53: 0 | AI53: 1 | AJ53: 1 | AK53: 1 | AL53: 1 | AM53: 0 | AN53: 0 | AO53: 1 | AP53: 0 | AQ53: 0 | AR53: 0 | AT53: 88.6 | AU53: *1,1*0,8 | AV53: 1 | AW53: 2 | AX53: 86497991 | AY53: 1 | AZ53: 6144 | BA53: 53 | BB53: 0 | BC53: 0 | BD53: 0 | BE53: 0 | BF53: 0 | BG53: 0 | BH53: 0 | BI53: 0 | BJ53: 0 | BK53: 0 | BL53: 0 | BM53: 0 | BN53: 0 | BO53: 0 | BP53: 0 | BQ53: 0 | BR53: 0 | BS53: 0 | BT53: 0 | BU53: 0 | BV53: 0 | BW53: 0 | CU53: =ROUND(AT53*Source!I32*AH53*AL53,2) -> 0 | CV53: =ROUND(Y53*Source!I32,9) -> 1.715296 | CW53: 0 | CX53: =ROUND(Y53*Source!I32,9) -> 1.715296 | CY53: =AD53 -> 0 | CZ53: =AH53 -> 0 | DA53: =AL53 -> 1 | DB53: =(ROUND(AT53*CZ53,2)*1.1*0.8) -> 0 | DC53: =(ROUND(AT53*AG53,2)*1.1*0.8) -> 0 | DF53: =ROUND(ROUND(AE53,2)*CX53,2) -> 0 | DG53: =ROUND(ROUND(AF53,2)*CX53,2) -> 0 | DH53: =ROUND(ROUND(AG53,2)*ROUND((AT53*Source!I32*1.1*0.8),9),2) -> 0 | DI53: =ROUND(ROUND(AH53,2)*CX53,2) -> 0 | DJ53: =DI53 -> 0 | DK53: 0 | DM53: 0 | DO53: 0 | DP53: *1,1*0,8
A54: =ROW(Source!A32) -> 32 | B54: 86497921 | C54: 86497977 | D54: 0 | E54: 1 | F54: 1 | G54: 30515945 | H54: 2 | I54: 2.1-17-224 | K54: Виброплиты для уплотнения песка, гравия и бетона, мощность до 1 кВт | L54: 1368 | N54: 1011 | O54: маш.-ч | P54: маш.-ч | Q54: 1 | W54: 0 | X54: 475176377 | Y54: =AT54 -> 0.32 | AA54: 0 | AB54: 0.79 | AC54: 0 | AD54: 0 | AE54: 0 | AF54: 0.74 | AG54: 0 | AH54: 0 | AI54: 1 | AJ54: 1 | AK54: 1 | AL54: 1 | AM54: 0 | AN54: 0 | AO54: 1 | AP54: 0 | AQ54: 0 | AR54: 0 | AT54: 0.32 | AV54: 0 | AW54: 2 | AX54: 86497992 | AY54: 1 | AZ54: 6144 | BA54: 54 | BB54: 0 | BC54: 0 | BD54: 0 | BE54: 0 | BF54: 0 | BG54: 0 | BH54: 0 | BI54: 0 | BJ54: 0 | BK54: 0 | BL54: 0 | BM54: 0 | BN54: 0 | BO54: 0 | BP54: 0 | BQ54: 0 | BR54: 0 | BS54: 0 | BT54: 0 | BU54: 0 | BV54: 0 | BW54: 0 | CV54: 0 | CW54: =ROUND(AT54*Source!I32*DO54,9) -> 0 | CX54: =ROUND(Y54*Source!I32,9) -> 0.00704 | CY54: =AB54 -> 0.79 | CZ54: =AF54 -> 0.74 | DA54: =AJ54 -> 1 | DB54: =ROUND(AT54*CZ54,2) -> 0.24 | DC54: =ROUND(AT54*AG54,2) -> 0 | DF54: =ROUND(ROUND(AE54,2)*CX54,2) -> 0 | DG54: =ROUND(ROUND(AF54,2)*CX54,2) -> 0.01 | DH54: =ROUND(ROUND(AG54,2)*ROUND(AT54*Source!I32,9),2) -> 0 | DI54: =ROUND(ROUND(AH54,2)*CX54,2) -> 0 | DJ54: =DG54 -> 0.01 | DK54: 0 | DM54: 0 | DO54: 0
A55: =ROW(Source!A32) -> 32 | B55: 86497921 | C55: 86497977 | D55: 0 | E55: 1 | F55: 1 | G55: 30515945 | H55: 2 | I55: 2.1-18-7 | K55: Автомобили грузовые бортовые, грузоподъемность до 5 т | L55: 1368 | N55: 1011 | O55: маш.-ч | P55: маш.-ч | Q55: 1 | W55: 0 | X55: -36453594 | Y55: =AT55 -> 7.13 | AA55: 0 | AB55: 78.03 | AC55: 11.85 | AD55: 0 | AE55: 0 | AF55: 73.13 | AG55: 11.11 | AH55: 0 | AI55: 1 | AJ55: 1 | AK55: 1 | AL55: 1 | AM55: 0 | AN55: 0 | AO55: 1 | AP55: 0 | AQ55: 0 | AR55: 0 | AT55: 7.13 | AV55: 0 | AW55: 2 | AX55: 86497993 | AY55: 1 | AZ55: 6144 | BA55: 55 | BB55: 0 | BC55: 0 | BD55: 0 | BE55: 0 | BF55: 0 | BG55: 0 | BH55: 0 | BI55: 0 | BJ55: 0 | BK55: 0 | BL55: 0 | BM55: 0 | BN55: 0 | BO55: 0 | BP55: 0 | BQ55: 0 | BR55: 0 | BS55: 0 | BT55: 0 | BU55: 0 | BV55: 0 | BW55: 0 | CV55: 0 | CW55: =ROUND(AT55*Source!I32*DO55,9) -> 0 | CX55: =ROUND(Y55*Source!I32,9) -> 0.15686 | CY55: =AB55 -> 78.03 | CZ55: =AF55 -> 73.13 | DA55: =AJ55 -> 1 | DB55: =ROUND(AT55*CZ55,2) -> 521.42 | DC55: =ROUND(AT55*AG55,2) -> 79.21 | DF55: =ROUND(ROUND(AE55,2)*CX55,2) -> 0 | DG55: =ROUND(ROUND(AF55,2)*CX55,2) -> 11.47 | DH55: =ROUND(ROUND(AG55,2)*ROUND(AT55*Source!I32,9),2) -> 1.74 | DI55: =ROUND(ROUND(AH55,2)*CX55,2) -> 0 | DJ55: =DG55 -> 11.47 | DK55: 0 | DM55: 0 | DO55: 0
A56: =ROW(Source!A32) -> 32 | B56: 86497921 | C56: 86497977 | D56: 0 | E56: 1 | F56: 1 | G56: 30515945 | H56: 2 | I56: 2.1-3-38 | K56: Краны на автомобильном ходу, грузоподъемность до 16 т | L56: 1368 | N56: 1011 | O56: маш.-ч | P56: маш.-ч | Q56: 1 | W56: 0 | X56: 783330151 | Y56: =AT56 -> 2.82 | AA56: 0 | AB56: 168.23 | AC56: 15.9 | AD56: 0 | AE56: 0 | AF56: 157.67 | AG56: 14.9 | AH56: 0 | AI56: 1 | AJ56: 1 | AK56: 1 | AL56: 1 | AM56: 0 | AN56: 0 | AO56: 1 | AP56: 0 | AQ56: 0 | AR56: 0 | AT56: 2.82 | AV56: 0 | AW56: 2 | AX56: 86497994 | AY56: 1 | AZ56: 6144 | BA56: 56 | BB56: 0 | BC56: 0 | BD56: 0 | BE56: 0 | BF56: 0 | BG56: 0 | BH56: 0 | BI56: 0 | BJ56: 0 | BK56: 0 | BL56: 0 | BM56: 0 | BN56: 0 | BO56: 0 | BP56: 0 | BQ56: 0 | BR56: 0 | BS56: 0 | BT56: 0 | BU56: 0 | BV56: 0 | BW56: 0 | CV56: 0 | CW56: =ROUND(AT56*Source!I32*DO56,9) -> 0 | CX56: =ROUND(Y56*Source!I32,9) -> 0.06204 | CY56: =AB56 -> 168.23 | CZ56: =AF56 -> 157.67 | DA56: =AJ56 -> 1 | DB56: =ROUND(AT56*CZ56,2) -> 444.63 | DC56: =ROUND(AT56*AG56,2) -> 42.02 | DF56: =ROUND(ROUND(AE56,2)*CX56,2) -> 0 | DG56: =ROUND(ROUND(AF56,2)*CX56,2) -> 9.78 | DH56: =ROUND(ROUND(AG56,2)*ROUND(AT56*Source!I32,9),2) -> 0.92 | DI56: =ROUND(ROUND(AH56,2)*CX56,2) -> 0 | DJ56: =DG56 -> 9.78 | DK56: 0 | DM56: 0 | DO56: 0
A57: =ROW(Source!A32) -> 32 | B57: 86497921 | C57: 86497977 | D57: 0 | E57: 1 | F57: 1 | G57: 30515945 | H57: 2 | I57: 2.1-4-102 | K57: Погрузчики фронтальные одноковшовые, грузоподъемность до 5 т | L57: 1368 | N57: 1011 | O57: маш.-ч | P57: маш.-ч | Q57: 1 | W57: 0 | X57: 1354124625 | Y57: =AT57 -> 0.23 | AA57: 0 | AB57: 154.88 | AC57: 13.66 | AD57: 0 | AE57: 0 | AF57: 145.15 | AG57: 12.8 | AH57: 0 | AI57: 1 | AJ57: 1 | AK57: 1 | AL57: 1 | AM57: 0 | AN57: 0 | AO57: 1 | AP57: 0 | AQ57: 0 | AR57: 0 | AT57: 0.23 | AV57: 0 | AW57: 2 | AX57: 86497995 | AY57: 1 | AZ57: 6144 | BA57: 57 | BB57: 0 | BC57: 0 | BD57: 0 | BE57: 0 | BF57: 0 | BG57: 0 | BH57: 0 | BI57: 0 | BJ57: 0 | BK57: 0 | BL57: 0 | BM57: 0 | BN57: 0 | BO57: 0 | BP57: 0 | BQ57: 0 | BR57: 0 | BS57: 0 | BT57: 0 | BU57: 0 | BV57: 0 | BW57: 0 | CV57: 0 | CW57: =ROUND(AT57*Source!I32*DO57,9) -> 0 | CX57: =ROUND(Y57*Source!I32,9) -> 0.00506 | CY57: =AB57 -> 154.88 | CZ57: =AF57 -> 145.15 | DA57: =AJ57 -> 1 | DB57: =ROUND(AT57*CZ57,2) -> 33.38 | DC57: =ROUND(AT57*AG57,2) -> 2.94 | DF57: =ROUND(ROUND(AE57,2)*CX57,2) -> 0 | DG57: =ROUND(ROUND(AF57,2)*CX57,2) -> 0.73 | DH57: =ROUND(ROUND(AG57,2)*ROUND(AT57*Source!I32,9),2) -> 0.06 | DI57: =ROUND(ROUND(AH57,2)*CX57,2) -> 0 | DJ57: =DG57 -> 0.73 | DK57: 0 | DM57: 0 | DO57: 0
A58: =ROW(Source!A32) -> 32 | B58: 86497921 | C58: 86497977 | D58: 0 | E58: 1 | F58: 1 | G58: 30515945 | H58: 3 | I58: 1.1-1-1534 | K58: Щебень из плотных горных пород, марка 1400, фракция 10-20 мм | L58: 1339 | N58: 1007 | O58: м3 | P58: м3 | Q58: 1 | W58: 0 | X58: -1580317299 | Y58: =AT58 -> 2.26 | AA58: 0 | AB58: 0 | AC58: 0 | AD58: 0 | AE58: 0 | AF58: 0 | AG58: 0 | AH58: 0 | AI58: 1 | AJ58: 1 | AK58: 1 | AL58: 1 | AM58: 0 | AN58: 0 | AO58: 1 | AP58: 0 | AQ58: 0 | AR58: 0 | AT58: 2.26 | AV58: 0 | AW58: 2 | AX58: 86497996 | AY58: 1 | AZ58: 6144 | BA58: 58 | BB58: 0 | BC58: 0 | BD58: 0 | BE58: 0 | BF58: 0 | BG58: 0 | BH58: 0 | BI58: 0 | BJ58: 0 | BK58: 0 | BL58: 0 | BM58: 0 | BN58: 0 | BO58: 0 | BP58: 0 | BQ58: 0 | BR58: 0 | BS58: 0 | BT58: 0 | BU58: 0 | BV58: 0 | BW58: 0 | CV58: 0 | CW58: 0 | CX58: =ROUND(Y58*Source!I32,9) -> 0.04972 | CY58: =AA58 -> 0 | CZ58: =AE58 -> 0 | DA58: =AI58 -> 1 | DB58: =ROUND(AT58*CZ58,2) -> 0 | DC58: =ROUND(AT58*AG58,2) -> 0 | DF58: =ROUND(ROUND(AE58,2)*CX58,2) -> 0 | DG58: =ROUND(ROUND(AF58,2)*CX58,2) -> 0 | DH58: =ROUND(ROUND(AG58,2)*ROUND(AT58*Source!I32,9),2) -> 0 | DI58: =ROUND(ROUND(AH58,2)*CX58,2) -> 0 | DJ58: =DF58 -> 0 | DK58: 0 | DM58: 0 | DO58: 0
